Workbook

Sheet Hoja 46

Sheet humbug
A1: repositoryId | B1: repositoryName | C1: ownerLogin | D1: ownerName | E1: ownerBio | F1: ownerCompany | G1: ownerLocation | H1: repositoryDescription | I1: topics | J1: url | K1: license | L1: primaryLanguage | M1: allLanguages | N1: repositoryCreationDate | O1: repositoryLastUpdate | P1: contributors | Q1: watchers | R1: starts | S1: forks | T1: issues | U1: commits | V1: lastCommit | W1: firstCommit | X1: Academia/Industry/Public | Y1: Category
A2: MDEwOlJlcG9zaXRvcnkyMzYzODExMzI= | B2: landon-hotel-symfony | C2: webdevelopermuco | H2: a simple symfony project | J2: https://github.com/webdevelopermuco/landon-hotel-symfony | K2: ---- | L2: PHP | M2: PHP/Shell/Twig | N2: 2020-01-26T21:50:13Z | O2: 2021-06-22T07:19:51Z | P2: 1 | Q2: 1 | U2: 362 | V2: 2021-06-22T06:25:05Z | W2: 43856 | Y2: development
A3: MDEwOlJlcG9zaXRvcnkzNzU3NjM5MjA= | B3: ampipTestOk | C3: edyMartin2 | J3: https://github.com/edyMartin2/ampipTestOk | K3: BSD 3-Clause \New\" or \"Revised\" License" | L3: PHP | M3: Dockerfile/PHP/JavaScript/HTML/Vue/CSS | N3: 2021-06-10T16:32:35Z | O3: 2021-06-21T19:06:49Z | P3: 1 | Q3: 1 | U3: 82 | V3: 2021-06-21T19:06:35Z | W3: 44356 | Y3: development
A4: MDEwOlJlcG9zaXRvcnkzNjMxMjM1OTE= | B4: TW2.0 | C4: Fedimannoubi | H4: Symfony Project | J4: https://github.com/Fedimannoubi/TW2.0 | K4: ---- | L4: JavaScript | M4: Shell/PHP/Twig/JavaScript/CSS/HTML | N4: 2021-04-30T11:46:06Z | O4: 2021-06-21T13:00:48Z | P4: 3 | Q4: 1 | U4: 11 | V4: 2021-06-21T13:00:40Z | Y4: development
A5: MDEwOlJlcG9zaXRvcnk4MTgyMjAy | B5: www.refuges.info | C5: RefugesInfo | H5: Code du site web www.refuges.info | J5: https://github.com/RefugesInfo/www.refuges.info | K5: Other | L5: PHP | M5: PHP/HTML/CSS/JavaScript/Shell/PLpgSQL/Twig | N5: 2013-02-13T15:59:34Z | O5: 2021-06-20T18:54:33Z | P5: 3 | Q5: 7 | R5: 9 | S5: 4 | T5: 79 | U5: 1497 | V5: 2021-06-20T18:54:21Z | W5: 41318 | Y5: development
A6: MDEwOlJlcG9zaXRvcnkzNzU0NTIzNTI= | B6: symfony1 | C6: rabebnouira | J6: https://github.com/rabebnouira/symfony1 | K6: ---- | L6: Twig | M6: Shell/PHP/Twig | N6: 2021-06-09T18:22:44Z | O6: 2021-06-19T10:47:18Z | P6: 1 | Q6: 1 | U6: 3 | V6: 2021-06-19T10:46:20Z | Y6: development
A7: MDEwOlJlcG9zaXRvcnkyMzMwNDYyNjg= | B7: angaryos-stack | C7: MikroGovernment | J7: https://github.com/MikroGovernment/angaryos-stack | K7: ---- | L7: HTML | M7: Dockerfile/PHP/Python/HTML/Shell/JavaScript/TypeScript | N7: 2020-01-10T12:51:48Z | O7: 2021-06-19T09:58:19Z | P7: 2 | Q7: 1 | R7: 2 | S7: 1 | U7: 348 | V7: 2021-06-19T09:58:09Z | W7: 43840 | Y7: development
A8: MDEwOlJlcG9zaXRvcnkzMDk2NjkyODM= | B8: crm | C8: JromeroProyectosti | D8: Jonathan Romero PTI | F8: Proyectos TI | G8: Chile | J8: https://github.com/JromeroProyectosti/crm | K8: ---- | L8: JavaScript | M8: PHP/Shell/CSS/JavaScript/HTML/Less/Twig | N8: 2020-11-03T11:47:04Z | O8: 2021-06-18T16:48:10Z | P8: 3 | Q8: 2 | U8: 321 | V8: 2021-06-18T16:48:21Z | W8: 44165 | X8: I
A9: MDEwOlJlcG9zaXRvcnkzNzYwNDIwMzg= | B9: access | C9: jeanmichel07 | D9: Jean Michel | J9: https://github.com/jeanmichel07/access | K9: ---- | L9: JavaScript | M9: Shell/PHP/JavaScript/CSS/SCSS/HTML/Twig | N9: 2021-06-11T13:56:51Z | O9: 2021-06-18T14:40:22Z | P9: 1 | Q9: 1 | U9: 3 | V9: 2021-06-18T14:40:39Z | W9: 44358
A10: MDEwOlJlcG9zaXRvcnkzNjcxNDgxNjA= | B10: xnavi_d9 | C10: MethodJules | J10: https://github.com/MethodJules/xnavi_d9 | K10: ---- | L10: PHP | M10: Shell/Dockerfile/PHP/JavaScript/CSS/Twig/HTML | N10: 2021-05-13T19:03:49Z | O10: 2021-06-18T12:53:39Z | P10: 1 | Q10: 1 | U10: 12 | V10: 2021-06-18T12:53:24Z | Y10: development
A11: MDEwOlJlcG9zaXRvcnkzMjE2NzgwMzg= | B11: xinshi-cms | C11: biaogebusy | D11: 表哥很忙 | E11: 知乎专栏：前端茶馆 | G11: 广西南宁 | H11: The cms manage Nanning IT. | J11: https://github.com/biaogebusy/xinshi-cms | K11: ---- | L11: PHP | M11: PHP/Shell/JavaScript/CSS/Twig/HTML/SCSS | N11: 2020-12-15T13:35:26Z | O11: 2021-06-18T02:37:33Z | P11: 1 | Q11: 1 | S11: 3 | U11: 183 | V11: 2021-06-18T02:37:30Z | Y11: development
A12: MDEwOlJlcG9zaXRvcnkyMjI0NTE4MDE= | B12: cu-theme | C12: carolinau | H12: A Bootstrap-based custom child theme for Drupal sites. | J12: https://github.com/carolinau/cu-theme | K12: GNU General Public License v2.0 | L12: PHP | M12: PHP/JavaScript/CSS/HTML/Shell/XSLT/Twig | N12: 2019-11-18T13:09:06Z | O12: 2021-06-17T19:58:43Z | P12: 5 | R12: 1 | U12: 348 | V12: 2021-06-17T19:55:02Z | W12: 42234 | X12: A | Y12: development
A13: MDEwOlJlcG9zaXRvcnkzMzk1NTcxMDc= | B13: drupal8-test | C13: FakhryFauzi | D13: Fakhry Fauzi | E13: \r\n I am a fresh programmer with skills in Java, Javascript and C++. I have some experience working with MySQL, HTML and Python as well\r\n | F13: U.group | G13: Arlington, Virginia | H13: Test for creating a drupal8 project | J13: https://github.com/FakhryFauzi/drupal8-test | K13: GNU General Public License v2.0 | L13: PHP | M13: PHP/Shell/JavaScript/CSS/Twig/HTML | N13: 2021-02-16T23:15:47Z | O13: 2021-06-19T21:32:32Z | P13: 1 | Q13: 1 | U13: 144 | V13: 2021-06-17T16:20:17Z | X13: I | Y13: development
A14: MDEwOlJlcG9zaXRvcnkyNzE5NTcwNTI= | B14: Alladdin | C14: IndyBoss | D14: Indy Bosschem | J14: https://github.com/IndyBoss/Alladdin | K14: Other | L14: PHP | M14: JavaScript/CSS/PHP/SCSS/HTML | N14: 2020-06-13T06:52:49Z | O14: 2021-06-17T03:31:58Z | P14: 1 | Q14: 1 | U14: 23 | V14: 2021-06-17T03:31:50Z | W14: 43995
A15: MDEwOlJlcG9zaXRvcnkzNzU0NzY3OTI= | B15: mercadopago | C15: viridianajo1 | H15: Examen de certificación de Mercado Pago | J15: https://github.com/viridianajo1/mercadopago | K15: ---- | L15: CSS | M15: CSS/PHP/Hack | N15: 2021-06-09T20:07:39Z | O15: 2021-06-17T01:10:15Z | P15: 1 | Q15: 1 | U15: 11 | V15: 2021-06-17T01:09:50Z | Y15: learning
A16: MDEwOlJlcG9zaXRvcnkxOTk3MjQ4Mjc= | B16: liblists | C16: WRLC | H16: Gallaudet University Library Guide to Deaf Biographies and Index to Deaf Periodicals (site repo) | J16: https://github.com/WRLC/liblists | K16: GNU General Public License v2.0 | L16: PHP | M16: PHP/JavaScript/CSS/HTML/Shell/Twig | N16: 2019-07-30T20:46:13Z | O16: 2021-06-16T19:53:35Z | P16: 4 | Q16: 4 | S16: 1 | T16: 1 | U16: 126 | V16: 2021-06-16T19:53:20Z | W16: 43676 | X16: P | Y16: development
A17: MDEwOlJlcG9zaXRvcnkzNjA4MTA4NjE= | B17: umit | C17: harivenu | D17: Drunken Cat | F17: Elevate Services | G17: Gurgaon | J17: https://github.com/harivenu/umit | K17: GNU General Public License v2.0 | L17: PHP | M17: PHP/Shell/JavaScript/CSS/Twig/HTML/Rich Text Format | N17: 2021-04-23T08:11:19Z | O17: 2021-06-16T15:49:54Z | P17: 2 | Q17: 1 | U17: 44 | V17: 2021-06-16T15:49:00Z | W17: 44309 | X17: I | Y17: development
A18: MDEwOlJlcG9zaXRvcnkzNzUzNzg2OTA= | B18: WebSpaceApp4_To_4_1 | C18: NikolaAleksic1996 | D18: Nikola Aleksic | J18: https://github.com/NikolaAleksic1996/WebSpaceApp4_To_4_1 | K18: Other | L18: PHP | M18: PHP/CSS/JavaScript/Twig/Shell | N18: 2021-06-09T14:11:04Z | O18: 2021-06-15T08:38:06Z | P18: 1 | Q18: 1 | U18: 8 | V18: 2021-06-15T08:37:22Z | W18: 44356 | Y18: teaching
A19: MDEwOlJlcG9zaXRvcnkzNzY4MTk4NjU= | B19: PhpBBGroupeB1 | C19: FranckMeinhardt | J19: https://github.com/FranckMeinhardt/PhpBBGroupeB1 | K19: ---- | L19: PHP | M19: PHP/HTML/CSS/JavaScript/PLpgSQL/Twig | N19: 2021-06-14T12:44:59Z | O19: 2021-06-15T07:43:02Z | P19: 4 | Q19: 1 | U19: 16 | V19: 2021-06-15T07:42:35Z | W19: 44361 | Y19: development
A20: MDEwOlJlcG9zaXRvcnkzMzQyOTM4MDI= | B20: agenda-telefonica | C20: pablo-souza | H20: Exemplo simples de uma agenda telefonica | J20: https://github.com/pablo-souza/agenda-telefonica | K20: ---- | L20: Vue | M20: HTML/PHP/JavaScript/Vue | N20: 2021-01-30T00:21:41Z | O20: 2021-06-14T19:32:44Z | P20: 1 | Q20: 1 | U20: 13 | V20: 2021-06-14T19:32:41Z | Y20: learning
A21: MDEwOlJlcG9zaXRvcnkzNzY3NzIxODQ= | B21: symfony-order-api | C21: pabloripoll | D21: Pablo Ripoll | G21: Tarragona, Spain | H21: Simple example of an Api REST to order products | J21: https://github.com/pabloripoll/symfony-order-api | K21: ---- | L21: PHP | M21: Shell/PHP | N21: 2021-06-14T09:38:36Z | O21: 2021-06-14T09:41:39Z | P21: 1 | Q21: 1 | U21: 1 | V21: 2021-06-14T09:40:49Z | W21: 44361 | Y21: learning
A22: MDEwOlJlcG9zaXRvcnkzNDI2OTQ1Mjc= | B22: WebProject | C22: BorchaniSalma | J22: https://github.com/BorchaniSalma/WebProject | K22: ---- | L22: Twig | M22: CSS/JavaScript/PHP/Shell/Twig | N22: 2021-02-26T20:34:43Z | O22: 2021-06-14T02:27:29Z | P22: 4 | Q22: 1 | U22: 50 | V22: 2021-06-14T02:27:03Z | W22: 44253
A23: MDEwOlJlcG9zaXRvcnkzMzQyMTU0MzI= | B23: socidem | C23: haba-sensei | D23: haba-sensei | F23: Stampiza2.com | G23: lima peru | H23: Sistema de gestion de citas medicas | J23: https://github.com/haba-sensei/socidem | K23: ---- | L23: JavaScript | M23: PHP/CSS/HTML/JavaScript/Hack | N23: 2021-01-29T17:26:51Z | O23: 2021-06-13T15:01:13Z | P23: 1 | Q23: 1 | S23: 1 | U23: 71 | V23: 2021-06-13T15:00:47Z | X23: I | Y23: development
A24: MDEwOlJlcG9zaXRvcnkzNzUwOTkyNTE= | B24: cp1 | C24: lauracastilloal97 | J24: https://github.com/lauracastilloal97/cp1 | K24: ---- | L24: PHP | M24: Shell/PHP/CSS/JavaScript/Twig | N24: 2021-06-08T17:55:45Z | O24: 2021-06-13T11:38:44Z | P24: 1 | Q24: 1 | U24: 4 | V24: 2021-06-13T11:38:32Z
A25: MDEwOlJlcG9zaXRvcnkzNzYwMzU0ODE= | B25: portfolio.github.io | C25: ThibautWa | J25: https://github.com/ThibautWa/portfolio.github.io | K25: ---- | L25: JavaScript | M25: PHP/CSS/JavaScript/Twig | N25: 2021-06-11T13:33:04Z | O25: 2021-06-11T13:35:11Z | P25: 1 | Q25: 1 | U25: 1 | V25: 2021-06-11T13:34:07Z | W25: 44358
A26: MDEwOlJlcG9zaXRvcnkzNzU4NzYxMjQ= | B26: wordpress-wn | C26: YantornoJoel | D26: Joel | H26: Renovación del sitio web del Instituto para la materia Practica Profesional III | J26: https://github.com/YantornoJoel/wordpress-wn | K26: Other | L26: PHP | M26: PHP/CSS/SCSS/JavaScript/HTML/Hack | N26: 2021-06-11T01:52:25Z | O26: 2021-06-11T01:57:25Z | P26: 1 | Q26: 1 | U26: 2 | V26: 2021-06-11T01:57:22Z | W26: 44358 | Y26: teaching
A27: MDEwOlJlcG9zaXRvcnkzNzU1NzQyNDg= | B27: wp_theme | C27: PhetSirmhuel | D27: Bieefilled | E27: IT Geek | H27: wp_theme | J27: https://github.com/PhetSirmhuel/wp_theme | K27: Other | L27: PHP | M27: PHP/CSS/SCSS/JavaScript/Less/HTML/Batchfile | N27: 2021-06-10T04:56:01Z | O27: 2021-06-10T21:16:13Z | P27: 1 | Q27: 1 | U27: 2 | V27: 2021-06-10T20:59:35Z
A28: MDEwOlJlcG9zaXRvcnkyNzQxOTMyMjU= | B28: Drupal-Issues-Module | C28: poojaganjage | J28: https://github.com/poojaganjage/Drupal-Issues-Module | K28: GNU General Public License v2.0 | L28: PHP | M28: PHP/CSS/JavaScript/Shell/Twig/Less/Handlebars | N28: 2020-06-22T16:48:18Z | O28: 2021-06-10T16:56:40Z | P28: 1 | Q28: 1 | U28: 191 | V28: 2021-06-10T15:57:16Z | W28: 44004 | Y28: development
A29: MDEwOlJlcG9zaXRvcnkzNzU1MTc1Njk= | B29: kcci-new | C29: tiberekanaan | D29: Kanaan Ngutu | H29: New version of KCCI | J29: https://github.com/tiberekanaan/kcci-new | K29: GNU General Public License v2.0 | L29: PHP | M29: PHP/Shell/JavaScript/CSS/Twig/HTML/Ruby | N29: 2021-06-09T23:50:25Z | O29: 2021-06-09T23:58:31Z | P29: 1 | Q29: 1 | U29: 1 | V29: 2021-06-09T23:47:07Z | Y29: development
A30: MDEwOlJlcG9zaXRvcnkzNjcxNzM1MTc= | B30: Prestashop | C30: Brocoleo | D30: Leandro Miranda | J30: https://github.com/Brocoleo/Prestashop | K30: ---- | L30: PHP | M30: PHP/CSS/Less/JavaScript/Smarty/Vue/Twig | N30: 2021-05-13T21:00:32Z | O30: 2021-06-09T18:58:27Z | P30: 1 | Q30: 1 | U30: 7 | V30: 2021-06-09T18:57:33Z | Y30: development
A31: MDEwOlJlcG9zaXRvcnkzNzUzMzI0NDg= | B31: practice_diploma | C31: SvetlanaTseluykina | J31: https://github.com/SvetlanaTseluykina/practice_diploma | K31: ---- | L31: PHP | M31: PHP/CSS/JavaScript/Twig/Shell | N31: 2021-06-09T11:33:15Z | O31: 2021-06-09T13:02:44Z | P31: 1 | Q31: 1 | U31: 3 | V31: 2021-06-09T13:02:27Z
A32: MDEwOlJlcG9zaXRvcnkzNzQ5NzI5OTc= | B32: eccube-shop | C32: trinhevil9xtb | H32: Tạo một shop bán hàng online từ EC-CUBE 4 | J32: https://github.com/trinhevil9xtb/eccube-shop | K32: GNU General Public License v2.0 | L32: PHP | M32: Dockerfile/PHP/JavaScript/CSS/SCSS/HTML/Twig | N32: 2021-06-08T10:44:58Z | O32: 2021-06-09T03:52:23Z | P32: 1 | Q32: 1 | U32: 3 | V32: 2021-06-09T03:51:52Z | W32: 44355 | Y32: development
A33: MDEwOlJlcG9zaXRvcnkzNzUwOTM3MTY= | B33: drupal-test-site | C33: draynur | E33: web developer | G33: Illinois | H33: A sample Drupal site. | J33: https://github.com/draynur/drupal-test-site | K33: GNU General Public License v2.0 | L33: PHP | M33: PHP/Shell/JavaScript/CSS/Twig/HTML | N33: 2021-06-08T17:35:08Z | O33: 2021-06-08T17:40:43Z | P33: 1 | Q33: 1 | U33: 1 | V33: 2021-06-08T17:30:22Z | Y33: learning
A34: MDEwOlJlcG9zaXRvcnkzNTU4ODY5MTM= | B34: Proyecto | C34: wismi11 | D34: Ismael | J34: https://github.com/wismi11/Proyecto | K34: ---- | L34: PHP | M34: Dockerfile/Shell/PHP/CSS/Less/JavaScript/Smarty | N34: 2021-04-08T11:52:20Z | O34: 2021-06-07T23:47:23Z | P34: 1 | Q34: 1 | U34: 5 | V34: 2021-06-07T23:45:33Z | Y34: learning
A35: MDEwOlJlcG9zaXRvcnkzNjM0NDE0MDU= | B35: ComunityCar | C35: miguelbayoDAW | H35: Proyecto fin grado | J35: https://github.com/miguelbayoDAW/ComunityCar | K35: ---- | L35: JavaScript | M35: PHP/CSS/JavaScript/Twig/Shell | N35: 2021-05-01T15:20:06Z | O35: 2021-06-07T11:01:53Z | P35: 1 | Q35: 1 | U35: 25 | V35: 2021-06-07T11:01:41Z | Y35: development
A36: MDEwOlJlcG9zaXRvcnkzNzQ0MjYwNzI= | B36: donation | C36: mahasrishanmugam | D36: Mahasri Shanmugasundaram | G36: India | J36: https://github.com/mahasrishanmugam/donation | K36: GNU General Public License v2.0 | L36: PHP | M36: PHP/Shell/JavaScript/CSS/Twig/HTML | N36: 2021-06-06T17:44:53Z | O36: 2021-06-07T08:26:53Z | P36: 1 | Q36: 1 | U36: 1 | V36: 2021-06-07T08:21:08Z | Y36: development
A37: MDEwOlJlcG9zaXRvcnkxNjkyNDI5NDE= | B37: mid-rest-php-demo | C37: SK-EID | J37: https://github.com/SK-EID/mid-rest-php-demo | K37: ---- | L37: CSS | M37: Dockerfile/PHP/CSS/JavaScript/Shell/SCSS/Twig | N37: 2019-02-05T13:09:28Z | O37: 2021-06-07T06:41:48Z | P37: 10 | Q37: 5 | R37: 1 | S37: 4 | U37: 84 | V37: 2021-06-07T06:41:40Z | W37: 43521 | X37: I | Y37: development
A38: MDEwOlJlcG9zaXRvcnkzNzQ5MDI0NDk= | B38: wpscan | C38: Athrvatripathi | J38: https://github.com/Athrvatripathi/wpscan | K38: Other | L38: Ruby | M38: Ruby/Dockerfile/HTML/Shell | N38: 2021-06-08T06:16:33Z | O38: 2021-06-08T06:22:12Z | P38: 1 | Q38: 1 | U38: 3064 | V38: 2021-06-07T06:06:13Z | W38: 41101 | Y38: development
A39: MDEwOlJlcG9zaXRvcnkzNzQ0MTEzNDM= | B39: projectExperts | C39: SauronsEyes | D39: Sudesh Bhuju | E39: #Android\r\n#Python\r\n#FrontEndWeb | G39: Bhaaktapur,Nepal | H39: Laravel Based Site | J39: https://github.com/SauronsEyes/projectExperts | K39: ---- | L39: PHP | M39: Shell/PHP/CSS/JavaScript/Less/HTML/Blade | N39: 2021-06-06T16:36:36Z | O39: 2021-06-06T17:22:07Z | P39: 1 | Q39: 1 | U39: 4 | V39: 2021-06-06T17:22:05Z | Y39: development
A40: MDEwOlJlcG9zaXRvcnkzMjg5MjAzMTQ= | B40: SI-Klasis-Makassar | C40: alanlengkoan | D40: Alan Lengkoan | E40: Full Snack Developer | Sarani Mukoe Plus Ultra! 👊👊👊 | F40: Kumala Group | G40: Makasar, Sulawesi Selatan, Indonesia | H40: Hosting SI-Klasis-Makassar | J40: https://github.com/alanlengkoan/SI-Klasis-Makassar | K40: MIT License | L40: JavaScript | M40: Shell/HTML/PHP/CSS/JavaScript/Less/Twig | N40: 2021-01-12T08:29:54Z | O40: 2021-06-06T03:36:00Z | P40: 1 | Q40: 1 | U40: 35 | V40: 2021-06-06T03:35:50Z | W40: 44208 | X40: I | Y40: development
A41: MDEwOlJlcG9zaXRvcnkyNDkxOTQzNjg= | B41: phpnuke | C41: phpnuke | H41: PHP-Nuke is a web-based automated news publishing and content management system based on PHP and MySQL. | J41: https://github.com/phpnuke/phpnuke | K41: ---- | L41: PHP | M41: HTML/PHP/CSS/JavaScript/XSLT/Shell/PLpgSQL | N41: 2020-03-22T13:56:04Z | O41: 2021-06-05T20:07:29Z | P41: 2 | Q41: 2 | U41: 148 | V41: 2021-06-05T20:07:05Z | W41: 43912 | Y41: development
A42: MDEwOlJlcG9zaXRvcnkzNzM5NTQwMzU= | B42: SHF-Web-Site | C42: tjsharkfan | H42: Primary web presence for the Saratoga Historical Foundation | J42: https://github.com/tjsharkfan/SHF-Web-Site | K42: ---- | L42: PHP | M42: HTML/PHP/CSS/JavaScript/Smarty/Hack/Shell | N42: 2021-06-04T20:35:45Z | O42: 2021-06-05T13:12:07Z | P42: 1 | Q42: 1 | U42: 2 | V42: 2021-06-05T12:53:35Z | Y42: development
A43: MDEwOlJlcG9zaXRvcnkzNjMyNjU1NjY= | B43: 4ramosDoctrine | C43: ramosnvy | D43: Pedro Ramos | E43: :) | F43: NevyDevs | G43: Campinas | H43: Meu repositório sobre Doctrine, todo meu desenvolvimento é anotado aqui dentro. | J43: https://github.com/ramosnvy/4ramosDoctrine | K43: ---- | L43: PHP | M43: PHP | N43: 2021-04-30T21:42:45Z | O43: 2021-06-04T19:05:04Z | P43: 1 | Q43: 1 | U43: 27 | V43: 2021-06-04T19:05:01Z | Y43: teaching
A44: MDEwOlJlcG9zaXRvcnkzNTc4ODQ1NjY= | B44: PPE3 | C44: Bastienp2a | D44: Bastien P. | J44: https://github.com/Bastienp2a/PPE3 | K44: MIT License | L44: CSS | M44: Shell/JavaScript/CSS/PHP/Twig | N44: 2021-04-14T11:42:23Z | O44: 2021-06-04T15:58:01Z | P44: 2 | Q44: 1 | U44: 5 | V44: 2021-06-04T15:57:59Z | W44: 44300 | Y44: teaching
A45: MDEwOlJlcG9zaXRvcnkzNzM2NDE2MTE= | B45: israelcasilva.com.br | C45: israelsilva1310 | J45: https://github.com/israelsilva1310/israelcasilva.com.br | K45: ---- | L45: PHP | M45: PHP/Twig/CSS/JavaScript/Less/Hack/HTML | N45: 2021-06-03T21:08:13Z | O45: 2021-06-03T21:17:14Z | P45: 1 | Q45: 1 | U45: 1 | V45: 2021-06-03T21:11:35Z
A46: MDEwOlJlcG9zaXRvcnkzNzE3NjMyNDQ= | B46: huntKingdomPlatform | C46: rram12 | D46: Ramzi Raddaoui | F46: Nerds | H46: Website, desktop software, and native mobile application sharing the same Database for hunting and fishing lovers. | I46: symfony/symfony-framework/java/javafx/ajax/jquery/codenameone/mysql/sqlite/git | J46: https://github.com/rram12/huntKingdomPlatform | K46: MIT License | L46: HTML | M46: PHP/Twig/CSS/JavaScript/SCSS/HTML/Less | N46: 2021-05-28T16:44:03Z | O46: 2021-06-03T18:25:08Z | P46: 1 | Q46: 1 | U46: 91 | V46: 2021-06-03T18:24:41Z | Y46: development
A47: MDEwOlJlcG9zaXRvcnkzNzM0OTU2MTk= | B47: news-test | C47: filari | D47: Filari | J47: https://github.com/filari/news-test | K47: GNU General Public License v2.0 | L47: PHP | M47: PHP/Shell/JavaScript/CSS/Twig/HTML/SCSS | N47: 2021-06-03T12:15:24Z | O47: 2021-06-03T12:31:37Z | P47: 1 | Q47: 1 | U47: 1 | V47: 2021-06-03T12:28:32Z | Y47: development
A48: MDEwOlJlcG9zaXRvcnkzNzM0NTQzNzQ= | B48: oths | C48: nag381 | D48: Nabeel Ghafoor | G48: Multan, Pakistan | J48: https://github.com/nag381/oths | K48: GNU General Public License v2.0 | L48: PHP | M48: PHP/Shell/JavaScript/CSS/Twig/HTML/Rich Text Format | N48: 2021-06-03T09:36:40Z | O48: 2021-06-03T10:26:37Z | P48: 1 | Q48: 1 | U48: 8 | V48: 2021-06-03T10:26:25Z | W48: 44350 | Y48: development
A49: MDEwOlJlcG9zaXRvcnkzNjg2ODkxNDk= | B49: MercadoPagoMVC | C49: detectivejd | D49: Juandy Ocampo | G49: Salto | J49: https://github.com/detectivejd/MercadoPagoMVC | K49: ---- | L49: PHP | M49: PHP/HTML/CSS/Hack | N49: 2021-05-18T23:15:49Z | O49: 2021-06-03T03:40:36Z | P49: 1 | Q49: 1 | U49: 3 | V49: 2021-06-03T03:40:00Z | W49: 44334
A50: MDEwOlJlcG9zaXRvcnkzNzMyNzA1MDY= | B50: pruebaRepo | C50: RSalazarDev | J50: https://github.com/RSalazarDev/pruebaRepo | K50: ---- | L50: PHP | M50: Shell/PHP/Twig/JavaScript/TypeScript/CSS/HTML | N50: 2021-06-02T18:44:27Z | O50: 2021-06-02T20:23:26Z | P50: 1 | Q50: 1 | U50: 2 | V50: 2021-06-02T20:21:15Z | W50: 44349
A51: MDEwOlJlcG9zaXRvcnkxMTcwMDM3MzY= | B51: d8-refactored | C51: sas-isus | H51: Composer based Drupal 8 upstream | J51: https://github.com/sas-isus/d8-refactored | K51: ---- | L51: PHP | M51: PHP/JavaScript/CSS/HTML/Shell/Perl/Makefile | N51: 2018-01-10T19:52:59Z | O51: 2021-06-02T19:32:40Z | P51: 5 | Q51: 3 | R51: 2 | S51: 1 | U51: 268 | V51: 2021-06-02T19:29:39Z | W51: 42234 | X51: A | Y51: teaching
A52: MDEwOlJlcG9zaXRvcnkzNzMyMjQxMjU= | B52: Trabajo2DAW2 | C52: Roloxd | J52: https://github.com/Roloxd/Trabajo2DAW2 | K52: Other | L52: PHP | M52: PHP/CSS/SCSS/JavaScript/HTML/Less/Shell | N52: 2021-06-02T15:52:01Z | O52: 2021-06-02T15:57:20Z | P52: 1 | Q52: 1 | S52: 1 | U52: 1 | V52: 2021-06-02T15:56:07Z | X52: A | Y52: teaching
A53: MDEwOlJlcG9zaXRvcnkzNzMxMDEwNTY= | B53: colorfoot | C53: PaulMarechal | D53: Paul Marechal | E53: Student at ESIEE[it] Paris | F53: ESIEE[it] | G53: Paris | J53: https://github.com/PaulMarechal/colorfoot | K53: ---- | L53: PHP | M53: Dockerfile/Shell/HTML/PHP/CSS/Less/JavaScript | N53: 2021-06-02T09:01:41Z | O53: 2021-06-02T10:30:33Z | P53: 5 | Q53: 1 | U53: 4 | V53: 2021-06-02T10:30:13Z | W53: 44349 | X53: A
A54: MDEwOlJlcG9zaXRvcnkzNzI0MDI0NTU= | B54: bee-code-challenge-backend | C54: nisassa | J54: https://github.com/nisassa/bee-code-challenge-backend | K54: ---- | L54: PHP | M54: PHP | N54: 2021-05-31T06:18:43Z | O54: 2021-06-01T14:34:40Z | P54: 1 | Q54: 1 | U54: 12 | V54: 2021-06-01T14:34:24Z
A55: MDEwOlJlcG9zaXRvcnkzNzI2NTQyNTY= | B55: Ouai- | C55: Antoine-Byr | J55: https://github.com/Antoine-Byr/Ouai- | K55: ---- | L55: PHP | M55: Shell/PHP/JavaScript/CSS/HTML/Twig | N55: 2021-05-31T23:53:02Z | O55: 2021-06-01T00:11:50Z | P55: 2 | Q55: 1 | U55: 2 | V55: 2021-06-01T00:10:16Z
A56: MDEwOlJlcG9zaXRvcnkyMzg2MTQ5ODU= | B56: tienda-online | C56: tomas8801 | D56: Tomas Marsili | E56: PHP developer | J56: https://github.com/tomas8801/tienda-online | K56: ---- | L56: PHP | M56: CSS/PHP/Hack/JavaScript | N56: 2020-02-06T05:28:15Z | O56: 2021-05-31T03:21:27Z | P56: 1 | Q56: 1 | U56: 5 | V56: 2021-05-31T03:20:14Z | W56: 43867
A57: MDEwOlJlcG9zaXRvcnkzNzIzMzY0ODg= | B57: mpavaliacao | C57: bolatechproducoes | J57: https://github.com/bolatechproducoes/mpavaliacao | K57: ---- | L57: CSS | M57: CSS/PHP/Hack | N57: 2021-05-30T23:43:43Z | O57: 2021-05-31T02:26:46Z | P57: 1 | Q57: 1 | U57: 25 | V57: 2021-05-31T02:26:40Z | W57: 44346 | Y57: development
A58: MDEwOlJlcG9zaXRvcnkzNzIyODUyNDQ= | B58: Drupal | C58: GayalBalasooriya | D58: Gayal Balasooriya | E58: Undergraduate | F58: University of Kelaniya | G58: Kaduwela | J58: https://github.com/GayalBalasooriya/Drupal | K58: GNU General Public License v2.0 | L58: PHP | M58: PHP/Shell/JavaScript/CSS/Twig/HTML | N58: 2021-05-30T18:14:53Z | O58: 2021-05-30T18:27:53Z | P58: 1 | Q58: 1 | U58: 1 | V58: 2021-05-30T18:25:31Z | X58: A | Y58: development
A59: MDEwOlJlcG9zaXRvcnkzNzE5MjU3NjI= | B59: Formation-Wordpress----projetSam | C59: Anouchka25 | D59: Anouchka MINKOUE OBAME | E59: Fondatrice de ToutPaie.fr 📲App mobile 🛒Marketplace /📍Géolocalisation - { }Web dev - 📣Marketing digital | G59: Yvetot | J59: https://github.com/Anouchka25/Formation-Wordpress----projetSam | K59: Other | L59: PHP | M59: PHP/CSS/SCSS/JavaScript/HTML/Hack/Smarty | N59: 2021-05-29T08:56:26Z | O59: 2021-05-29T09:51:19Z | P59: 1 | Q59: 1 | U59: 3 | V59: 2021-05-29T09:51:11Z | Y59: learning
A60: MDEwOlJlcG9zaXRvcnkzNzE1ODQ0MDk= | B60: SistemaAlquiler | C60: leonardo2898 | H60: senati | J60: https://github.com/leonardo2898/SistemaAlquiler | K60: ---- | L60: JavaScript | M60: PHP/JavaScript/SCSS/HTML/Ruby/CSS/TypeScript | N60: 2021-05-28T04:58:17Z | O60: 2021-05-28T05:30:38Z | P60: 1 | Q60: 1 | U60: 1 | V60: 2021-05-28T05:21:51Z | W60: 44344 | Y60: development
A61: MDEwOlJlcG9zaXRvcnkzNzEyMzE3MDI= | B61: bureau | C61: arsantin | D61: André Ricardo Santin | G61: Curitiba | J61: https://github.com/arsantin/bureau | K61: GNU General Public License v2.0 | L61: PHP | M61: PHP/Shell/JavaScript/CSS/Twig/HTML/Sass | N61: 2021-05-27T03:10:35Z | O61: 2021-05-27T19:00:30Z | P61: 1 | Q61: 1 | U61: 3 | V61: 2021-05-27T19:00:23Z | Y61: development
A62: MDEwOlJlcG9zaXRvcnkzNzEzODU5ODI= | B62: CRM-WebShop-System | C62: mhastan | E62: keep on learning | G62: somewhere inside port 443 | H62: A CRM and WebShop system in one project, still in progress. | J62: https://github.com/mhastan/CRM-WebShop-System | K62: ---- | L62: PHP | M62: Shell/PHP/CSS/Twig | N62: 2021-05-27T13:37:18Z | O62: 2021-05-27T13:38:55Z | P62: 1 | Q62: 1 | U62: 1 | V62: 2021-05-27T13:38:21Z | Y62: learning
A63: MDEwOlJlcG9zaXRvcnkzNzEzNDU3ODI= | B63: Drupal | C63: ruchisharma-20 | J63: https://github.com/ruchisharma-20/Drupal | K63: GNU General Public License v2.0 | L63: PHP | M63: PHP/Shell/JavaScript/CSS/Twig/HTML/Batchfile | N63: 2021-05-27T11:13:59Z | O63: 2021-05-27T12:01:37Z | P63: 1 | Q63: 1 | U63: 1 | V63: 2021-05-27T11:56:29Z | W63: 44343 | Y63: development
A64: MDEwOlJlcG9zaXRvcnkyODkyMDYyMDc= | B64: qav | C64: OxfamIndia | J64: https://github.com/OxfamIndia/qav | K64: ---- | L64: PHP | M64: PHP/Shell/JavaScript/CSS/Twig/HTML/Rich Text Format | N64: 2020-08-21T07:26:20Z | O64: 2021-05-27T10:24:23Z | P64: 2 | Q64: 3 | U64: 971 | V64: 2021-05-27T10:23:27Z | W64: 44064
A65: MDEwOlJlcG9zaXRvcnkzMzE5NjQ2OTI= | B65: canvas-lti | C65: mlibrary | J65: https://github.com/mlibrary/canvas-lti | K65: GNU General Public License v2.0 | L65: PHP | M65: PHP/Shell/JavaScript/CSS/Twig/HTML/SCSS | N65: 2021-01-22T14:09:58Z | O65: 2021-05-26T20:49:33Z | P65: 9 | Q65: 4 | U65: 27 | V65: 2021-05-26T20:42:25Z | W65: 44111 | X65: A | Y65: development
A66: MDEwOlJlcG9zaXRvcnkzNzA4NzU5MDE= | B66: Fisiocampus_cms | C66: alexnu00001 | J66: https://github.com/alexnu00001/Fisiocampus_cms | K66: ---- | L66: PHP | M66: Shell/PHP/CSS/SCSS/JavaScript/Twig/Less | N66: 2021-05-26T01:47:45Z | O66: 2021-05-26T15:29:34Z | P66: 2 | Q66: 1 | U66: 17 | V66: 2021-05-26T15:29:17Z | Y66: development
A67: MDEwOlJlcG9zaXRvcnkzNzAzMTM4MjE= | B67: ec-cube | C67: hapo-chientv | J67: https://github.com/hapo-chientv/ec-cube | K67: GNU General Public License v2.0 | L67: PHP | M67: Shell/Dockerfile/PHP/Twig/JavaScript/CSS/SCSS | N67: 2021-05-24T10:30:01Z | O67: 2021-05-24T10:35:11Z | P67: 1 | Q67: 1 | U67: 1 | V67: 2021-05-24T10:33:57Z | W67: 44340
A68: MDEwOlJlcG9zaXRvcnkzNjM1Nzg3NjU= | B68: Crizprz-MercadoPago-Larevel | C68: CRIZPRZ | J68: https://github.com/CRIZPRZ/Crizprz-MercadoPago-Larevel | K68: ---- | L68: PHP | M68: PHP/Blade | N68: 2021-05-02T06:03:15Z | O68: 2021-05-23T18:23:01Z | P68: 1 | Q68: 1 | U68: 8 | V68: 2021-05-23T18:22:03Z | W68: 44318 | Y68: development
A69: MDEwOlJlcG9zaXRvcnkyMzgwNzc4MA== | B69: giada-www | C69: monocasual | H69: Official website of Giada Loop Machine. Powered by NodeJS, SASS, Pug and other beautiful JavaScript machineries. | I69: html5/css/css3/pug/pug-template-engine/nodejs/javascript/website/giada/giada-loop-machine | J69: https://github.com/monocasual/giada-www | K69: GNU General Public License v3.0 | L69: PHP | M69: PHP/HTML/CSS/JavaScript/PLpgSQL/Pug | N69: 2014-09-08T20:49:45Z | O69: 2021-05-23T09:48:13Z | P69: 2 | Q69: 3 | R69: 11 | S69: 2 | T69: 8 | U69: 281 | V69: 2021-05-23T09:48:07Z | W69: 41877 | Y69: development
A70: MDEwOlJlcG9zaXRvcnkzMTY3MDQ0NjA= | B70: unNouveauSoufflePourClery | C70: prestashopBoss | D70: Wakidaisho | J70: https://github.com/prestashopBoss/unNouveauSoufflePourClery | K70: ---- | L70: PHP | M70: PHP/Hack/CSS/SCSS/HTML/JavaScript/Shell | N70: 2020-11-28T10:03:11Z | O70: 2021-05-23T07:29:08Z | P70: 1 | Q70: 1 | R70: 1 | U70: 93 | V70: 2021-05-23T07:28:57Z | W70: 44163
A71: MDEwOlJlcG9zaXRvcnkzNjk4MzIyNjQ= | B71: Belloo | C71: C698844402 | D71: Hadmi Reda | E71: \Come as you are\"" | F71: @atom | G71: Morocco | H71: Belloo - VERSION 4.2.7.7 | J71: https://github.com/C698844402/Belloo | K71: ---- | L71: PHP | M71: CSS/JavaScript/PHP/HTML/C++/SCSS | N71: 2021-05-22T14:44:54Z | O71: 2021-05-22T15:20:01Z | P71: 1 | Q71: 1 | U71: 4 | V71: 2021-05-22T15:19:59Z | X71: I | Y71: development
A72: MDEwOlJlcG9zaXRvcnkzNjkzNzgyODQ= | B72: johnscryptoclass.com | C72: johncordova | D72: John Cordova | E72: My education includes an electrical engineering degree from Ga Tech and a biomedical engineering masters degree from Johns Hopkins. In DevOps for NTT. | F72: IT Specialist | G72: Tampa, FL | H72: Drupal 8 site with cryptocurrency lessons | J72: https://github.com/johncordova/johnscryptoclass.com | K72: ---- | L72: PHP | M72: PHP/Shell/JavaScript/CSS/Twig/HTML/Less | N72: 2021-05-21T01:12:18Z | O72: 2021-05-21T01:18:03Z | P72: 1 | Q72: 1 | U72: 1 | V72: 2021-05-21T01:15:46Z | X72: A | Y72: teaching
A73: MDEwOlJlcG9zaXRvcnkzNjkzNzcwNDc= | B73: killerpanoramas.com | C73: johncordova | D73: John Cordova | E73: My education includes an electrical engineering degree from Ga Tech and a biomedical engineering masters degree from Johns Hopkins. In DevOps for NTT. | F73: IT Specialist | G73: Tampa, FL | H73: Drupal8 site codebase and content | J73: https://github.com/johncordova/killerpanoramas.com | K73: ---- | L73: PHP | M73: PHP/Shell/JavaScript/CSS/Twig/HTML/Less | N73: 2021-05-21T01:05:04Z | O73: 2021-05-21T01:08:53Z | P73: 1 | Q73: 1 | U73: 1 | V73: 2021-05-21T01:06:35Z | X73: A | Y73: teaching
A74: MDEwOlJlcG9zaXRvcnkzNjkzNzU4NjA= | B74: killertimelapse.com | C74: johncordova | D74: John Cordova | E74: My education includes an electrical engineering degree from Ga Tech and a biomedical engineering masters degree from Johns Hopkins. In DevOps for NTT. | F74: IT Specialist | G74: Tampa, FL | H74: Drupal8 time lapse video site codebase. | J74: https://github.com/johncordova/killertimelapse.com | K74: ---- | L74: PHP | M74: PHP/Shell/JavaScript/CSS/Twig/HTML | N74: 2021-05-21T00:58:05Z | O74: 2021-05-21T01:03:56Z | P74: 1 | Q74: 1 | U74: 1 | V74: 2021-05-21T01:01:41Z | X74: A | Y74: learning
A75: MDEwOlJlcG9zaXRvcnkzNjc1MDA5NDA= | B75: killerphotomosaics.com | C75: johncordova | D75: John Cordova | E75: My education includes an electrical engineering degree from Ga Tech and a biomedical engineering masters degree from Johns Hopkins. In DevOps for NTT. | F75: IT Specialist | G75: Tampa, FL | H75: Drupal 8 website and content | J75: https://github.com/johncordova/killerphotomosaics.com | K75: ---- | L75: PHP | M75: PHP/Shell/JavaScript/CSS/Twig/HTML | N75: 2021-05-14T23:28:55Z | O75: 2021-05-20T19:41:16Z | P75: 1 | Q75: 1 | U75: 2 | V75: 2021-05-20T19:37:42Z | X75: A | Y75: learning
A76: MDEwOlJlcG9zaXRvcnkzNTg0ODUwNjc= | B76: sporify_symfony | C76: soltanianas | J76: https://github.com/soltanianas/sporify_symfony | K76: ---- | L76: PHP | M76: PHP/CSS/JavaScript/SCSS/Twig | N76: 2021-04-16T05:24:55Z | O76: 2021-05-18T18:27:41Z | P76: 6 | Q76: 1 | U76: 30 | V76: 2021-05-18T18:27:38Z | W76: 44302 | Y76: learning
A77: MDEwOlJlcG9zaXRvcnkzNjY3OTA3NjU= | B77: drupal-agency-upstream | C77: matthewboman | D77: Matthew Boman | E77: software developer | G77: asheville, north carolina | H77: Custom upstream for Drupal 8 agency site built on Pantheon | J77: https://github.com/matthewboman/drupal-agency-upstream | K77: GNU General Public License v2.0 | L77: PHP | M77: PHP/Shell/JavaScript/CSS/Twig/HTML | N77: 2021-05-12T17:04:51Z | O77: 2021-05-20T17:12:19Z | P77: 1 | Q77: 1 | U77: 145 | V77: 2021-05-18T15:32:20Z | W77: 42234 | Y77: development
A78: MDEwOlJlcG9zaXRvcnkyMjM0MTE4Mzg= | B78: drupalwxt-internet | C78: tc-ca | J78: https://github.com/tc-ca/drupalwxt-internet | K78: ---- | L78: PHP | M78: PHP/JavaScript/CSS/HTML/Shell/Ruby/Makefile | N78: 2019-11-22T13:40:16Z | O78: 2021-05-19T13:10:52Z | P78: 84 | Q78: 4 | R78: 1 | S78: 2 | U78: 456 | V78: 2021-05-18T14:47:36Z | W78: 43791 | X78: I | Y78: development
A79: MDEwOlJlcG9zaXRvcnkzNDY2OTcwOTg= | B79: SI-Pemesanan-Air-Tahu | C79: alanlengkoan | D79: Alan Lengkoan | E79: Full Snack Developer | Sarani Mukoe Plus Ultra! 👊👊👊 | F79: Kumala Group | G79: Makasar, Sulawesi Selatan, Indonesia | J79: https://github.com/alanlengkoan/SI-Pemesanan-Air-Tahu | K79: MIT License | L79: JavaScript | M79: Shell/PHP/CSS/JavaScript/Less/HTML/SCSS | N79: 2021-03-11T12:38:35Z | O79: 2021-05-18T13:17:55Z | P79: 1 | Q79: 1 | U79: 43 | V79: 2021-05-18T13:17:42Z | W79: 44266 | X79: I | Y79: development
A80: MDEwOlJlcG9zaXRvcnkyMjMyNDY4NzM= | B80: elfortin-octobercms | C80: lbozzolo | J80: https://github.com/lbozzolo/elfortin-octobercms | K80: ---- | L80: PHP | M80: PHP/CSS/JavaScript/HTML/Smarty/Shell/Less | N80: 2019-11-21T19:17:26Z | O80: 2021-05-17T23:29:03Z | P80: 1 | Q80: 1 | U80: 25 | V80: 2021-05-17T23:27:53Z | W80: 43790 | Y80: development
A81: MDEwOlJlcG9zaXRvcnkzNDYwNjcxNzY= | B81: mamias_2021 | C81: toufa123 | D81: Atef OUERGHI | J81: https://github.com/toufa123/mamias_2021 | K81: MIT License | L81: JavaScript | M81: Shell/Makefile/PHP/CSS/JavaScript/Less/SCSS | N81: 2021-03-09T16:14:37Z | O81: 2021-05-17T05:32:21Z | P81: 1 | Q81: 1 | U81: 13 | V81: 2021-05-17T05:30:25Z | Y81: development
A82: MDEwOlJlcG9zaXRvcnkzNTc1NTgzNDY= | B82: CMS-Creative_Eye_Studio | C82: creative-eye-studio | J82: https://github.com/creative-eye-studio/CMS-Creative_Eye_Studio | K82: ---- | L82: JavaScript | M82: Shell/PHP/Twig/JavaScript/SCSS/CSS/HTML | N82: 2021-04-13T13:11:56Z | O82: 2021-05-16T20:38:35Z | P82: 1 | Q82: 1 | U82: 93 | V82: 2021-05-16T20:38:11Z | W82: 44299
A83: MDEwOlJlcG9zaXRvcnkzNjczODM4MjI= | B83: bdgest-offline-release | C83: stephanie-louis | D83: Stéphanie LOUIS | E83: Web developper Symfony 4, Drupal 7-8, PHP7, MySQL | F83: DIGITALIS | G83: Chambéry, France | J83: https://github.com/stephanie-louis/bdgest-offline-release | K83: ---- | L83: PHP | M83: Shell/PHP/CSS/JavaScript/Twig | N83: 2021-05-14T14:13:37Z | O83: 2021-05-14T14:52:58Z | P83: 1 | Q83: 1 | U83: 2 | V83: 2021-05-14T14:51:43Z | W83: 44330
A84: MDEwOlJlcG9zaXRvcnkyNTk2ODQyMg== | B84: myleft | C84: dreamsxin | D84: Dreamszhu | E84: 將升岱嶽，非徑奚爲！欲指扶桑，無舟莫適！Q群9970484 | G84: zhejiang,china | H84: 御舟家园 | J84: https://github.com/dreamsxin/myleft | K84: ---- | L84: PHP | M84: PHP/HTML/CSS/JavaScript/Twig | N84: 2014-10-30T11:47:26Z | O84: 2021-05-14T07:30:38Z | P84: 1 | Q84: 1 | U84: 114 | V84: 2021-05-14T07:30:35Z | W84: 41942 | Y84: development
A85: MDEwOlJlcG9zaXRvcnkzNjcyMjk4NTk= | B85: check_eccube | C85: machvanhoang | J85: https://github.com/machvanhoang/check_eccube | K85: ---- | L85: PHP | M85: Dockerfile/PHP/JavaScript/CSS/SCSS/HTML/Twig | N85: 2021-05-14T02:38:44Z | O85: 2021-05-14T04:01:13Z | P85: 1 | Q85: 1 | U85: 1 | V85: 2021-05-14T04:00:04Z | W85: 44330
A86: MDEwOlJlcG9zaXRvcnkzNjU0NzMxNjM= | B86: demowebsite | C86: sravanichinni | D86: Sravani Chatragadda | E86: Myself Sravani. I have 3 years of experience as a PHP developer.\r\n\r\n\r\n\r\n\r\n\r\n\r\n\r\n\r\n\r\n\r\n\r\n\r\n\r\n\r\n\r\n\r\n\r\n\r\n\r\n\r\n\r\n\r\n\r\n\r\n\r\n\r\n\r\n\r\n\r\n\r\n\r\n\r\n\r\n\r\n\r\n\r\n\r\n\r\n\r\nM\r\n\r\n\r\n\r\n\r\n\r\n\r\n | F86: Unimity solutions Pvt Ltd | G86: Chenni | J86: https://github.com/sravanichinni/demowebsite | K86: ---- | L86: PHP | M86: PHP/Shell/JavaScript/CSS/Twig/HTML | N86: 2021-05-08T09:28:49Z | O86: 2021-05-13T13:50:34Z | P86: 1 | Q86: 1 | R86: 1 | U86: 4 | V86: 2021-05-13T13:41:53Z | X86: I
A87: MDEwOlJlcG9zaXRvcnkyNzI5NTUzMjE= | B87: pubs | C87: IIED-org | H87: IIED Publications Library | J87: https://github.com/IIED-org/pubs | K87: ---- | L87: PHP | M87: PHP/JavaScript/CSS/HTML/Shell/Twig/SCSS | N87: 2020-06-17T11:22:39Z | O87: 2021-05-12T11:04:31Z | P87: 5 | Q87: 4 | U87: 272 | V87: 2021-05-12T11:04:27Z | W87: 43999 | Y87: development
A88: MDEwOlJlcG9zaXRvcnkzNjYxODI0MDQ= | B88: prestashop | C88: iheb69nachet | J88: https://github.com/iheb69nachet/prestashop | K88: ---- | L88: PHP | M88: PHP/Twig/Dockerfile/Shell/CSS/Less/JavaScript | N88: 2021-05-10T21:40:38Z | O88: 2021-05-10T22:23:47Z | P88: 1 | Q88: 1 | U88: 1 | V88: 2021-05-10T22:18:41Z
A89: MDEwOlJlcG9zaXRvcnkyNTk2NDU2MjA= | B89: drupal-training | C89: fermercadal | D89: Fer Mercadal | E89: I'm a self taught Web Developer focused on Front End. This is my personal GitHub account, used for training and side projects (not work related). | H89: Drupal 8 training website built on Lando. | J89: https://github.com/fermercadal/drupal-training | K89: ---- | L89: PHP | M89: PHP/JavaScript/CSS/HTML/Shell/Twig | N89: 2020-04-28T13:31:31Z | O89: 2021-05-10T15:49:20Z | P89: 1 | Q89: 1 | R89: 1 | U89: 39 | V89: 2021-05-10T15:49:17Z | W89: 43949 | Y89: learning
A90: MDEwOlJlcG9zaXRvcnkzMjQ5NjkyMQ== | B90: GoodGamery-Web | C90: GoodGamery | H90: GoodGamery codebase | J90: https://github.com/GoodGamery/GoodGamery-Web | K90: ---- | L90: PHP | M90: JavaScript/PHP/HTML/CSS/XSLT/Smarty/Shell | N90: 2015-03-19T02:45:18Z | O90: 2021-05-10T13:12:07Z | P90: 4 | Q90: 2 | R90: 2 | S90: 4 | T90: 12 | U90: 153 | V90: 2021-05-10T13:11:45Z | W90: 42082 | Y90: development
A91: MDEwOlJlcG9zaXRvcnkzNjU5OTQ5ODA= | B91: proyectohotel | C91: eduromero7 | H91: Proyecto gestión hotelera | J91: https://github.com/eduromero7/proyectohotel | K91: ---- | L91: JavaScript | M91: PHP/CSS/JavaScript/Hack/HTML | N91: 2021-05-10T09:54:48Z | O91: 2021-05-10T10:06:58Z | P91: 1 | Q91: 1 | U91: 1 | V91: 2021-05-10T10:00:03Z | W91: 44326 | Y91: learning
A92: MDEwOlJlcG9zaXRvcnkzNjU5NzY3MTk= | B92: stage | C92: claire-ancel40 | J92: https://github.com/claire-ancel40/stage | K92: ---- | L92: PHP | M92: Shell/PHP/CSS/JavaScript/Twig | N92: 2021-05-10T08:49:01Z | O92: 2021-05-10T10:07:37Z | P92: 1 | Q92: 1 | U92: 1 | V92: 2021-05-10T08:58:31Z | W92: 44326
A93: MDEwOlJlcG9zaXRvcnkzNTM0MTYwNjI= | B93: xai-v2.1a | C93: samuelfaith | J93: https://github.com/samuelfaith/xai-v2.1a | K93: Other | L93: PHP | M93: PHP/Twig/CSS/JavaScript/Less/Hack/HTML | N93: 2021-03-31T16:09:22Z | O93: 2021-05-10T08:07:14Z | P93: 1 | Q93: 1 | R93: 1 | U93: 20 | V93: 2021-05-10T08:07:12Z
A94: MDEwOlJlcG9zaXRvcnkzNjQ1NTk0OTQ= | B94: Symfony_Video-Template | C94: utsav1-cyber | D94: Utsav Thakur | J94: https://github.com/utsav1-cyber/Symfony_Video-Template | K94: ---- | L94: PHP | M94: Shell/CSS/PHP/Twig/JavaScript | N94: 2021-05-05T11:50:57Z | O94: 2021-05-11T13:16:54Z | P94: 1 | Q94: 1 | U94: 5 | V94: 2021-05-09T08:59:22Z | Y94: learning
A95: MDEwOlJlcG9zaXRvcnkzNjM3NTY1MTQ= | B95: wp-redescolar | C95: wallacemancciny | D95: Wallace S. Pimenta | E95: Developer in Outsystems, React, React Native, Java Script | F95: Fundação Cesgranrio | G95: Rio de Janeiro | J95: https://github.com/wallacemancciny/wp-redescolar | K95: Other | L95: PHP | M95: PHP/CSS/SCSS/JavaScript/HTML/Shell/TypeScript | N95: 2021-05-02T21:47:23Z | O95: 2021-05-09T01:01:39Z | P95: 1 | Q95: 1 | U95: 4 | V95: 2021-05-09T01:01:28Z | Y95: learning
A96: MDEwOlJlcG9zaXRvcnkzNjM4NzEzMTU= | B96: Drupal_proj_1 | C96: strit666 | D96: Miguel Ângelo | J96: https://github.com/strit666/Drupal_proj_1 | K96: GNU General Public License v2.0 | L96: PHP | M96: PHP/Shell/JavaScript/CSS/Twig/HTML/Ruby | N96: 2021-05-03T08:56:44Z | O96: 2021-05-06T23:31:25Z | P96: 1 | Q96: 1 | U96: 17 | V96: 2021-05-06T23:31:11Z | W96: 44319 | Y96: learning
A97: MDEwOlJlcG9zaXRvcnkzNjQ5MzQ3NDY= | B97: challenge-symfony-mvc | C97: SerkanS26 | J97: https://github.com/SerkanS26/challenge-symfony-mvc | K97: ---- | L97: PHP | M97: PHP/Twig | N97: 2021-05-06T14:17:03Z | O97: 2021-05-06T14:22:31Z | P97: 1 | Q97: 1 | U97: 2 | V97: 2021-05-06T14:22:10Z
A98: MDEwOlJlcG9zaXRvcnkzNjQ4OTY4MzY= | B98: GSB-SP1-GSB-FRAIS | C98: ArthurSIO | J98: https://github.com/ArthurSIO/GSB-SP1-GSB-FRAIS | K98: ---- | L98: PHP | M98: Shell/PHP/CSS/Twig | N98: 2021-05-06T12:07:38Z | O98: 2021-05-06T12:41:35Z | P98: 1 | Q98: 1 | U98: 11 | V98: 2021-05-06T12:30:27Z | W98: 44105
A99: MDEwOlJlcG9zaXRvcnkzNjQxNjY2MjE= | B99: GSB_Web | C99: tjaulin | J99: https://github.com/tjaulin/GSB_Web | K99: ---- | L99: PHP | M99: Shell/PHP/Twig | N99: 2021-05-04T06:55:06Z | O99: 2021-05-06T07:28:33Z | P99: 1 | Q99: 1 | U99: 6 | V99: 2021-05-06T07:26:30Z | W99: 44320 | Y99: development
A100: MDEwOlJlcG9zaXRvcnkzNjI4NDI0MzQ= | B100: X-Cart | C100: VladyslavSt | J100: https://github.com/VladyslavSt/X-Cart | K100: Other | L100: PHP | M100: PHP/Less/Twig/Shell/Makefile/Python/HTML | N100: 2021-04-29T14:20:01Z | O100: 2021-05-05T11:53:38Z | P100: 1 | Q100: 1 | U100: 9 | V100: 2021-05-05T11:53:32Z
...

Sheet infection
A1: repositoryId | B1: repositoryName | C1: ownerLogin | D1: ownerName | E1: ownerBio | F1: ownerCompany | G1: ownerLocation | H1: repositoryDescription | I1: topics | J1: url | K1: license | L1: primaryLanguage | M1: allLanguages | N1: repositoryCreationDate | O1: repositoryLastUpdate | P1: contributors | Q1: watchers | R1: starts | S1: forks | T1: issues | U1: commits | V1: lastCommit | W1: firstCommit | X1: Academia/Industry/Public | Y1: Category
A2: MDEwOlJlcG9zaXRvcnkyODQzNjI2ODY= | B2: cmf-ui | C2: orisai | H2: UI module for Orisai CMF | I2: php/orisai/nette/cmf/forms/controller/presenter/form/ui/latte | J2: https://github.com/orisai/cmf-ui | K2: Mozilla Public License 2.0 | L2: PHP | M2: Makefile/PHP/Latte | N2: 2020-08-02T00:33:54Z | O2: 2021-06-22T11:30:56Z | P2: 1 | Q2: 1 | U2: 105 | V2: 2021-06-22T11:30:49Z | Y2: development
A3: MDEwOlJlcG9zaXRvcnkzNTQ4OTQ4MDQ= | B3: sculpin-contentful-bundle | C3: airtonzanon | D3: Airton Zanon | G3: Amsterdam, The Netherlands | H3: Fetch contentful content and dump the markdowns as posts for sculpin | I3: sculpin/contentful/markdown | J3: https://github.com/airtonzanon/sculpin-contentful-bundle | K3: ---- | L3: PHP | M3: PHP | N3: 2021-04-05T16:15:42Z | O3: 2021-06-22T10:51:12Z | P3: 1 | Q3: 1 | U3: 19 | V3: 2021-06-22T10:51:08Z | W3: 44292 | Y3: development
A4: MDEwOlJlcG9zaXRvcnkyMzgxODkyNDM= | B4: pharmacies | C4: kiang | D4: kiang | E4: somebody as a nobody, nobody as a somebody | G4: Taiwan | H4: 藥局口罩採購地圖 | J4: https://github.com/kiang/pharmacies | K4: MIT License | L4: PHP | M4: PHP/HTML/JavaScript | N4: 2020-02-04T11:23:07Z | O4: 2021-06-22T10:50:12Z | P4: 1 | Q4: 9 | R4: 170 | S4: 23 | T4: 36 | U4: 235708 | V4: 2021-06-22T10:50:05Z | W4: 43865 | Y4: development
A5: MDEwOlJlcG9zaXRvcnkzMzU1MzkzNDg= | B5: groom | C5: kavadevelopers | D5: Kava Developers | G5: Ahmedabad | J5: https://github.com/kavadevelopers/groom | K5: ---- | L5: PHP | M5: PHP/HTML/CSS/JavaScript/SCSS/Hack | N5: 2021-02-03T07:15:03Z | O5: 2021-06-22T10:31:20Z | P5: 1 | Q5: 1 | U5: 574 | V5: 2021-06-22T10:31:10Z
A6: MDEwOlJlcG9zaXRvcnkzNjgwNDE2NDk= | B6: CRM-APPS | C6: sentosadev | H6: Aplikasi CRM | J6: https://github.com/sentosadev/CRM-APPS | K6: ---- | L6: PHP | M6: PHP/HTML/Hack/CSS/JavaScript/PowerShell/Less | N6: 2021-05-17T03:17:19Z | O6: 2021-06-22T09:45:09Z | P6: 3 | Q6: 1 | U6: 92 | V6: 2021-06-22T09:44:56Z
A7: MDEwOlJlcG9zaXRvcnkyMjkyMzI5NzI= | B7: miscellaneous | C7: 4yop | D7: etopbg | E7: 名字是滚键盘起的 | H7: 什么都放 | J7: https://github.com/4yop/miscellaneous | K7: ---- | L7: PHP | M7: PHP/Roff/Shell/Hack/Blade/Dockerfile/Batchfile | N7: 2019-12-20T09:26:24Z | O7: 2021-06-22T08:20:15Z | P7: 1 | U7: 293 | V7: 2021-06-22T08:20:05Z | W7: 43819
A8: MDEwOlJlcG9zaXRvcnkzNDE1NzQ2MDI= | B8: API_gestion_championnat_ski | C8: jean-christophe-mairot | D8: jean christophe Mairot | H8: PHP, Javascript, POO, MVC, Réécriture d'url, Outil de test d'API, serveur web local, IDE, PhpMyadmin, Mysql, Git, Composer, SASS, Webpack | J8: https://github.com/jean-christophe-mairot/API_gestion_championnat_ski | K8: ---- | L8: PHP | M8: PHP/CSS/JavaScript | N8: 2021-02-23T14:05:58Z | O8: 2021-06-22T08:13:41Z | P8: 5 | Q8: 1 | S8: 2 | U8: 103 | V8: 2021-06-22T08:13:32Z | W8: 44250
A9: MDEwOlJlcG9zaXRvcnkzMzUxNjI5OTE= | B9: VNPT-PAYC | C9: phanvanthanh | J9: https://github.com/phanvanthanh/VNPT-PAYC | K9: ---- | L9: HTML | M9: Shell/PHP/Blade/HTML/Vue/Batchfile | N9: 2021-02-02T03:59:54Z | O9: 2021-06-22T07:15:29Z | P9: 2 | Q9: 1 | R9: 1 | S9: 1 | U9: 151 | V9: 2021-06-22T07:15:16Z | Y9: development
A10: MDEwOlJlcG9zaXRvcnkzNzYxOTc4ODA= | B10: QC | C10: tranlequocbao | D10: Tran Le Quoc Bao | J10: https://github.com/tranlequocbao/QC | K10: ---- | L10: CSS | M10: CSS/JavaScript/SCSS/HTML/PHP/Handlebars/Less | N10: 2021-06-12T04:03:14Z | O10: 2021-06-22T06:55:59Z | P10: 1 | U10: 5 | V10: 2021-06-22T06:55:48Z | W10: 44308
A11: MDEwOlJlcG9zaXRvcnkyNTk3MDU1Mzc= | B11: vaio | C11: avitaind | F11: AVITA INDIA | G11: DELHI IN | J11: https://github.com/avitaind/vaio | K11: ---- | L11: PHP | M11: PHP/CSS/JavaScript/Vue/Hack/SCSS/Blade | N11: 2020-04-28T17:26:40Z | O11: 2021-06-22T06:36:12Z | P11: 1 | U11: 449 | V11: 2021-06-22T06:35:53Z | W11: 43950 | X11: I | Y11: development
A12: MDEwOlJlcG9zaXRvcnkzNjY5MDA0NTQ= | B12: gcom | C12: dangquanghai | J12: https://github.com/dangquanghai/gcom | K12: ---- | L12: PHP | M12: Shell/PHP/HTML/Less/Vue/Blade/Hack | N12: 2021-05-13T01:32:46Z | O12: 2021-06-22T05:04:15Z | P12: 1 | Q12: 1 | U12: 17 | V12: 2021-06-22T05:04:03Z | Y12: development
A13: MDEwOlJlcG9zaXRvcnkzNTcwNjQ2NTg= | B13: PPSS_WEB | C13: sovithia | D13: Sovithia S. | F13: Uditi | G13: Paris | J13: https://github.com/sovithia/PPSS_WEB | K13: ---- | L13: PHP | M13: HTML/PHP/JavaScript/CSS/Shell/SCSS | N13: 2021-04-12T05:07:06Z | O13: 2021-06-22T04:25:22Z | P13: 1 | Q13: 1 | U13: 76 | V13: 2021-06-22T04:25:12Z | X13: I
A14: MDEwOlJlcG9zaXRvcnkyNzE2Mjk5MTY= | B14: composer-diff | C14: IonBazan | D14: Ion Bazan | F14: @PomeloPay | G14: Singapore | H14: Compares composer.lock changes and generates Markdown report so you can use it in PR description. | I14: php/composer/packages/packagist/diff/lock/markdown/github/pullrequest/composer-plugin | J14: https://github.com/IonBazan/composer-diff | K14: MIT License | L14: PHP | M14: PHP | N14: 2020-06-11T19:24:33Z | O14: 2021-06-22T02:08:58Z | P14: 1 | Q14: 2 | R14: 34 | S14: 1 | T14: 2 | U14: 41 | V14: 2021-06-22T02:08:55Z | X14: I | Y14: development
A15: MDEwOlJlcG9zaXRvcnkzNjE2OTcwMTU= | B15: package-template | C15: iLexN | G15: Hong Kong | J15: https://github.com/iLexN/package-template | K15: MIT License | L15: PHP | M15: PHP | N15: 2021-04-26T09:45:47Z | O15: 2021-06-22T01:00:22Z | P15: 1 | Q15: 1 | U15: 56 | V15: 2021-06-22T01:00:19Z | W15: 44312
A16: MDEwOlJlcG9zaXRvcnkzNzYxMDA3MDU= | B16: ct | C16: andregds85 | D16: André Gomes da Silva | J16: https://github.com/andregds85/ct | K16: ---- | L16: JavaScript | M16: Shell/PHP/Hack/CSS/JavaScript/HTML/SCSS | N16: 2021-06-11T17:42:34Z | O16: 2021-06-21T22:25:14Z | P16: 1 | Q16: 1 | U16: 20 | V16: 2021-06-21T22:17:58Z
A17: MDEwOlJlcG9zaXRvcnk5MTQ1MjEyNA== | B17: composer | C17: phpmyadmin | H17: Read only composer repository for phpMyAdmin | J17: https://github.com/phpmyadmin/composer | K17: GNU General Public License v2.0 | L17: PHP | M17: PHP/JavaScript/CSS/Shell/Twig/SCSS | N17: 2017-05-16T11:46:38Z | O17: 2021-06-21T22:01:09Z | P17: 5 | Q17: 3 | R17: 8 | S17: 10 | U17: 123474 | V17: 2021-06-21T22:00:10Z | W17: 37014 | X17: P | Y17: development
A18: MDEwOlJlcG9zaXRvcnkzMjE3NjIx | B18: phpmyadmin | C18: phpmyadmin | H18: A web interface for MySQL and MariaDB | I18: php/mysql/web-app/mariadb/phpmyadmin/hacktoberfest | J18: https://github.com/phpmyadmin/phpmyadmin | K18: GNU General Public License v2.0 | L18: PHP | M18: PHP/JavaScript/CSS/Shell/Twig/SCSS | N18: 2012-01-19T13:21:52Z | O18: 2021-06-22T03:41:33Z | P18: 9 | Q18: 291 | R18: 5521 | S18: 2973 | T18: 13037 | U18: 121828 | V18: 2021-06-21T18:58:11Z | W18: 37014 | X18: P | Y18: development
A19: MDEwOlJlcG9zaXRvcnkzNzU2NzY2MTk= | B19: php-directive-bundle | C19: ecphp | H19: Let users customize the PHP configuration through a custom ini file. | J19: https://github.com/ecphp/php-directive-bundle | K19: BSD 3-Clause \New\" or \"Revised\" License" | L19: PHP | M19: Dockerfile/PHP/Gherkin | N19: 2021-06-10T11:39:55Z | O19: 2021-06-21T15:23:40Z | P19: 4 | Q19: 2 | U19: 17 | V19: 2021-06-21T15:23:21Z | W19: 44357 | X19: P | Y19: development
A20: MDEwOlJlcG9zaXRvcnkzNzM4NjA2NjM= | B20: EstadiasFaltas | C20: EGPerezR | D20: EGPerezR | J20: https://github.com/EGPerezR/EstadiasFaltas | K20: ---- | L20: JavaScript | M20: PHP/CSS/Hack/JavaScript | N20: 2021-06-04T14:04:12Z | O20: 2021-06-21T15:15:40Z | P20: 1 | Q20: 1 | U20: 30 | V20: 2021-06-21T15:15:22Z
A21: MDEwOlJlcG9zaXRvcnkxMzQzMTk1MTc= | B21: php-cs-fixer-custom-fixers | C21: kubawerlos | D21: Kuba Werłos | G21: Wrocław, Poland | H21: A set of custom fixers for PHP CS Fixer | I21: php/static-analysis/code-style/code-standards/php-cs-fixer | J21: https://github.com/kubawerlos/php-cs-fixer-custom-fixers | K21: MIT License | L21: PHP | M21: PHP/Shell | N21: 2018-05-21T20:06:07Z | O21: 2021-06-21T14:02:25Z | P21: 1 | Q21: 3 | R21: 81 | S21: 8 | T21: 20 | U21: 745 | V21: 2021-06-21T14:02:22Z | Y21: development
A22: MDEwOlJlcG9zaXRvcnk2MzU5MjE0NQ== | B22: StudOn | C22: ilifau | H22: Fork of https://github.com/ILIAS-eLearning/ILIAS | J22: https://github.com/ilifau/StudOn | K22: GNU General Public License v3.0 | L22: PHP | M22: PHP/HTML/CSS/Makefile/JavaScript/Java/XSLT | N22: 2016-07-18T10:09:49Z | O22: 2021-06-21T13:09:35Z | P22: 6 | Q22: 3 | S22: 1 | U22: 49277 | V22: 2021-06-21T13:09:27Z | X22: A | Y22: development
A23: MDEwOlJlcG9zaXRvcnkyNzk4NTYwODc= | B23: yii-view | C23: yiisoft | H23: Yii binding for view rendering | I23: yii3/view/hacktoberfest | J23: https://github.com/yiisoft/yii-view | K23: BSD 3-Clause \New\" or \"Revised\" License" | L23: PHP | M23: PHP | N23: 2020-07-15T11:58:09Z | O23: 2021-06-21T10:25:18Z | P23: 21 | Q23: 13 | R23: 6 | S23: 6 | T23: 1 | U23: 46 | V23: 2021-06-21T10:25:10Z | W23: 44027 | X23: I | Y23: development
A24: MDEwOlJlcG9zaXRvcnkyNzk2ODk4Mjc= | B24: data-response | C24: yiisoft | I24: yii3/psr-7/response/hacktoberfest/json/xml | J24: https://github.com/yiisoft/data-response | K24: BSD 3-Clause \New\" or \"Revised\" License" | L24: PHP | M24: PHP | N24: 2020-07-14T20:47:55Z | O24: 2021-06-21T19:41:34Z | P24: 21 | Q24: 14 | R24: 10 | S24: 9 | T24: 5 | U24: 78 | V24: 2021-06-21T10:23:19Z | W24: 44026 | X24: I | Y24: development
A25: MDEwOlJlcG9zaXRvcnkyOTIzNDAxMDI= | B25: infection-static-analysis-plugin | C25: Roave | H25: Static analysis on top of mutation testing - prevents escaped mutants from being invalid according to static analysis | J25: https://github.com/Roave/infection-static-analysis-plugin | K25: MIT License | L25: PHP | M25: PHP | N25: 2020-09-02T16:47:15Z | O25: 2021-06-21T08:47:02Z | P25: 4 | Q25: 7 | R25: 75 | S25: 6 | T25: 8 | U25: 377 | V25: 2021-06-21T08:46:58Z | Y25: extension/clon
A26: MDEwOlJlcG9zaXRvcnkzMDU1Njc0OTM= | B26: QualisHRIS | C26: guiam09 | J26: https://github.com/guiam09/QualisHRIS | K26: ---- | L26: HTML | M26: HTML/Perl/Java/CSS/JavaScript/PHP/ASP.NET | N26: 2020-10-20T02:26:08Z | O26: 2021-06-21T07:52:40Z | P26: 4 | Q26: 2 | T26: 17 | U26: 78 | V26: 2021-06-21T07:52:30Z
A27: MDEwOlJlcG9zaXRvcnkxMjg3OTEzMzk= | B27: hippo | C27: dilawar | D27: Dilawar Singh | E27: Computational Neuroscientist | Electrical Engineer | G27: Bangalore, India | H27: Academic event schedular, venue manager, and much more. | I27: ncbs/schedular/codeigniter3/cms/php7/network-flow | J27: https://github.com/dilawar/hippo | K27: MIT License | L27: PHP | M27: PHP/HTML/CSS/JavaScript/Python/Shell/Makefile | N27: 2018-04-09T15:14:04Z | O27: 2021-06-21T07:51:58Z | P27: 1 | Q27: 2 | R27: 2 | S27: 2 | T27: 5 | U27: 819 | V27: 2021-06-21T07:51:21Z | W27: 43666 | Y27: development
A28: MDEwOlJlcG9zaXRvcnkzNjIwMzkxMjY= | B28: result-option | C28: iLexN | G28: Hong Kong | H28: Just feel Rust, Rust like enum Result and Option | J28: https://github.com/iLexN/result-option | K28: MIT License | L28: PHP | M28: PHP | N28: 2021-04-27T08:33:59Z | O28: 2021-06-21T07:08:13Z | P28: 1 | Q28: 1 | U28: 58 | V28: 2021-06-21T07:08:10Z | W28: 44313 | Y28: development
A29: MDEwOlJlcG9zaXRvcnkxODczNzEzNTk= | B29: php-prometheus-client | C29: Enalean | H29: Prometheus instrumentation library for PHP applications | J29: https://github.com/Enalean/php-prometheus-client | K29: Apache License 2.0 | L29: PHP | M29: Dockerfile/PHP/Nix | N29: 2019-05-18T15:01:30Z | O29: 2021-06-21T06:48:10Z | P29: 12 | Q29: 12 | R29: 8 | T29: 1 | U29: 665 | V29: 2021-06-21T06:48:07Z | W29: 42538 | X29: I | Y29: development
A30: MDEwOlJlcG9zaXRvcnk5NDU0NjkxNA== | B30: webp-express | C30: rosell-dk | D30: Bjørn Rosell | E30: Currently working on AVIF conversion with PHP as well as improving webp-express | F30: bitwise | G30: Denmark | H30: Wordpress plugin for serving autogenerated WebP images instead of jpeg/png to browsers that supports WebP | J30: https://github.com/rosell-dk/webp-express | K30: GNU General Public License v3.0 | L30: PHP | M30: PHP/CSS/JavaScript/HTML/NASL | N30: 2017-06-16T13:33:29Z | O30: 2021-06-21T05:30:11Z | P30: 1 | Q30: 14 | R30: 149 | S30: 47 | T30: 468 | U30: 1236 | V30: 2021-06-21T05:29:36Z | W30: 42902 | X30: I | Y30: development
A31: MDEwOlJlcG9zaXRvcnkzMzk5MTY4MDc= | B31: config-object | C31: iLexN | G31: Hong Kong | J31: https://github.com/iLexN/config-object | K31: ---- | L31: PHP | M31: PHP | N31: 2021-02-18T02:45:31Z | O31: 2021-06-21T01:52:38Z | P31: 1 | Q31: 1 | U31: 108 | V31: 2021-06-21T01:52:35Z | W31: 44245 | Y31: development
A32: MDEwOlJlcG9zaXRvcnkyODk0Njk5MjM= | B32: becommers | C32: haxan100 | D32: hasan | E32: abdul hasan | G32: cengkareng , jakarta barat | H32: bECommers | J32: https://github.com/haxan100/becommers | K32: MIT License | L32: HTML | M32: PHP/HTML/Hack/JavaScript/CSS/Handlebars/SCSS | N32: 2020-08-22T10:50:07Z | O32: 2021-06-21T01:26:48Z | P32: 1 | Q32: 1 | U32: 182 | V32: 2021-06-21T01:25:59Z | W32: 44065 | Y32: development
A33: MDEwOlJlcG9zaXRvcnkzNTAyODExNTM= | B33: cive_eclassrooms | C33: khalid-eyez | D33: khalidi hassan thewinner | F33: winner softwares ltd | H33: the university of dodoma electronic classes management | J33: https://github.com/khalid-eyez/cive_eclassrooms | K33: ---- | L33: JavaScript | M33: PHP/JavaScript/CSS | N33: 2021-03-22T09:22:16Z | O33: 2021-06-20T14:11:12Z | P33: 1 | Q33: 1 | U33: 8 | V33: 2021-06-21T00:07:38Z | Y33: teaching
A34: MDEwOlJlcG9zaXRvcnkzMjY2MzY0NjY= | B34: SchedulerBundle | C34: Guikingone | D34: Guillaume Loulier | E34: @sensiolabs Developer, @php fan and forever learner, I teach the web of tomorrow at @OpenClassrooms and share my knowledge through the web, oh and i love pizza | F34: @sensiolabs | G34: Hautes-Alpes | France | H34: Repetitive tasks as a breath in Symfony | I34: symfony/symfony-bundle/scheduler/cron/php/doctrine/redis/tasks/messenger | J34: https://github.com/Guikingone/SchedulerBundle | K34: MIT License | L34: PHP | M34: PHP/Twig/Makefile | N34: 2021-01-04T09:45:20Z | O34: 2021-06-20T16:10:45Z | P34: 1 | Q34: 4 | R34: 63 | S34: 4 | T34: 41 | U34: 112 | V34: 2021-06-20T16:10:43Z | X34: I | Y34: development
A35: MDEwOlJlcG9zaXRvcnkzNzM1Nzg2OTk= | B35: sudanabejo | C35: jaffrantirta | D35: Jaffran Tirta Artika | J35: https://github.com/jaffrantirta/sudanabejo | K35: MIT License | L35: JavaScript | M35: PHP/HTML/Hack/JavaScript/SCSS/Ruby/CSS | N35: 2021-06-03T16:47:12Z | O35: 2021-06-20T15:44:42Z | P35: 1 | Q35: 1 | U35: 77 | V35: 2021-06-20T15:44:39Z | W35: 44350 | Y35: development
A36: MDEwOlJlcG9zaXRvcnkxODc5OTMxNQ== | B36: php-matcher | C36: coduo | H36: The easiest way to match data structures like JSON/PlainText/XML against readable patterns. Sandbox: | J36: https://github.com/coduo/php-matcher | K36: MIT License | L36: PHP | M36: PHP | N36: 2014-04-15T12:33:45Z | O36: 2021-06-20T14:36:24Z | P36: 3 | Q36: 19 | R36: 670 | S36: 71 | T36: 70 | U36: 366 | V36: 2021-06-20T14:36:22Z | Y36: development
A37: MDEwOlJlcG9zaXRvcnkzNzY4ODUxMzU= | B37: Montaha | C37: dawnStreaks | H37: POS for retailshop | J37: https://github.com/dawnStreaks/Montaha | K37: MIT License | L37: JavaScript | M37: Shell/PHP/JavaScript/Less/HTML/CSS/Vue | N37: 2021-06-14T16:16:36Z | O37: 2021-06-20T11:42:47Z | P37: 1 | Q37: 1 | U37: 3 | V37: 2021-06-20T11:42:30Z | W37: 44361 | Y37: development
A38: MDEwOlJlcG9zaXRvcnk0NDM4NDQ0Nw== | B38: php-scoper | C38: humbug | H38: 🔨 Prefixes all PHP namespaces in a file/directory to isolate the code bundled in PHARs. | I38: phar/php/phar-prefixer/php-console/command-line/archive | J38: https://github.com/humbug/php-scoper | K38: MIT License | L38: PHP | M38: PHP/Makefile/Smarty/Vue/Shell/Blade | N38: 2015-10-16T12:43:34Z | O38: 2021-06-20T10:32:22Z | P38: 5 | Q38: 11 | R38: 426 | S38: 55 | T38: 170 | U38: 389 | V38: 2021-06-20T10:32:19Z | W38: 42293 | Y38: development
A39: MDEwOlJlcG9zaXRvcnkzNTc2ODAzMjg= | B39: symfony-toggle | C39: pheature-flags | H39: [READ-ONLY] Pheature flags Symfony toggle management bundle. | I39: feature-flags/feature-toggles/symfony-bundle | J39: https://github.com/pheature-flags/symfony-toggle | K39: BSD 3-Clause \New\" or \"Revised\" License" | L39: PHP | M39: PHP | N39: 2021-04-13T20:28:51Z | O39: 2021-06-20T00:11:33Z | P39: 5 | Q39: 1 | U39: 17 | V39: 2021-06-20T00:11:28Z | X39: P | Y39: development
A40: MDEwOlJlcG9zaXRvcnkzMTk3NDk1Mzk= | B40: cron | C40: MammatusPHP | H40: Cron manager | J40: https://github.com/MammatusPHP/cron | K40: MIT License | L40: PHP | M40: Makefile/Twig/PHP | N40: 2020-12-08T20:11:37Z | O40: 2021-06-19T17:13:47Z | P40: 1 | Q40: 1 | U40: 24 | V40: 2021-06-19T17:13:35Z
A41: MDEwOlJlcG9zaXRvcnkzNzEzMzI5MDQ= | B41: lemma-auto_voyager | C41: borashek32 | D41: Nataly Baranova | G41: rus | J41: https://github.com/borashek32/lemma-auto_voyager | K41: ---- | L41: Blade | M41: Shell/PHP/Blade | N41: 2021-05-27T10:23:05Z | O41: 2021-06-19T11:51:05Z | P41: 1 | Q41: 1 | U41: 38 | V41: 2021-06-19T11:50:45Z | W41: 44343 | Y41: development
A42: MDEwOlJlcG9zaXRvcnkyNDUzODc1MTY= | B42: ci4-album | C42: samsonasik | D42: Abdul Malik Ikhsan | E42: Father | F42: Sitrun Technologies | G42: Bandung | H42: 🔥 CodeIgniter 4 example Album module uses Domain Driven Design Architecture with Tactical Pattern | I42: codeigniter/module/codeigniter4/reusable/database/tested/album/query/prg/post-redirect-get | J42: https://github.com/samsonasik/ci4-album | K42: MIT License | L42: PHP | M42: PHP | N42: 2020-03-06T10:09:13Z | O42: 2021-06-19T11:43:11Z | P42: 1 | Q42: 6 | R42: 60 | S42: 20 | T42: 2 | U42: 140 | V42: 2021-06-19T11:42:29Z | W42: 43896 | X42: I | Y42: learning
A43: MDEwOlJlcG9zaXRvcnkyMzMwNDYyNjg= | B43: angaryos-stack | C43: MikroGovernment | J43: https://github.com/MikroGovernment/angaryos-stack | K43: ---- | L43: HTML | M43: Dockerfile/PHP/Python/HTML/Shell/JavaScript/TypeScript | N43: 2020-01-10T12:51:48Z | O43: 2021-06-19T09:58:19Z | P43: 2 | Q43: 1 | R43: 2 | S43: 1 | U43: 348 | V43: 2021-06-19T09:58:09Z | W43: 43840 | Y43: development
A44: MDEwOlJlcG9zaXRvcnkzMzQ2NzY1OTQ= | B44: vcestore | C44: trantiep | D44: Tran Tiep | E44: TranTiep | J44: https://github.com/trantiep/vcestore | K44: ---- | L44: JavaScript | M44: Shell/PHP/JavaScript/SCSS/Blade/Vue/Hack | N44: 2021-01-31T14:36:34Z | O44: 2021-06-19T04:42:09Z | P44: 2 | Q44: 1 | U44: 57 | V44: 2021-06-19T04:41:45Z
A45: MDEwOlJlcG9zaXRvcnkyMTg4NDE5ODM= | B45: nomina-backend55 | C45: reyvolsam | D45: Samuel Regino Placido | G45: Azcapotzalco, CDMX | J45: https://github.com/reyvolsam/nomina-backend55 | K45: ---- | L45: PHP | M45: PHP/Vue/Blade | N45: 2019-10-31T19:14:54Z | O45: 2021-06-19T02:30:12Z | P45: 2 | Q45: 1 | U45: 128 | V45: 2021-06-19T02:29:08Z | W45: 43769 | Y45: development
A46: MDEwOlJlcG9zaXRvcnkzNjMyMzM4NjQ= | B46: express | C46: amav96 | J46: https://github.com/amav96/express | K46: ---- | L46: JavaScript | M46: JavaScript/PHP/HTML/CSS/SCSS/Hack | N46: 2021-04-30T19:02:11Z | O46: 2021-06-18T19:55:13Z | P46: 1 | Q46: 1 | U46: 66 | V46: 2021-06-18T19:55:00Z | W46: 44316
A47: MDEwOlJlcG9zaXRvcnkyODUxNzExMjc= | B47: magestictest | C47: DID-UNICA | J47: https://github.com/DID-UNICA/magestictest | K47: ---- | L47: PHP | M47: PHP/CSS/JavaScript/Vue/SCSS/Blade | N47: 2020-08-05T03:42:26Z | O47: 2021-06-18T17:57:59Z | P47: 5 | Q47: 1 | U47: 21 | V47: 2021-06-18T17:57:47Z | W47: 44050
A48: MDEwOlJlcG9zaXRvcnkzNzU0OTg0MDM= | B48: dev-silhouette | C48: systemas11atp | J48: https://github.com/systemas11atp/dev-silhouette | K48: ---- | L48: PHP | M48: PHP/CSS/Less/JavaScript/Smarty/Vue | N48: 2021-06-09T21:55:02Z | O48: 2021-06-18T17:27:27Z | P48: 2 | Q48: 1 | U48: 5 | V48: 2021-06-18T17:21:56Z
A49: MDEwOlJlcG9zaXRvcnkzNzU1MDg5NTM= | B49: dev-cricut | C49: systemas11atp | J49: https://github.com/systemas11atp/dev-cricut | K49: ---- | L49: PHP | M49: PHP/CSS/Less/JavaScript/Smarty/Vue | N49: 2021-06-09T22:56:40Z | O49: 2021-06-18T17:21:35Z | P49: 2 | Q49: 1 | U49: 3 | V49: 2021-06-18T17:16:46Z
A50: MDEwOlJlcG9zaXRvcnkyODcwNDg1NzE= | B50: api-gestor-cuenta-bancaria | C50: cep11p | J50: https://github.com/cep11p/api-gestor-cuenta-bancaria | K50: BSD 3-Clause \New\" or \"Revised\" License" | L50: PHP | M50: PHP/Batchfile/Shell/CSS/JavaScript/Smarty/Gherkin | N50: 2020-08-12T15:22:36Z | O50: 2021-06-18T16:48:28Z | P50: 2 | Q50: 2 | U50: 171 | V50: 2021-06-18T16:55:24Z | W50: 44062 | Y50: development
A51: MDEwOlJlcG9zaXRvcnkzMDg0NTY0OTc= | B51: dbox | C51: mg-abramishvili | D51: Mikhail Abramishvili | J51: https://github.com/mg-abramishvili/dbox | K51: ---- | L51: Blade | M51: Shell/PHP/Blade/Vue/HTML | N51: 2020-10-29T21:41:43Z | O51: 2021-06-18T16:08:39Z | P51: 1 | Q51: 1 | U51: 238 | V51: 2021-06-18T16:08:30Z | Y51: development
A52: MDEwOlJlcG9zaXRvcnkzNjM5MjM2NTU= | B52: gastract | C52: chuksolloh | D52: chuks | J52: https://github.com/chuksolloh/gastract | K52: ---- | L52: JavaScript | M52: PHP/CSS/JavaScript/SCSS/Vue/Blade/Shell | N52: 2021-05-03T12:34:02Z | O52: 2021-06-19T02:25:59Z | P52: 1 | Q52: 1 | U52: 59 | V52: 2021-06-18T15:02:23Z | Y52: development
A53: MDEwOlJlcG9zaXRvcnkzNzUwMTMyMjI= | B53: sidhymo | C53: OIEau | J53: https://github.com/OIEau/sidhymo | K53: GNU General Public License v2.0 | L53: PHP | M53: PHP/Shell/JavaScript/CSS/Twig/HTML/SCSS | N53: 2021-06-08T13:09:34Z | O53: 2021-06-18T10:36:09Z | P53: 4 | Q53: 2 | U53: 91 | V53: 2021-06-18T10:35:52Z | X53: P | Y53: development
A54: MDEwOlJlcG9zaXRvcnkzNjMwNzkwOTE= | B54: FarmaciaColiseum | C54: ivansoldiaz | J54: https://github.com/ivansoldiaz/FarmaciaColiseum | K54: ---- | L54: PHP | M54: PHP/Twig/HTML/JavaScript/CSS/Smarty/SCSS | N54: 2021-04-30T08:39:29Z | O54: 2021-06-18T08:57:31Z | P54: 1 | Q54: 1 | U54: 51 | V54: 2021-06-18T08:57:22Z | W54: 44316
A55: MDEwOlJlcG9zaXRvcnkzNTIwNjI0MjE= | B55: redtable | C55: devdiginest | J55: https://github.com/devdiginest/redtable | K55: ---- | L55: HTML | M55: Shell/PHP/Sass/HTML/Vue/Blade | N55: 2021-03-27T12:03:28Z | O55: 2021-06-18T07:23:44Z | P55: 1 | Q55: 1 | U55: 72 | V55: 2021-06-18T07:23:25Z | W55: 44282
A56: MDEwOlJlcG9zaXRvcnk0ODkzMTIyMw== | B56: the-fraud-explorer | C56: nfsecurity | D56: NOFRAUD Latam | E56: Antifraud software | F56: NOFRAUD Latam | G56: Chicago, United States | H56: Opensource Fraud Triangle Analytics | I56: fraud-triangle-analytics/fraud-detection/fraud-triangle/fraud-explorer/fraud-prevention/donald-cressey/semantics | J56: https://github.com/nfsecurity/the-fraud-explorer | K56: Other | L56: Smali | M56: PHP/CSS/JavaScript/Shell/Python/Smali/Java | N56: 2016-01-03T02:27:29Z | O56: 2021-06-18T04:00:17Z | P56: 1 | Q56: 5 | R56: 16 | S56: 5 | T56: 4 | U56: 657 | V56: 2021-06-18T04:00:07Z | W56: 42520 | X56: I | Y56: development
A57: MDEwOlJlcG9zaXRvcnkzNzM3MDA3NTQ= | B57: ems-v1 | C57: fajrika | J57: https://github.com/fajrika/ems-v1 | K57: MIT License | L57: JavaScript | M57: PHP/HTML/Hack/CSS/JavaScript/PLSQL/Makefile | N57: 2021-06-04T02:43:20Z | O57: 2021-06-18T02:02:21Z | P57: 3 | Q57: 2 | U57: 25 | V57: 2021-06-18T02:02:15Z | Y57: development
A58: MDEwOlJlcG9zaXRvcnkzNTUwNDM1MzM= | B58: codexv2 | C58: CODEX-IT-sys | J58: https://github.com/CODEX-IT-sys/codexv2 | K58: MIT License | L58: PHP | M58: Shell/PHP/Smarty/Less/SCSS | N58: 2021-04-06T03:22:02Z | O58: 2021-06-18T01:17:37Z | P58: 1 | Q58: 1 | U58: 56 | V58: 2021-06-18T01:17:22Z | W58: 44292 | Y58: development
A59: MDEwOlJlcG9zaXRvcnkzNjEwMTc5MTU= | B59: tabrasa9 | C59: IFSight | J59: https://github.com/IFSight/tabrasa9 | K59: ---- | L59: PHP | M59: PHP/Shell/JavaScript/CSS/Twig/HTML/SCSS | N59: 2021-04-23T22:17:52Z | O59: 2021-06-17T21:46:28Z | P59: 12 | Q59: 3 | U59: 29 | V59: 2021-06-17T21:45:49Z | W59: 44315
A60: MDEwOlJlcG9zaXRvcnkyMzAyOTYwMzk= | B60: crm | C60: krlosexe | J60: https://github.com/krlosexe/crm | K60: ---- | L60: Blade | M60: PHP/Blade/JavaScript/SCSS/Shell | N60: 2019-12-26T16:40:25Z | O60: 2021-06-17T21:23:32Z | P60: 2 | Q60: 1 | U60: 1562 | V60: 2021-06-17T21:23:20Z | W60: 43825
A61: MDEwOlJlcG9zaXRvcnkzNzY2OTc1OTA= | B61: PHP_XLS_TO_SQL | C61: BrendonGomes | D61: Brendon Vieira Gomes | E61: C,C++,C#, .NET. Flutter, PHP, Laravel, GCloud e muito mais 👍 | H61: An example with authentication and import/convert a XLS file into Mysql database. | J61: https://github.com/BrendonGomes/PHP_XLS_TO_SQL | K61: ---- | L61: CSS | M61: PHP/CSS/JavaScript | N61: 2021-06-14T03:59:10Z | O61: 2021-06-17T16:37:23Z | P61: 1 | Q61: 1 | U61: 12 | V61: 2021-06-17T16:37:09Z | Y61: learning
A62: MDEwOlJlcG9zaXRvcnkzNTA5MDUzMjE= | B62: limed9 | C62: kevncobb | J62: https://github.com/kevncobb/limed9 | K62: GNU General Public License v2.0 | L62: PHP | M62: PHP/Shell/JavaScript/CSS/Twig/HTML/Ruby | N62: 2021-03-24T01:09:07Z | O62: 2021-06-17T15:20:05Z | P62: 1 | Q62: 1 | U62: 191 | V62: 2021-06-17T15:19:59Z | W62: 44279 | Y62: development
A63: MDEwOlJlcG9zaXRvcnkyMjI4OTQ0ODg= | B63: mha | C63: mental-health-america | H63: MHA corporate website | I63: drupal | J63: https://github.com/mental-health-america/mha | K63: GNU General Public License v2.0 | L63: PHP | M63: PHP/HTML/JavaScript/CSS/Shell/Makefile/Ruby | N63: 2019-11-20T09:02:03Z | O63: 2021-06-17T13:07:25Z | P63: 3 | T63: 8 | U63: 85 | V63: 2021-06-17T13:05:56Z | W63: 44224 | X63: I | Y63: development
A64: MDEwOlJlcG9zaXRvcnkzNTU0MTM5Mw== | B64: v6 | C64: emundus | H64: Online application management for Joomla 3.x | J64: https://github.com/emundus/v6 | K64: GNU General Public License v2.0 | L64: PHP | M64: JavaScript/HTML/PHP/TSQL/CSS/Makefile/Hack | N64: 2015-05-13T09:56:50Z | O64: 2021-06-17T11:41:11Z | P64: 10 | Q64: 3 | R64: 5 | S64: 4 | T64: 20 | U64: 6983 | V64: 2021-06-17T11:39:48Z | W64: 42137 | X64: I | Y64: development
A65: MDEwOlJlcG9zaXRvcnkxNDc0ODYyODk= | B65: pantheon-brc-core-upstream-d8 | C65: NERC-CEH | H65: Drupal 8 core for BRC websites | J65: https://github.com/NERC-CEH/pantheon-brc-core-upstream-d8 | K65: GNU General Public License v2.0 | L65: PHP | M65: PHP/JavaScript/CSS/HTML/Shell/Gherkin/TeX | N65: 2018-09-05T08:35:51Z | O65: 2021-06-17T11:42:06Z | P65: 10 | Q65: 6 | S65: 2 | U65: 336 | V65: 2021-06-17T11:34:03Z | W65: 42234 | X65: P | Y65: development
A66: MDEwOlJlcG9zaXRvcnkzNTI3ODYzODg= | B66: DesarrolloWeb1-21 | C66: cmontellanob | J66: https://github.com/cmontellanob/DesarrolloWeb1-21 | K66: ---- | L66: PHP | M66: HTML/CSS/PHP/Hack/JavaScript | N66: 2021-03-29T21:14:08Z | O66: 2021-06-17T03:17:37Z | P66: 1 | Q66: 2 | R66: 2 | U66: 20 | V66: 2021-06-17T03:16:58Z | Y66: teaching
A67: MDEwOlJlcG9zaXRvcnkxODc1ODcwODM= | B67: job-runner | C67: keboola | I67: kbc-platform/kbc-queue | J67: https://github.com/keboola/job-runner | K67: ---- | L67: PHP | M67: Dockerfile/PHP/Shell | N67: 2019-05-20T07:11:49Z | O67: 2021-06-16T19:53:07Z | P67: 26 | Q67: 11 | U67: 239 | V67: 2021-06-16T19:53:04Z | W67: 43605 | Y67: development
A68: MDEwOlJlcG9zaXRvcnkzNzYzNjQ4Mjc= | B68: asset-bootstrap5 | C68: yii-extension | H68: Bootstrap5 Asset for Yii3 | J68: https://github.com/yii-extension/asset-bootstrap5 | K68: BSD 3-Clause \New\" or \"Revised\" License" | L68: PHP | M68: PHP | N68: 2021-06-12T19:01:10Z | O68: 2021-06-16T16:54:38Z | P68: 11 | Q68: 2 | R68: 2 | U68: 5 | V68: 2021-06-16T16:54:23Z | W68: 44359 | Y68: development
A69: MDEwOlJlcG9zaXRvcnkzMTc3MzU5Mzg= | B69: zhiboshi-backbone | C69: suxiangdong | E69: php & go developer | F69: 站酷 | G69: 北京 | J69: https://github.com/suxiangdong/zhiboshi-backbone | K69: ---- | L69: PHP | M69: Shell/PHP/Blade | N69: 2020-12-02T03:14:48Z | O69: 2021-06-16T10:00:46Z | P69: 1 | Q69: 1 | U69: 23 | V69: 2021-06-16T10:00:35Z | X69: I | Y69: development
A70: MDEwOlJlcG9zaXRvcnkxNjU0NDExNTg= | B70: php-test-utilities | C70: WyriHaximus | D70: Cees-Jan Kiewiet | E70: @WyriMaps, @reactphp core maintainer, highly interested in asynchronous programming, and generic maniac | F70: @usabilla | G70: Broek op Langedijk, The Netherlands | I70: hacktoberfest | J70: https://github.com/WyriHaximus/php-test-utilities | K70: MIT License | L70: PHP | M70: PHP/Makefile | N70: 2019-01-12T22:14:48Z | O70: 2021-06-16T07:59:57Z | P70: 1 | Q70: 1 | R70: 3 | T70: 7 | U70: 1055 | V70: 2021-06-16T07:59:53Z | W70: 42651 | X70: I | Y70: development
A71: MDEwOlJlcG9zaXRvcnkyODgwOTE3Mw== | B71: admidio | C71: Admidio | H71: Admidio is a free open source user management system for websites of organizations and groups. The system has a flexible role model so that it’s possible to reflect the structure and permissions of your organization. | I71: php/admidio/organization/user-management/membership/membership-management/club-management/members/photo-album/lists | J71: https://github.com/Admidio/admidio | K71: GNU General Public License v2.0 | L71: PHP | M71: JavaScript/CSS/HTML/PHP/Smarty/Dockerfile/Shell | N71: 2015-01-05T11:03:46Z | O71: 2021-06-21T07:58:22Z | P71: 7 | Q71: 21 | R71: 137 | S71: 72 | T71: 890 | U71: 8580 | V71: 2021-06-16T07:41:08Z | W71: 38439 | X71: I | Y71: development
A72: MDEwOlJlcG9zaXRvcnkzNzczMTU4MDI= | B72: OPE | C72: VicDev13 | D72: Victor Pinheiro | J72: https://github.com/VicDev13/OPE | K72: MIT License | L72: PHP | M72: Shell/PHP/Vue/Blade/Hack | N72: 2021-06-15T23:16:48Z | O72: 2021-06-16T04:06:09Z | P72: 1 | Q72: 1 | U72: 5 | V72: 2021-06-16T04:06:07Z | W72: 44362
A73: MDEwOlJlcG9zaXRvcnkzNTUxNzEyMzM= | B73: psuti_museum | C73: Brotiger | J73: https://github.com/Brotiger/psuti_museum | K73: ---- | L73: Blade | M73: Shell/PHP/Blade | N73: 2021-04-06T11:55:51Z | O73: 2021-06-17T11:26:39Z | P73: 1 | Q73: 1 | U73: 24 | V73: 2021-06-15T16:29:38Z | W73: 44292
A74: MDEwOlJlcG9zaXRvcnkzNjUyMjgxMjg= | B74: tips | C74: football-betting | J74: https://github.com/football-betting/tips | K74: ---- | L74: PHP | M74: Shell/PHP | N74: 2021-05-07T12:35:27Z | O74: 2021-06-21T10:03:48Z | P74: 11 | Q74: 3 | R74: 1 | U74: 20 | V74: 2021-06-15T14:18:13Z | W74: 44322 | Y74: development
A75: MDEwOlJlcG9zaXRvcnkzNjY2MzI5ODk= | B75: nguyencongpc | C75: trung5620 | D75: Le Quoc Trung | H75: Nguyen Cong PC | J75: https://github.com/trung5620/nguyencongpc | K75: ---- | L75: HTML | M75: CSS/Blade/PHP/JavaScript/HTML/SCSS/Handlebars | N75: 2021-05-12T07:40:48Z | O75: 2021-06-15T10:01:29Z | P75: 2 | Q75: 1 | U75: 14 | V75: 2021-06-15T10:01:23Z | W75: 44328
A76: MDEwOlJlcG9zaXRvcnkyODc0MTk3NjE= | B76: bangsus | C76: artevance | D76: Michael Lam | G76: Surabaya, Indonesia | J76: https://github.com/artevance/bangsus | K76: ---- | L76: Vue | M76: PHP/CSS/JavaScript/Shell/Blade/Vue/HTML | N76: 2020-08-14T01:56:34Z | O76: 2021-06-15T09:14:49Z | P76: 1 | Q76: 1 | U76: 536 | V76: 2021-06-15T09:14:35Z | W76: 44057 | Y76: development
A77: MDEwOlJlcG9zaXRvcnkzNTgxMDQ4NzU= | B77: apotek | C77: aloysiusmatz | J77: https://github.com/aloysiusmatz/apotek | K77: ---- | L77: PHP | M77: Shell/PHP/Blade | N77: 2021-04-15T02:38:20Z | O77: 2021-06-15T07:54:56Z | P77: 1 | Q77: 1 | U77: 10 | V77: 2021-06-15T07:54:26Z | Y77: development
A78: MDEwOlJlcG9zaXRvcnkzMjQyNDc2OTM= | B78: Object-Detection-With-Smart-Phones | C78: enginyenice | D78: Engin Yenice | E78: Hi 👋, I'm Engin Yenice\r\nComputer Technician and Computer Engineer Student | F78: Kocaeli University - Computer Engineering | G78: Kocaeli, Eskişehir / Türkiye | H78: Projede gerçek zamanlı nesne tespiti React Native (Mobil Taraf) ve PHP (API Taraf) kullanarak yapılmaktadır. Başlangıçta anlık olarak telefon kamerasından çekilen bir görüntüdeki nesneleri tanıyan ve daha sonra görüntü üzerindeki toplam nesne sayısını bulan bir uygulamayı React Native ve PHP ile geliştirilmektedir. | J78: https://github.com/enginyenice/Object-Detection-With-Smart-Phones | K78: ---- | L78: JavaScript | M78: PHP/JavaScript/Starlark/Java/Ruby/Objective-C | N78: 2020-12-24T22:43:34Z | O78: 2021-06-15T07:06:22Z | P78: 1 | Q78: 1 | R78: 4 | U78: 37 | V78: 2021-06-15T07:06:18Z | W78: 44189 | X78: A | Y78: teaching
A79: MDEwOlJlcG9zaXRvcnkzMDk1NDg5NjE= | B79: keuanganV2 | C79: SCDB-IPDN | J79: https://github.com/SCDB-IPDN/keuanganV2 | K79: MIT License | L79: HTML | M79: PHP/HTML/Hack/CSS/JavaScript/Makefile/Shell | N79: 2020-11-03T02:21:51Z | O79: 2021-06-15T03:14:06Z | P79: 21 | Q79: 1 | U79: 964 | V79: 2021-06-15T03:14:02Z | Y79: development
A80: MDEwOlJlcG9zaXRvcnkzNjk0MTEwNDY= | B80: croirecafe_2021 | C80: gomura | D80: Gomura Masafumi | J80: https://github.com/gomura/croirecafe_2021 | K80: ---- | L80: PHP | M80: Shell/Dockerfile/PHP/Twig/CSS/JavaScript/HTML | N80: 2021-05-21T04:16:11Z | O80: 2021-06-15T02:27:17Z | P80: 1 | Q80: 1 | T80: 1 | U80: 11 | V80: 2021-06-15T02:26:52Z
A81: MDEwOlJlcG9zaXRvcnkyNTUxMTc2MzQ= | B81: Symbiota-stri | C81: BioKIC | H81: Smithsonian Tropical Research Institute biodiversity data portal | J81: https://github.com/BioKIC/Symbiota-stri | K81: GNU General Public License v2.0 | L81: PHP | M81: PHP/CSS/Hack/HTML/Shell/JavaScript | N81: 2020-04-12T15:54:21Z | O81: 2021-06-14T23:33:21Z | P81: 7 | Q81: 4 | U81: 5085 | V81: 2021-06-14T23:29:22Z | W81: 40326 | X81: A | Y81: research
A82: MDEwOlJlcG9zaXRvcnkyMzYzMjc1ODQ= | B82: Monofony | C82: Monofony | H82: Main repository for all Monofony bundles | I82: sylius/symfony/behat/phpspec/phpstan/infection | J82: https://github.com/Monofony/Monofony | K82: MIT License | L82: PHP | M82: PHP/JavaScript/Shell/Gherkin/Makefile/SCSS/Twig | N82: 2020-01-26T14:59:05Z | O82: 2021-06-14T15:13:55Z | P82: 9 | Q82: 11 | R82: 34 | S82: 9 | T82: 17 | U82: 1520 | V82: 2021-06-14T15:13:40Z | W82: 42765 | Y82: development
A83: MDEwOlJlcG9zaXRvcnkzNzY4NDI1NDg= | B83: ticket-falicrea | C83: Tiafeno | D83: Tiafeno Finel | E83: A passionate about web development. | F83: Entreprise FALI | G83: Antananarivo | J83: https://github.com/Tiafeno/ticket-falicrea | K83: ---- | L83: PHP | M83: CSS/PHP/Batchfile/Shell/Liquid | N83: 2021-06-14T13:59:06Z | O83: 2021-06-14T14:02:20Z | P83: 1 | Q83: 1 | U83: 2 | V83: 2021-06-14T14:01:12Z | X83: I
A84: MDEwOlJlcG9zaXRvcnkzNzY3OTkxNTA= | B84: employee-register | C84: kozhinhikkodan | D84: Mohammed Salih Kozhinhikkodan | E84: Developer\r\n | G84: Malappuram, India | J84: https://github.com/kozhinhikkodan/employee-register | K84: MIT License | L84: JavaScript | M84: PHP/HTML/Shell/JavaScript/CSS/Hack | N84: 2021-06-14T11:27:24Z | O84: 2021-06-14T11:31:09Z | P84: 1 | Q84: 1 | U84: 1 | V84: 2021-06-14T11:28:06Z | W84: 44361
A85: MDEwOlJlcG9zaXRvcnkyMjQzOTgwMjY= | B85: tahos | C85: skrtoha | J85: https://github.com/skrtoha/tahos | K85: ---- | L85: CSS | M85: HTML/PHP/CSS/JavaScript | N85: 2019-11-27T09:51:38Z | O85: 2021-06-14T11:17:22Z | P85: 1 | Q85: 1 | U85: 648 | V85: 2021-06-14T11:16:58Z | W85: 43797
A86: MDEwOlJlcG9zaXRvcnkzMzUyOTk1NjY= | B86: 002ThanhMinhDuc | C86: namdongvando | J86: https://github.com/namdongvando/002ThanhMinhDuc | K86: ---- | L86: PHP | M86: PHP/HTML/JavaScript/CSS/SCSS/Batchfile/Shell | N86: 2021-02-02T13:33:16Z | O86: 2021-06-14T09:39:34Z | P86: 1 | Q86: 1 | U86: 13 | V86: 2021-06-14T09:38:55Z | W86: 44229
A87: MDEwOlJlcG9zaXRvcnkyNzUyOTgzMjc= | B87: sikembang | C87: susantohenri | D87: Henri Susanto | J87: https://github.com/susantohenri/sikembang | K87: ---- | L87: PHP | M87: PHP/HTML/Shell/CSS/JavaScript | N87: 2020-06-27T04:20:14Z | O87: 2021-06-14T01:57:28Z | P87: 1 | Q87: 1 | U87: 89 | V87: 2021-06-14T01:57:10Z | W87: 43693
A88: MDEwOlJlcG9zaXRvcnkzNDU4NjU5Njk= | B88: Moodle-PHP | C88: HuynhEmCuong | J88: https://github.com/HuynhEmCuong/Moodle-PHP | K88: GNU General Public License v3.0 | L88: PHP | M88: PHP/JavaScript/HTML/Gherkin/Mustache/CSS/XSLT | N88: 2021-03-09T03:02:42Z | O88: 2021-06-14T01:57:26Z | P88: 1 | Q88: 1 | U88: 9 | V88: 2021-06-14T01:56:29Z | W88: 44264 | Y88: development
A89: MDEwOlJlcG9zaXRvcnkzNzUwNjQwNDA= | B89: archadian-assessment | C89: nisa-sabrina | H89: A simple PHP code to upload the file into the folder and read all data from the Excel file | J89: https://github.com/nisa-sabrina/archadian-assessment | K89: ---- | L89: PHP | M89: PHP/JavaScript | N89: 2021-06-08T15:47:05Z | O89: 2021-06-13T08:33:35Z | P89: 1 | Q89: 1 | U89: 7 | V89: 2021-06-13T08:33:27Z | Y89: development
A90: MDEwOlJlcG9zaXRvcnkzNjU1NzQwMTI= | B90: editora-core | C90: aponscat | J90: https://github.com/aponscat/editora-core | K90: GNU General Public License v3.0 | L90: PHP | M90: PHP | N90: 2021-05-08T17:31:51Z | O90: 2021-06-12T18:03:11Z | P90: 2 | Q90: 2 | S90: 1 | U90: 119 | V90: 2021-06-12T18:03:01Z | W90: 44324
A91: MDEwOlJlcG9zaXRvcnk4MTM5MDU1MQ== | B91: hergo | C91: wilmix | H91: Sistema de Inventarios para Hergo LTDA | J91: https://github.com/wilmix/hergo | K91: MIT License | L91: PHP | M91: PHP/HTML/JavaScript/CSS/Hack | N91: 2017-02-09T00:22:09Z | O91: 2021-06-11T19:59:50Z | P91: 1 | Q91: 1 | T91: 9 | U91: 903 | V91: 2021-06-11T19:59:40Z | W91: 42775 | Y91: development
A92: MDEwOlJlcG9zaXRvcnkzNzQ4NzY2NTg= | B92: demo_shop | C92: manuel1358000 | D92: Manuel Antonio Fuentes Fuentes | E92: Hola mi nombre es Manuel, soy desarrollador de software. | G92: Guatemala | H92: DEMO SHOP | J92: https://github.com/manuel1358000/demo_shop | K92: ---- | L92: PHP | M92: PHP/CSS/Less/JavaScript/Smarty/Vue/Twig | N92: 2021-06-08T04:07:47Z | O92: 2021-06-11T18:09:50Z | P92: 1 | Q92: 1 | U92: 3 | V92: 2021-06-11T18:07:46Z | Y92: learning
A93: MDEwOlJlcG9zaXRvcnkzNTk4MzQwNTc= | B93: php-skel | C93: flavioheleno | D93: Flávio Heleno | E93: I make things work. | G93: São Carlos, São Paulo, Brazil | H93: A very opinionated PHP Skeleton for Projects and Libraries | I93: composer/php/psalm/phpunit/infection/phpstan/phpcs/skeleton-template | J93: https://github.com/flavioheleno/php-skel | K93: MIT License | L93: ---- | N93: 2021-04-20T13:54:14Z | O93: 2021-06-11T15:03:22Z | P93: 1 | Q93: 1 | U93: 5 | V93: 2021-06-11T15:03:19Z | X93: I | Y93: development
A94: MDEwOlJlcG9zaXRvcnkzMzc1OTcwOTA= | B94: laravel-ppic | C94: genresos | G94: Jakarta | J94: https://github.com/genresos/laravel-ppic | K94: ---- | L94: JavaScript | M94: Shell/PHP/CSS/JavaScript/HTML/Less/SCSS | N94: 2021-02-10T02:39:23Z | O94: 2021-06-11T14:59:13Z | P94: 1 | Q94: 1 | U94: 1 | V94: 2021-06-11T10:44:10Z | W94: 44358 | Y94: development
A95: MDEwOlJlcG9zaXRvcnkyOTI3NjcwODQ= | B95: larapos | C95: mesinkasir | D95: Mesin Kasir | E95: https://mesinkasironline.web.app\r\nemail : \r\naxcora@gmail.com\r\n\r\nWhatsApp : \r\n+6285646104747\r\n\r\nprofile :\r\nhttps://creativebyre.vercel.app | F95: axcora | G95: surockboyo | H95: Laravel Point of sale with invoice full source code free download pos apps. | I95: laravel/source/code/free/pos/cashier/billing/pointofsale/point-of-sale/kasir | J95: https://github.com/mesinkasir/larapos | K95: ---- | L95: JavaScript | M95: PHP/CSS/JavaScript/Shell/SCSS/Blade | N95: 2020-09-04T06:23:20Z | O95: 2021-06-22T08:33:37Z | P95: 1 | Q95: 1 | R95: 8 | S95: 5 | U95: 11 | V95: 2021-06-10T19:28:09Z | W95: 44078 | X95: I | Y95: development
A96: MDEwOlJlcG9zaXRvcnkyOTQ0NTY0MTU= | B96: codeigniter4-tools | C96: tattersoftware | H96: Developer tools for CodeIgniter 4 | J96: https://github.com/tattersoftware/codeigniter4-tools | K96: MIT License | L96: PHP | M96: Shell/PHP | N96: 2020-09-10T15:58:41Z | O96: 2021-06-10T13:39:57Z | P96: 1 | Q96: 2 | R96: 3 | S96: 1 | T96: 1 | U96: 81 | V96: 2021-06-10T13:39:53Z | W96: 44084 | X96: I | Y96: development
A97: MDEwOlJlcG9zaXRvcnkzNzYwNDYxMjE= | B97: cycript_fiver | C97: pachristo | E97: laravel|codeigniter|vue js| react js | F97: techalkali | G97: uyo | H97: cycript_fiver script | J97: https://github.com/pachristo/cycript_fiver | K97: ---- | L97: JavaScript | M97: Shell/PHP/CSS/JavaScript/HTML/Sass/SCSS | N97: 2021-06-11T14:11:04Z | O97: 2021-06-11T14:17:32Z | P97: 1 | Q97: 1 | U97: 1 | V97: 2021-06-10T10:29:02Z | X97: I | Y97: development
A98: MDEwOlJlcG9zaXRvcnkzNDkyNzQ4Mjg= | B98: karir-personalitytalk | C98: ajifatur | D98: Fathurrahman Prasetyo Aji | E98: Web Developer | F98: Terserah | G98: Semarang | J98: https://github.com/ajifatur/karir-personalitytalk | K98: GNU General Public License v3.0 | L98: Blade | M98: Shell/PHP/HTML/Blade | N98: 2021-03-19T02:16:49Z | O98: 2021-06-10T03:13:52Z | P98: 2 | Q98: 1 | U98: 24 | V98: 2021-06-10T03:13:45Z | W98: 44274 | X98: I | Y98: development
A99: MDEwOlJlcG9zaXRvcnkzNjcxNzM1MTc= | B99: Prestashop | C99: Brocoleo | D99: Leandro Miranda | J99: https://github.com/Brocoleo/Prestashop | K99: ---- | L99: PHP | M99: PHP/CSS/Less/JavaScript/Smarty/Vue/Twig | N99: 2021-05-13T21:00:32Z | O99: 2021-06-09T18:58:27Z | P99: 1 | Q99: 1 | U99: 7 | V99: 2021-06-09T18:57:33Z | Y99: development
A100: MDEwOlJlcG9zaXRvcnkzNzUzODM1OTE= | B100: Auramoth.github.io | C100: Auramoth | J100: https://github.com/Auramoth/Auramoth.github.io | K100: MIT License | L100: CSS | M100: HTML/Dockerfile/Shell/PHP/JavaScript/CSS | N100: 2021-06-09T14:26:34Z | O100: 2021-06-09T16:42:27Z | P100: 1 | Q100: 1 | U100: 13 | V100: 2021-06-09T16:42:25Z
...

Sheet major
A1: repositoryId | B1: repositoryName | C1: ownerLogin | D1: ownerName | E1: ownerBio | F1: ownerCompany | G1: ownerLocation | H1: repositoryDescription | I1: topics | J1: url | K1: license | L1: primaryLanguage | M1: allLanguages | N1: repositoryCreationDate | O1: repositoryLastUpdate | P1: contributors | Q1: watchers | R1: starts | S1: forks | T1: issues | U1: commits | V1: lastCommit | W1: firstCommit | X1: Academia/Industry/Public | Y1: Category
A2: MDEwOlJlcG9zaXRvcnkzNDg2Mzc0Mzg= | B2: Automatic-correctness-assessment | C2: gmldbs | J2: https://github.com/gmldbs/Automatic-correctness-assessment | K2: ---- | L2: Python | M2: Perl/Makefile/Python/C/C++/PostScript/Batchfile | N2: 2021-03-17T08:43:40Z | O2: 2021-04-06T07:32:35Z | P2: 1 | Q2: 1 | U2: 13 | V2: 2021-04-06T07:32:32Z | W2: 44291
A3: MDEwOlJlcG9zaXRvcnkyOTgzOTczMTY= | B3: CodeDefendersCode | C3: vnc10 | D3: Vinicius Petris | E3: Computer Science student at Federal University of Technology - Paraná | G3: Campo Mourão, PR, Brazil | J3: https://github.com/vnc10/CodeDefendersCode | K3: GNU Lesser General Public License v3.0 | L3: Java | M3: Dockerfile/Shell/Python/Java/Makefile/JavaScript/HTML | N3: 2020-09-24T21:19:24Z | O3: 2021-03-13T22:33:01Z | P3: 1 | Q3: 1 | U3: 8 | V3: 2021-02-06T04:45:07Z | W3: 44098 | Y3: teaching
A4: MDEwOlJlcG9zaXRvcnkzMzAzNjkzOTE= | B4: MajorExample | C4: MutantBench | J4: https://github.com/MutantBench/MajorExample | K4: ---- | L4: Shell | M4: Shell | N4: 2021-01-17T10:55:26Z | O4: 2021-01-17T14:10:15Z | P4: 1 | Q4: 1 | U4: 5 | V4: 2021-01-17T14:10:06Z | W4: 44213 | Y4: learning
A5: MDEwOlJlcG9zaXRvcnk0ODQzNzY3Mw== | B5: CodeDefenders | C5: CodeDefenders | H5: Gamification of Mutation Testing | J5: https://github.com/CodeDefenders/CodeDefenders | K5: GNU Lesser General Public License v3.0 | L5: Java | M5: Java/Shell/JavaScript/HTML/CSS/Dockerfile | N5: 2015-12-22T14:53:12Z | O5: 2021-03-25T09:04:04Z | P5: 11 | Q5: 7 | R5: 29 | S5: 12 | T5: 1 | U5: 3286 | V5: 2020-12-05T14:40:03Z | W5: 42193 | Y5: teaching
A6: MDEwOlJlcG9zaXRvcnkzMDgwMzEzNTk= | B6: TQS20-21_major-demo | C6: danrpinho | D6: Daniel Pinho | F6: University of Porto | G6: Porto, Portugal | J6: https://github.com/danrpinho/TQS20-21_major-demo | K6: ---- | L6: Java | M6: Shell/Java | N6: 2020-10-28T13:49:47Z | O6: 2020-12-07T17:21:20Z | P6: 1 | Q6: 1 | U6: 2 | V6: 2020-10-28T13:52:22Z | W6: 44132 | X6: A
A7: MDEwOlJlcG9zaXRvcnkzMDQ1ODAzMTQ= | B7: TVVS | C7: DiogoASTeixeira | D7: Diogo Teixeira | F7: FEUP | G7: Porto | J7: https://github.com/DiogoASTeixeira/TVVS | K7: ---- | L7: Java | M7: Java/Shell | N7: 2020-10-16T09:27:35Z | O7: 2021-03-11T16:22:47Z | P7: 3 | Q7: 1 | U7: 6 | V7: 2020-10-26T12:44:07Z | W7: 44120 | X7: A | Y7: teaching
A8: MDEwOlJlcG9zaXRvcnkzMDQ5MjcxNjQ= | B8: TriangleMutation | C8: ricardojaferreira | D8: Ricardo Ferreira | H8: Some mutation testing with the Triangle tool | J8: https://github.com/ricardojaferreira/TriangleMutation | K8: ---- | L8: Java | M8: Java/Shell/CSS/HTML/JavaScript | N8: 2020-10-17T17:01:09Z | O8: 2020-10-17T23:26:24Z | P8: 1 | Q8: 1 | U8: 4 | V8: 2020-10-17T23:26:18Z | W8: 44121 | Y8: teaching
A9: MDEwOlJlcG9zaXRvcnkzMDEyODExMzU= | B9: CS520-InClass2 | C9: koushikrbukkasamudram | J9: https://github.com/koushikrbukkasamudram/CS520-InClass2 | K9: ---- | L9: Java | M9: Java/Shell | N9: 2020-10-05T03:13:47Z | O9: 2020-10-05T03:16:53Z | P9: 1 | Q9: 1 | U9: 19 | V9: 2020-10-05T02:25:18Z | W9: 43009 | Y9: teaching
A10: MDEwOlJlcG9zaXRvcnkyOTQ3NDYxNDA= | B10: cseprjs | C10: tonymadkins | D10: Anthony Adkins | G10: United States | J10: https://github.com/tonymadkins/cseprjs | K10: ---- | L10: Python | M10: Python/Java/CSS/HTML/JavaScript/Shell | N10: 2020-09-11T16:28:59Z | O10: 2020-09-11T17:01:44Z | P10: 1 | Q10: 1 | U10: 5 | V10: 2020-09-11T17:01:34Z | W10: 44085 | Y10: teaching
A11: MDEwOlJlcG9zaXRvcnkyMDIyMzk4ODQ= | B11: TesterRank | C11: viyer5 | D11: Vighnesh Iyer | E11: I am a second year grad student at University of Illinois at Urbana Champaign studying Computer Science. Reactive programming is Kotlin is my latest obsession | J11: https://github.com/viyer5/TesterRank | K11: ---- | L11: Java | M11: Shell/Java | N11: 2019-08-13T23:53:22Z | O11: 2020-06-29T21:29:00Z | P11: 1 | Q11: 2 | U11: 2 | V11: 2020-06-29T21:28:57Z | W11: 43690 | X11: A | Y11: extension/clon

Sheet mujava
A1: repositoryId | B1: repositoryName | C1: ownerLogin | D1: ownerName | E1: ownerBio | F1: ownerCompany | G1: ownerLocation | H1: repositoryDescription | I1: topics | J1: url | K1: license | L1: primaryLanguage | M1: allLanguages | N1: repositoryCreationDate | O1: repositoryLastUpdate | P1: contributors | Q1: watchers | R1: starts | S1: forks | T1: issues | U1: commits | V1: lastCommit | W1: firstCommit | X1: Academia/Industry/Public | Y1: Category
A2: MDEwOlJlcG9zaXRvcnkzNjgwOTY5MDE= | B2: MutationAnalysisForDBC-FormaliSE21 | C2: TUBS-ISF | J2: https://github.com/TUBS-ISF/MutationAnalysisForDBC-FormaliSE21 | K2: ---- | L2: Java | M2: Java/Python | N2: 2021-05-17T07:36:53Z | O2: 2021-05-17T07:43:58Z | P2: 9 | Q2: 3 | U2: 2 | V2: 2021-05-17T07:43:22Z | W2: 44333 | Y2: research
A3: MDEwOlJlcG9zaXRvcnkxNjk0MjM0MTg= | B3: nimrod-hunor | C3: easy-software-ufal | J3: https://github.com/easy-software-ufal/nimrod-hunor | K3: ---- | L3: Python | M3: Python/Java/Dockerfile/Shell | N3: 2019-02-06T14:59:36Z | O3: 2021-04-06T19:36:19Z | P3: 13 | Q3: 6 | S3: 5 | U3: 89 | V3: 2021-04-06T19:35:59Z | W3: 43502 | Y3: research
A4: MDEwOlJlcG9zaXRvcnkyNzY2MjI2OTg= | B4: master-project-mutation-testing | C4: synchi | D4: Sara Oonk | H4: Private repo for master project work on efficient mutation testing in Java and PHP, using MuJava and Infection. | J4: https://github.com/synchi/master-project-mutation-testing | K4: ---- | L4: Java | M4: Java/Shell/Groovy/HTML/CSS/Batchfile/PHP | N4: 2020-07-02T10:57:46Z | O4: 2021-01-28T15:33:48Z | P4: 1 | Q4: 1 | U4: 28 | V4: 2021-01-28T15:32:46Z | W4: 44014 | Y4: research
A5: MDEwOlJlcG9zaXRvcnkxNDU1NTc5MjA= | B5: GaSubtle | C5: AbdullahAsendar | D5: Abdullah Asendar | E5: Backend Java Developer | H5: Generate Higher Order Mutants using Genetic Algorithm | I5: fault-based-testing/mutation-testing/genetic-algorithm/java-8/javafx/junit4/spring-boot | J5: https://github.com/AbdullahAsendar/GaSubtle | K5: GNU General Public License v3.0 | L5: Java | M5: Java/CSS | N5: 2018-08-21T12:00:42Z | O5: 2020-12-11T00:56:34Z | P5: 2 | Q5: 1 | U5: 28 | V5: 2020-12-11T00:56:31Z | W5: 43450 | Y5: research
A6: MDEwOlJlcG9zaXRvcnkyMzY0ODcyMQ== | B6: MuJava | C6: saiema | D6: Simón Emmanuel Gutiérrez Brida | E6: PhD in Computer Science at FaMAF (Universidad Nacional de Córdoba)\r\n\r\nPlace of work : Universidad Nacional de Río Cuarto, Departamento de Computación | G6: Argentina | H6: An improved version of muJava, a mutation tool for Java | J6: https://github.com/saiema/MuJava | K6: ---- | L6: Java | M6: Java | N6: 2014-09-04T04:43:48Z | O6: 2020-10-13T16:59:09Z | P6: 1 | Q6: 2 | R6: 3 | T6: 10 | U6: 296 | V6: 2020-10-13T16:58:59Z | W6: 41189 | X6: A | Y6: extension/clon
A7: MDEwOlJlcG9zaXRvcnk2Njg4NzgzMQ== | B7: MyPhdThesis_DemoCode | C7: shabanjokhio | D7: Muhammad Shaban | J7: https://github.com/shabanjokhio/MyPhdThesis_DemoCode | K7: ---- | L7: Java | M7: Java | N7: 2016-08-29T23:17:13Z | O7: 2020-10-07T20:15:54Z | P7: 1 | Q7: 1 | R7: 1 | U7: 4 | V7: 2020-10-07T20:06:44Z | W7: 42611 | Y7: research
A8: MDEwOlJlcG9zaXRvcnkxMTY3MjEwNTA= | B8: METtester | C8: UNF-STLab | J8: https://github.com/UNF-STLab/METtester | K8: ---- | L8: Java | M8: Java/Batchfile | N8: 2018-01-08T19:54:05Z | O8: 2020-09-16T14:49:27Z | P8: 4 | Q8: 3 | R8: 2 | S8: 2 | U8: 14 | V8: 2020-09-16T14:49:06Z | W8: 43108 | Y8: research
A9: MDEwOlJlcG9zaXRvcnkzOTg1NzUxNA== | B9: ANPER | C9: gastonscilingo | D9: Gastón Scilingo | F9: UNRC | H9: Automatic NullPointer Exception Repair | J9: https://github.com/gastonscilingo/ANPER | K9: ---- | L9: Java | M9: Java | N9: 2015-07-28T20:59:46Z | O9: 2020-08-31T18:07:15Z | P9: 2 | Q9: 2 | R9: 1 | S9: 1 | U9: 19 | V9: 2020-08-31T18:07:06Z | W9: 42213 | X9: A | Y9: research
A10: MDEwOlJlcG9zaXRvcnkyODg3MzkyMjU= | B10: myStudents | C10: phantomDai | J10: https://github.com/phantomDai/myStudents | K10: ---- | L10: HTML | M10: HTML/CSS/Java | N10: 2020-08-19T13:27:49Z | O10: 2020-08-19T13:40:45Z | P10: 1 | Q10: 1 | U10: 2 | V10: 2020-08-19T13:29:07Z | W10: 44062 | Y10: teaching

Sheet mutant
A1: repositoryId | B1: repositoryName | C1: ownerLogin | D1: ownerName | E1: ownerBio | F1: ownerCompany | G1: ownerLocation | H1: repositoryDescription | I1: topics | J1: url | K1: license | L1: primaryLanguage | M1: allLanguages | N1: repositoryCreationDate | O1: repositoryLastUpdate | P1: contributors | Q1: watchers | R1: starts | S1: forks | T1: issues | U1: commits | V1: lastCommit | W1: firstCommit | X1: Academia/Industry | Y1: Category
A2: MDEwOlJlcG9zaXRvcnkyNTgwOTc0NTA= | B2: junstar17.github.io | C2: Junstar17 | D2: Junstar17 | H2: 블로그 | J2: https://github.com/Junstar17/junstar17.github.io | K2: MIT License | L2: HTML | M2: HTML/Ruby/SCSS/JavaScript/CSS/Pug | N2: 2020-04-23T04:50:48Z | O2: 2021-06-22T07:13:02Z | P2: 1 | Q2: 1 | U2: 146 | V2: 2021-06-22T07:12:51Z | W2: 43944 | Y2: development
A3: MDEwOlJlcG9zaXRvcnkzNzY2NjIxMTI= | B3: muina | C3: vaporyhumo | D3: Rodrigo Andr√©s Contreras Vilina | F3: @recorridoCL | G3: Santiago, Chile | H3: Typesafe core for Rails applications that already use Sorbet. | I3: ruby/rails/sorbet | J3: https://github.com/vaporyhumo/muina | K3: ---- | L3: Ruby | M3: Ruby/Shell | N3: 2021-06-13T23:52:09Z | O3: 2021-06-22T05:35:34Z | P3: 1 | Q3: 1 | R3: 1 | U3: 2 | V3: 2021-06-22T05:01:51Z | W3: 44369 | X3: I | Y3: development
A4: MDEwOlJlcG9zaXRvcnkzNDczMDY5NTQ= | B4: giftlog | C4: Soki-Naka | J4: https://github.com/Soki-Naka/giftlog | K4: ---- | L4: HTML | M4: Ruby/JavaScript/HTML/SCSS | N4: 2021-03-13T07:46:49Z | O4: 2021-06-22T04:34:22Z | P4: 1 | Q4: 1 | U4: 127 | V4: 2021-06-22T04:33:30Z | W4: 44253 | Y4: teaching
A5: MDEwOlJlcG9zaXRvcnkzMjg0MTI2ODk= | B5: jcookpad | C5: junjun491 | J5: https://github.com/junjun491/jcookpad | K5: ---- | L5: Ruby | M5: Ruby/JavaScript/CSS/SCSS/HTML/Vue/Dockerfile | N5: 2021-01-10T15:17:27Z | O5: 2021-06-22T03:41:11Z | P5: 3 | Q5: 2 | U5: 149 | V5: 2021-06-22T03:40:48Z | W5: 44206
A6: MDEwOlJlcG9zaXRvcnkzNzI3MTQ3MjM= | B6: Portfolio | C6: yuma0313 | J6: https://github.com/yuma0313/Portfolio | K6: ---- | L6: Ruby | M6: Ruby/JavaScript/HTML/CoffeeScript/SCSS | N6: 2021-06-01T05:45:57Z | O6: 2021-06-22T02:33:09Z | P6: 1 | Q6: 1 | U6: 20 | V6: 2021-06-22T02:32:46Z | W6: 44348 | Y6: teaching
A7: MDEwOlJlcG9zaXRvcnkzNTU5MjU0NjE= | B7: mentalhealth_management_test | C7: ko-suke1016 | D7: こうすけ | E7: RUNTEQ15期 \r\n元飲食業人事労務 | H7: メンタルヘルスマネジメント検定3級の副教材 | J7: https://github.com/ko-suke1016/mentalhealth_management_test | K7: ---- | L7: Ruby | M7: JavaScript/Ruby/HTML/SCSS/CSS | N7: 2021-04-08T13:48:47Z | O7: 2021-06-21T19:21:03Z | P7: 1 | Q7: 1 | R7: 1 | T7: 17 | U7: 151 | V7: 2021-06-21T19:21:00Z | W7: 44294 | Y7: teaching
A8: MDEwOlJlcG9zaXRvcnkzNjkxMTkzMzE= | B8: surfing_typing | C8: ryuji55 | J8: https://github.com/ryuji55/surfing_typing | K8: ---- | L8: Ruby | M8: Ruby/JavaScript/SCSS/HTML | N8: 2021-05-20T07:25:56Z | O8: 2021-06-21T15:54:56Z | P8: 1 | Q8: 1 | T8: 4 | U8: 15 | V8: 2021-06-21T15:54:52Z | W8: 44336 | Y8: teaching
A9: MDEwOlJlcG9zaXRvcnkzMjMwMjIzNDA= | B9: best_gifter | C9: naka-no-mura | J9: https://github.com/naka-no-mura/best_gifter | K9: ---- | L9: Vue | M9: Ruby/JavaScript/CSS/HTML/Vue/SCSS | N9: 2020-12-20T07:59:40Z | O9: 2021-06-21T14:49:12Z | P9: 1 | Q9: 1 | T9: 31 | U9: 317 | V9: 2021-06-21T14:49:10Z | Y9: teaching
A10: MDEwOlJlcG9zaXRvcnkzNTEyNTU5Nzc= | B10: rr | C10: kent7k | D10: Kento | J10: https://github.com/kent7k/rr | K10: ---- | L10: Vue | M10: Dockerfile/Ruby/HTML/SCSS/Vue/JavaScript/HCL | N10: 2021-03-24T23:55:12Z | O10: 2021-06-21T11:48:51Z | P10: 1 | Q10: 1 | U10: 560 | V10: 2021-06-21T11:48:38Z | W10: 44279 | Y10: teaching
A11: MDEwOlJlcG9zaXRvcnkxNzM5NjQ4ODU= | B11: tchuang5.github.io | C11: tchuang5 | J11: https://github.com/tchuang5/tchuang5.github.io | K11: ---- | L11: HTML | M11: HTML/Ruby/Shell/SCSS/Sass | N11: 2019-03-05T14:46:19Z | O11: 2021-06-21T09:02:04Z | P11: 1 | U11: 53 | V11: 2021-06-21T09:01:55Z | W11: 43529 | Y11: development
A12: MDEwOlJlcG9zaXRvcnkzNzQ0OTgzMDE= | B12: rails_review_app | C12: KouSei089 | J12: https://github.com/KouSei089/rails_review_app | K12: ---- | L12: Ruby | M12: Ruby/JavaScript/SCSS/HTML | N12: 2021-06-07T01:09:53Z | O12: 2021-06-21T07:14:22Z | P12: 1 | Q12: 1 | U12: 26 | V12: 2021-06-21T07:14:02Z | W12: 44354
A13: MDEwOlJlcG9zaXRvcnkzNjY3MjUwNDQ= | B13: syuwakai | C13: toshiki-o23 | H13: „Éù„Éº„Éà„Éï„Ç©„É™„Ç™‰ΩúÊàê | J13: https://github.com/toshiki-o23/syuwakai | K13: ---- | L13: Ruby | M13: Ruby/JavaScript/SCSS/HTML/Dockerfile/Shell | N13: 2021-05-12T13:27:59Z | O13: 2021-06-20T11:03:28Z | P13: 1 | Q13: 1 | U13: 178 | V13: 2021-06-20T11:03:15Z | W13: 44328 | Y13: teaching
A14: MDEwOlJlcG9zaXRvcnkzNDk2MTg4NzY= | B14: book-put | C14: shrine-dragon | F14: 日本パトロール浜松営業所 | G14: 静岡県浜松市 | J14: https://github.com/shrine-dragon/book-put | K14: ---- | L14: Ruby | M14: Ruby/JavaScript/CSS/HTML/SCSS | N14: 2021-03-20T03:40:23Z | O14: 2021-06-20T11:03:08Z | P14: 1 | Q14: 1 | U14: 464 | V14: 2021-06-20T11:03:05Z | W14: 44275 | Y14: teaching
A15: MDEwOlJlcG9zaXRvcnkzNTM5NDQyNDU= | B15: iitoko | C15: kaho-t | J15: https://github.com/kaho-t/iitoko | K15: ---- | L15: Ruby | M15: Ruby/JavaScript/CSS/HTML/SCSS | N15: 2021-04-02T07:39:41Z | O15: 2021-06-20T07:45:25Z | P15: 1 | Q15: 1 | U15: 24 | V15: 2021-06-20T07:45:01Z | W15: 44288
A16: MDEwOlJlcG9zaXRvcnkxNDUxOTcyNDY= | B16: value_semantics | C16: tomdalling | D16: Tom Dalling | G16: Melbourne, Australia | H16: A gem for making value classes, with lightweight validation and coercion. | J16: https://github.com/tomdalling/value_semantics | K16: MIT License | L16: Ruby | M16: Ruby/Shell | N16: 2018-08-18T06:48:16Z | O16: 2021-06-20T05:27:16Z | P16: 1 | Q16: 3 | R16: 117 | S16: 7 | T16: 2 | U16: 166 | V16: 2021-06-20T05:26:57Z | W16: 43330 | Y16: development
A17: MDEwOlJlcG9zaXRvcnk5MjczMjMxNw== | B17: amazutech | C17: lsamon | D17: Louis Amon | J17: https://github.com/lsamon/amazutech | K17: ---- | L17: JavaScript | M17: Ruby/JavaScript/CoffeeScript/CSS/HTML/Shell/SCSS | N17: 2017-05-29T11:09:49Z | O17: 2021-06-19T16:02:23Z | P17: 1 | Q17: 1 | S17: 1 | U17: 96 | V17: 2021-06-19T16:01:40Z | W17: 42884
A18: MDEwOlJlcG9zaXRvcnkzNDEwMzAwNTc= | B18: paikajiV2 | C18: higak926 | J18: https://github.com/higak926/paikajiV2 | K18: ---- | L18: Ruby | M18: Dockerfile/Ruby/JavaScript/CoffeeScript/SCSS/Vue/HTML | N18: 2021-02-21T23:48:16Z | O18: 2021-06-19T09:10:17Z | P18: 1 | Q18: 1 | U18: 52 | V18: 2021-06-19T09:10:08Z | W18: 44136
A19: MDEwOlJlcG9zaXRvcnkzNjk3MDIzNDc= | B19: clone_insta | C19: koteharyu | D19: haryu | J19: https://github.com/koteharyu/clone_insta | K19: ---- | L19: Ruby | M19: Ruby/JavaScript/HTML/SCSS/Slim | N19: 2021-05-22T03:01:07Z | O19: 2021-06-19T03:45:40Z | P19: 1 | Q19: 1 | T19: 2 | U19: 234 | V19: 2021-06-19T03:45:38Z | W19: 44338
A20: MDEwOlJlcG9zaXRvcnkxOTU4MTA0OTQ= | B20: cqrs-es-sample-with-res | C20: RailsEventStore | J20: https://github.com/RailsEventStore/cqrs-es-sample-with-res | K20: MIT License | L20: Ruby | M20: Ruby/Makefile/JavaScript/CSS/HTML/SCSS | N20: 2019-07-08T12:47:02Z | O20: 2021-06-18T20:27:51Z | P20: 9 | Q20: 4 | R20: 65 | S20: 14 | T20: 17 | U20: 386 | V20: 2021-06-18T20:26:03Z | W20: 42122 | X20: I
A21: MDEwOlJlcG9zaXRvcnkzMzEyMTE3MDY= | B21: tokyodateclub | C21: takumi555 | H21: An app to post and share date spots | J21: https://github.com/takumi555/tokyodateclub | K21: ---- | L21: Ruby | M21: Ruby/JavaScript/HTML/SCSS/Haml | N21: 2021-01-20T06:16:53Z | O21: 2021-06-18T12:24:38Z | P21: 1 | Q21: 1 | R21: 1 | T21: 2 | U21: 270 | V21: 2021-06-18T12:24:35Z | W21: 44216 | Y21: development
A22: MDEwOlJlcG9zaXRvcnkxMjcxNTgzMjg= | B22: 2_happy_bot | C22: enextus | D22: Eduard | F22: Cybergizer | G22: Berlin | J22: https://github.com/enextus/2_happy_bot | K22: ---- | L22: CSS | M22: Ruby/JavaScript/CoffeeScript/HTML/CSS | N22: 2018-03-28T15:09:07Z | O22: 2021-06-18T10:38:08Z | P22: 1 | R22: 1 | U22: 448 | V22: 2021-06-18T10:37:55Z | W22: 43167 | X22: I
A23: MDEwOlJlcG9zaXRvcnkzNTc3MzkxMTQ= | B23: rails_cheat_sheet | C23: Paprikas | D23: Maxim Zelenkin | G23: RU | H23: Rails Cheat Sheet App | J23: https://github.com/Paprikas/rails_cheat_sheet | K23: ---- | L23: Ruby | M23: Ruby/JavaScript/CSS/HTML/Dockerfile/Shell/SCSS | N23: 2021-04-14T01:40:28Z | O23: 2021-06-17T14:13:37Z | P23: 1 | Q23: 1 | U23: 35 | V23: 2021-06-17T14:13:33Z | W23: 44300 | Y23: development
A24: MDEwOlJlcG9zaXRvcnkzNzAyNTc5ODQ= | B24: rails-for-learning | C24: machamp0714 | D24: oide tatsuya | E24: web engineer | F24: ruffnote inc. | G24: Tochigi | J24: https://github.com/machamp0714/rails-for-learning | K24: ---- | L24: Ruby | M24: Dockerfile/Ruby/JavaScript/CSS/HTML/SCSS/Slim | N24: 2021-05-24T06:59:45Z | O24: 2021-06-16T13:53:34Z | P24: 1 | Q24: 1 | T24: 3 | U24: 17 | V24: 2021-06-16T13:53:29Z | W24: 44340 | X24: I | Y24: learning
A25: MDEwOlJlcG9zaXRvcnkzMTE0NTM1OTQ= | B25: ruby-lirc | C25: telyn | D25: Telyn | E25: Part developer, part musician, all bad at looking after cuddly giraffes.\r\n\r\nCurrent areas of interest: Docker, Ruby, PlayStation 2 homebrew | F25: @researchbods | G25: Leeds, UK | H25: Ruby client for LIRC. Initial focus is on replacing irsend. Pull requests for more welcome | J25: https://github.com/telyn/ruby-lirc | K25: MIT License | L25: Ruby | M25: Ruby/Shell | N25: 2020-11-09T20:13:33Z | O25: 2021-06-16T07:41:27Z | P25: 1 | Q25: 1 | T25: 3 | U25: 51 | V25: 2021-06-16T07:41:24Z | W25: 44144 | X25: I | Y25: development
A26: MDEwOlJlcG9zaXRvcnkyOTkzMzU1MDQ= | B26: idle | C26: miyumasayama | D26: ÊòåÂ±±ÁæéÁµê/Miyu Masayama | J26: https://github.com/miyumasayama/idle | K26: ---- | L26: Ruby | M26: Ruby/JavaScript/SCSS/Slim/HTML | N26: 2020-09-28T14:30:43Z | O26: 2021-06-15T13:54:40Z | P26: 2 | Q26: 1 | T26: 4 | U26: 97 | V26: 2021-06-15T13:54:37Z | W26: 44102
A27: MDEwOlJlcG9zaXRvcnkzNjQ3NzAyODA= | B27: bager | C27: saraya103 | J27: https://github.com/saraya103/bager | K27: ---- | L27: Ruby | M27: Ruby/JavaScript/CSS/HTML/SCSS | N27: 2021-05-06T03:12:19Z | O27: 2021-06-15T05:04:39Z | P27: 1 | Q27: 1 | U27: 141 | V27: 2021-06-15T05:04:36Z | W27: 44322 | Y27: teaching
A28: MDEwOlJlcG9zaXRvcnkzNzcwMTA5NzA= | B28: bookingapp | C28: mmacampbrazil | J28: https://github.com/mmacampbrazil/bookingapp | K28: ---- | L28: Ruby | M28: Ruby/JavaScript/SCSS/CSS/HTML | N28: 2021-06-15T02:19:46Z | O28: 2021-06-15T03:20:58Z | P28: 2 | Q28: 1 | U28: 107 | V28: 2021-06-15T03:16:50Z | W28: 44267
A29: MDEwOlJlcG9zaXRvcnkyODQ0NzMwNTc= | B29: Reservation-System | C29: tsuka414 | D29: Keita Tsukaguchi | E29: 20 years old, Engineer.\r\nI am interested in machine-learning,AI.\r\n\r\nUsing Python and PHP.\r\nAlso interested in Go.\r\n | G29: Tokyo, JAPAN | J29: https://github.com/tsuka414/Reservation-System | K29: ---- | L29: Ruby | M29: Ruby/JavaScript/CSS/HTML/CoffeeScript/Dockerfile/SCSS | N29: 2020-08-02T14:02:46Z | O29: 2021-06-14T15:25:12Z | P29: 3 | Q29: 1 | R29: 1 | U29: 87 | V29: 2021-06-14T15:17:47Z | W29: 43947 | Y29: teaching
A30: MDEwOlJlcG9zaXRvcnkyNDk3MzI2NzE= | B30: psychology | C30: r-haja | H30: ÁøíÊÖ£Âåñ„Ç¢„Éó„É™ | J30: https://github.com/r-haja/psychology | K30: ---- | L30: Ruby | M30: Ruby/JavaScript/CoffeeScript/CSS/HTML/SCSS | N30: 2020-03-24T14:38:29Z | O30: 2021-06-14T10:01:44Z | P30: 2 | Q30: 1 | T30: 2 | U30: 210 | V30: 2021-06-14T09:45:49Z | W30: 43914
A31: MDEwOlJlcG9zaXRvcnkyNjgyMjM4NDQ= | B31: cocktail-hub | C31: takuya-33 | D31: takuya_33 | J31: https://github.com/takuya-33/cocktail-hub | K31: ---- | L31: Ruby | M31: Dockerfile/Ruby/JavaScript/CSS/Vue/HTML/Shell | N31: 2020-05-31T06:38:28Z | O31: 2021-06-14T01:46:14Z | P31: 1 | Q31: 1 | T31: 13 | U31: 309 | V31: 2021-06-14T01:46:12Z | W31: 43982 | Y31: teaching
A32: MDEwOlJlcG9zaXRvcnkzNzYzODcxMTM= | B32: bruegheldev | C32: stephmoore | J32: https://github.com/stephmoore/bruegheldev | K32: MIT License | L32: HTML | M32: Dockerfile/Ruby/TeX/HTML/SCSS/JavaScript | N32: 2021-06-12T21:31:22Z | O32: 2021-06-13T01:05:45Z | P32: 2 | Q32: 2 | U32: 29 | V32: 2021-06-13T01:05:28Z | W32: 44359 | Y32: development
A33: MDEwOlJlcG9zaXRvcnkxMzI5Njk1MzI= | B33: dressage | C33: jennego | D33: Jennifer Chow | E33: Frontend/Fullstack Developer. HTML, CSS, JavaScript, React.js/Gatsby, Ruby on Rails | G33: Ladysmith, BC | H33: Rails based responsive web app and api for dressage tests | J33: https://github.com/jennego/dressage | K33: ---- | L33: Ruby | M33: Ruby/JavaScript/HTML/CoffeeScript/SCSS | N33: 2018-05-11T00:42:18Z | O33: 2021-06-12T19:49:18Z | P33: 1 | U33: 195 | V33: 2021-06-12T19:49:14Z | W33: 43232 | Y33: development
A34: MDEwOlJlcG9zaXRvcnkzNDk1MzgxNTg= | B34: the_odin_project_ruby | C34: Hokie007 | D34: Hokie007 | J34: https://github.com/Hokie007/the_odin_project_ruby | K34: ---- | L34: Ruby | M34: Ruby/Shell/HTML | N34: 2021-03-19T19:44:48Z | O34: 2021-06-12T15:32:13Z | P34: 1 | Q34: 1 | U34: 17 | V34: 2021-06-12T15:32:05Z
A35: MDEwOlJlcG9zaXRvcnkzNzI5MTE5MTk= | B35: vote_local_fe | C35: vote-local | J35: https://github.com/vote-local/vote_local_fe | K35: ---- | L35: Ruby | M35: Ruby/JavaScript/HTML/SCSS | N35: 2021-06-01T17:30:39Z | O35: 2021-06-11T17:06:18Z | P35: 5 | T35: 1 | U35: 127 | V35: 2021-06-11T17:06:10Z
A36: MDEwOlJlcG9zaXRvcnkyMTk1Mzk3MzA= | B36: jas0nmjames.github.io | C36: jas0nmjames | D36: Jason | E36: Product Designer with an MBA. UX, design systems, and product management. I like to üèäüèæ‚Äç‚ôÇÔ∏è, üö¥üèæ‚Äç‚ôÇÔ∏è, and üèÉüèæ‚Äç‚ôÇÔ∏è. | G36: South Florida, USA | H36: Personal and Portfolio Site written in HTML, CSS and Markdown with Jekyll. Starting from scratch (not with a template) to learn for understanding. On a journey to learn the JAMstack. Next stop, design in Framer and build in React. | J36: https://github.com/jas0nmjames/jas0nmjames.github.io | K36: MIT License | L36: HTML | M36: HTML/CSS/Ruby/SCSS | N36: 2019-11-04T15:57:24Z | O36: 2021-06-11T16:53:45Z | P36: 1 | Q36: 1 | R36: 1 | T36: 2 | U36: 219 | V36: 2021-06-11T16:53:42Z | W36: 43773 | Y36: learning
A37: MDEwOlJlcG9zaXRvcnkzNzUzODMyMjE= | B37: cooking_blog | C37: higashitetuya | J37: https://github.com/higashitetuya/cooking_blog | K37: ---- | L37: Ruby | M37: Ruby/JavaScript/CoffeeScript/SCSS/HTML | N37: 2021-06-09T14:25:29Z | O37: 2021-06-10T14:30:01Z | P37: 1 | Q37: 1 | U37: 10 | V37: 2021-06-10T14:29:18Z | W37: 44349 | Y37: teaching
A38: MDEwOlJlcG9zaXRvcnkzNzU2OTA2MTA= | B38: ruby_tutorial | C38: rko619619 | D38: Yan | J38: https://github.com/rko619619/ruby_tutorial | K38: Apache License 2.0 | L38: Ruby | M38: Ruby/Shell | N38: 2021-06-10T12:32:31Z | O38: 2021-06-10T13:31:06Z | P38: 1 | Q38: 1 | U38: 2 | V38: 2021-06-10T13:27:56Z | W38: 44387 | Y38: teaching
A39: MDEwOlJlcG9zaXRvcnkzMzIxMjUyNw== | B39: rails_event_store | C39: RailsEventStore | H39: A Ruby implementation of an Event Store based on Active Record | I39: ruby/event-sourcing/rails/ddd/aggregate-root/event-driven/domain-driven-design/event-driven-architecture/cqrs-es/cqrs | J39: https://github.com/RailsEventStore/rails_event_store | K39: MIT License | L39: Ruby | M39: Ruby/Makefile/Shell/Elm/JavaScript/CSS/HTML | N39: 2015-03-31T22:02:32Z | O39: 2021-06-22T03:41:44Z | P39: 16 | Q39: 32 | R39: 987 | S39: 85 | T39: 434 | U39: 4990 | V39: 2021-06-10T07:21:06Z | W39: 42094 | Y39: development
A40: MDEwOlJlcG9zaXRvcnkzMzIwOTk2NDU= | B40: gcmc2 | C40: AkioMabuchi | D40: Akio Mabuchi | E40: I'm developing Web services by using Rails and Laravel and games by using Unity. | F40: Independent | G40: Kyoto | J40: https://github.com/AkioMabuchi/gcmc2 | K40: ---- | L40: Ruby | M40: Ruby/JavaScript/CSS/HTML/SCSS | N40: 2021-01-23T01:06:17Z | O40: 2021-06-10T04:32:31Z | P40: 1 | Q40: 1 | U40: 39 | V40: 2021-06-10T04:32:13Z | W40: 44219
A41: MDEwOlJlcG9zaXRvcnkzNzQ3NzkxMDE= | B41: mutant-rails-example | C41: mbj | D41: Markus Schirp | E41: Master of Disaster. | F41: /proc/self | G41: /dev/urandom | H41: Mutant with rails example | J41: https://github.com/mbj/mutant-rails-example | K41: ---- | L41: Ruby | M41: Ruby/JavaScript/CSS/HTML | N41: 2021-06-07T19:31:02Z | O41: 2021-06-07T19:41:16Z | P41: 1 | Q41: 1 | R41: 1 | U41: 7 | V41: 2021-06-07T19:32:25Z | W41: 44354
A42: MDEwOlJlcG9zaXRvcnkxNjMxODI3NjA= | B42: ruby_tools | C42: zw963 | D42: Billy.Zheng | E42: Just a nerd. | F42: Free to be hired | G42: China | H42: Many ruby tools(gems) combined with travelling ruby for use independently. | J42: https://github.com/zw963/ruby_tools | K42: ---- | L42: Ruby | M42: Ruby/CSS/JavaScript/Ragel/Yacc/REXX/Shell | N42: 2018-12-26T13:25:19Z | O42: 2021-06-07T12:40:16Z | P42: 1 | Q42: 1 | U42: 164 | V42: 2021-06-07T12:39:50Z | W42: 42446
A43: MDEwOlJlcG9zaXRvcnkzNjMzNjI3MzI= | B43: blogapp-ymkwyh1 | C43: yuheiyamakawa | J43: https://github.com/yuheiyamakawa/blogapp-ymkwyh1 | K43: ---- | L43: Ruby | M43: Ruby/JavaScript/HTML/SCSS/Haml/Shell | N43: 2021-05-01T08:42:51Z | O43: 2021-06-05T15:07:52Z | P43: 1 | Q43: 1 | U43: 60 | V43: 2021-06-05T15:07:49Z | W43: 44317
A44: MDEwOlJlcG9zaXRvcnkzNDM3MDM5ODk= | B44: Study_quest | C44: namikawa07 | J44: https://github.com/namikawa07/Study_quest | K44: ---- | L44: Ruby | M44: Ruby/JavaScript/HTML/SCSS/Slim/Vue/CoffeeScript | N44: 2021-03-02T08:46:14Z | O44: 2021-06-09T23:12:46Z | P44: 1 | Q44: 1 | R44: 6 | S44: 1 | T44: 3 | U44: 213 | V44: 2021-06-05T10:45:01Z | Y44: teaching
A45: MDEwOlJlcG9zaXRvcnkxMjQ2NjUxMDQ= | B45: pdf-archiver.github.io | C45: PDF-Archiver | J45: https://github.com/PDF-Archiver/pdf-archiver.github.io | K45: ---- | L45: SCSS | M45: HTML/Ruby/JavaScript/Shell/SCSS | N45: 2018-03-10T14:48:23Z | O45: 2021-06-04T22:41:48Z | P45: 1 | Q45: 2 | R45: 1 | S45: 1 | T45: 22 | U45: 219 | V45: 2021-06-04T22:41:44Z | W45: 44127 | Y45: development
A46: MDEwOlJlcG9zaXRvcnkzNjQxNDAxMjQ= | B46: Recipena | C46: sh908 | J46: https://github.com/sh908/Recipena | K46: ---- | L46: HTML | M46: Ruby/JavaScript/SCSS/HTML/CoffeeScript/DIGITAL Command Language | N46: 2021-05-04T04:35:50Z | O46: 2021-06-03T10:55:02Z | P46: 1 | Q46: 1 | U46: 42 | V46: 2021-06-03T10:54:44Z | W46: 44320 | Y46: teaching
A47: MDEwOlJlcG9zaXRvcnkzNDg1MzEyNDM= | B47: lets_pizza | C47: yousuke20 | D47: Yousuke | J47: https://github.com/yousuke20/lets_pizza | K47: ---- | L47: JavaScript | M47: Ruby/JavaScript/CoffeeScript/SCSS/HTML | N47: 2021-03-17T00:25:54Z | O47: 2021-06-01T05:02:30Z | P47: 1 | U47: 131 | V47: 2021-06-01T05:02:27Z | W47: 44255 | Y47: teaching
A48: MDEwOlJlcG9zaXRvcnkxMDE1ODY0MzY= | B48: recipefinder7657651 | C48: JuPlutonic | D48: 0x639d1dec74 | E48: Ruby developer. Homebrew contributer. With experience in JS, Golang and Python3(see gitlab.com/alexjamz) development. | G48: Msk, Russian Fed. | H48: Food2Fork.com has shut down TODO: New API provider (PaaS: Heroku) | J48: https://github.com/JuPlutonic/recipefinder7657651 | K48: ---- | L48: JavaScript | M48: Ruby/JavaScript/CoffeeScript/CSS/HTML/SCSS | N48: 2017-08-27T23:25:25Z | O48: 2021-05-31T13:59:32Z | P48: 1 | Q48: 1 | S48: 1 | T48: 3 | U48: 60 | V48: 2021-05-31T13:59:29Z | W48: 42720
A49: MDEwOlJlcG9zaXRvcnkzNzIzNjI1OTY= | B49: roomApp | C49: kitayaman | J49: https://github.com/kitayaman/roomApp | K49: ---- | L49: Ruby | M49: Ruby/JavaScript/CSS/HTML | N49: 2021-05-31T02:37:52Z | O49: 2021-06-03T07:39:04Z | P49: 1 | Q49: 1 | U49: 1 | V49: 2021-05-31T02:37:04Z | W49: 44347
A50: MDEwOlJlcG9zaXRvcnkzMzc5ODczMDE= | B50: car_inventory | C50: EPIC448 | D50: Samuel Ogun | H50: Car inventory Project with Ruby on Rails | J50: https://github.com/EPIC448/car_inventory | K50: ---- | L50: Ruby | M50: Ruby/JavaScript/CSS/HTML/SCSS | N50: 2021-02-11T09:49:49Z | O50: 2021-05-30T17:29:22Z | P50: 1 | Q50: 1 | U50: 109 | V50: 2021-05-30T17:29:14Z | W50: 44242
A51: MDEwOlJlcG9zaXRvcnkzNjQ1MDAwNTk= | B51: Agepan | C51: vullbyte | J51: https://github.com/vullbyte/Agepan | K51: ---- | L51: Ruby | M51: Ruby/JavaScript/HTML/CoffeeScript/SCSS | N51: 2021-05-05T07:50:04Z | O51: 2021-05-29T06:49:14Z | P51: 1 | Q51: 1 | U51: 39 | V51: 2021-05-29T06:49:03Z | W51: 44322 | Y51: teaching
A52: MDEwOlJlcG9zaXRvcnkzNjAzNTAzMDU= | B52: blogapp_ohken | C52: techkento | D52: Kento | G52: Yokohama | J52: https://github.com/techkento/blogapp_ohken | K52: ---- | L52: Ruby | M52: Ruby/JavaScript/HTML/SCSS/Haml/Shell | N52: 2021-04-22T00:54:39Z | O52: 2021-05-28T16:03:32Z | P52: 1 | Q52: 1 | U52: 66 | V52: 2021-05-28T16:03:16Z | W52: 44308
A53: MDEwOlJlcG9zaXRvcnkzNDU2MjE5NjU= | B53: portfolio-api | C53: harukata4477 | H53: api directory | J53: https://github.com/harukata4477/portfolio-api | K53: ---- | L53: Ruby | M53: Dockerfile/Ruby/HTML/Shell | N53: 2021-03-08T10:46:55Z | O53: 2021-05-28T14:15:10Z | P53: 2 | Q53: 2 | U53: 21 | V53: 2021-05-28T14:14:59Z | W53: 44263
A54: MDEwOlJlcG9zaXRvcnkyNzgyMTI0OTY= | B54: sidekiq_app | C54: daiki510 | D54: ddd510 | J54: https://github.com/daiki510/sidekiq_app | K54: ---- | L54: Ruby | M54: Ruby/JavaScript/CSS/HTML | N54: 2020-07-08T23:09:08Z | O54: 2021-05-28T13:07:56Z | P54: 1 | Q54: 1 | T54: 5 | U54: 13 | V54: 2021-05-28T13:07:53Z | W54: 44020
A55: MDEwOlJlcG9zaXRvcnkyMDYzNjY1MjQ= | B55: second.match | C55: naru20181117 | D55: Naruhub | G55: World | H55: matching.app | J55: https://github.com/naru20181117/second.match | K55: ---- | L55: Ruby | M55: Ruby/JavaScript/CoffeeScript/HTML/SCSS | N55: 2019-09-04T16:41:46Z | O55: 2021-05-27T16:28:55Z | P55: 1 | Q55: 1 | U55: 21 | V55: 2021-05-27T16:28:52Z | W55: 43712
A56: MDEwOlJlcG9zaXRvcnkzNTgyMTAyMjk= | B56: locat | C56: yuuffff1212 | J56: https://github.com/yuuffff1212/locat | K56: ---- | L56: Ruby | M56: Ruby/JavaScript/HTML/SCSS | N56: 2021-04-15T09:58:18Z | O56: 2021-05-27T08:47:02Z | P56: 1 | Q56: 1 | U56: 40 | V56: 2021-05-27T08:46:55Z | W56: 44301 | Y56: teaching
A57: MDEwOlJlcG9zaXRvcnkzNDMxOTUzMjU= | B57: my_brain | C57: ice-crypto | J57: https://github.com/ice-crypto/my_brain | K57: ---- | L57: Ruby | M57: Ruby/Dockerfile/HTML/Shell/JavaScript/Yacc/CSS | N57: 2021-02-28T19:29:52Z | O57: 2021-05-25T08:21:57Z | P57: 1 | Q57: 1 | U57: 16 | V57: 2021-05-25T08:21:44Z | W57: 44253
A58: MDEwOlJlcG9zaXRvcnkzOTkxNjY5OQ== | B58: managertools-logging | C58: neontapir | D58: Chuck Durfee | E58: Dev manager helping folks deliver better via agile and DDD. Christ follower, husband, dad to 7 +2 dogs, board gamer, MBA, CSP. | G58: North Denver metro area | H58: A tool for line managers to record the results of Manager Tools' events like one-on-ones and feedback | J58: https://github.com/neontapir/managertools-logging | K58: Other | L58: Ruby | M58: Ruby | N58: 2015-07-29T21:14:29Z | O58: 2021-05-24T19:02:01Z | P58: 1 | Q58: 1 | T58: 5 | U58: 393 | V58: 2021-05-24T19:01:50Z | W58: 42214 | Y58: development
A59: MDEwOlJlcG9zaXRvcnkzNzAzNzIxMDE= | B59: Eat-App | C59: ashwinisukale | D59: Ashwini Sukale | E59: StackoverFlow - https://stackoverflow.com/users/2163881/ashwini\r\nLinkedIn - https://www.linkedin.com/in/ashwini-sukale-a3ba3a37/ | J59: https://github.com/ashwinisukale/Eat-App | K59: ---- | L59: HTML | M59: Ruby/HTML | N59: 2021-05-24T14:01:36Z | O59: 2021-05-24T14:23:30Z | P59: 1 | Q59: 1 | U59: 5 | V59: 2021-05-24T14:23:27Z
A60: MDEwOlJlcG9zaXRvcnkzNjk5NzM1NDk= | B60: id_generator | C60: teddyomachi | J60: https://github.com/teddyomachi/id_generator | K60: ---- | L60: Ruby | M60: Ruby/JavaScript/CoffeeScript/CSS/SCSS/HTML | N60: 2021-05-23T06:01:38Z | O60: 2021-05-23T06:04:55Z | P60: 1 | Q60: 1 | U60: 1 | V60: 2021-05-23T05:55:37Z
A61: MDEwOlJlcG9zaXRvcnkyMzIzMDM4MTc= | B61: friends | C61: kazuki13070311 | H61: :two_men_holding_hands:„ÄêRight Guardians„Äë„Ç™„É≥„É©„Ç§„É≥„Ç≤„Éº„É†„ÄåDestiny2„Äç„Åß‰∏ÄÁ∑í„Å´ÈÅä„Åπ„Çã‰ª≤Èñì„Å®Áπã„Åå„Çå„Çã„Çµ„Éº„Éì„Çπ | J61: https://github.com/kazuki13070311/friends | K61: ---- | L61: Ruby | M61: Ruby/JavaScript/HTML/SCSS/Slim | N61: 2020-01-07T10:47:20Z | O61: 2021-05-22T20:27:25Z | P61: 1 | R61: 2 | T61: 22 | U61: 279 | V61: 2021-05-22T20:26:26Z | W61: 43845 | Y61: teaching
A62: MDEwOlJlcG9zaXRvcnkxNDY4MDY5MDE= | B62: gateway | C62: suncoast-devs | J62: https://github.com/suncoast-devs/gateway | K62: MIT License | L62: Ruby | M62: Ruby | N62: 2018-08-30T21:08:51Z | O62: 2021-05-21T22:21:03Z | P62: 2 | Q62: 2 | S62: 1 | T62: 16 | U62: 29 | V62: 2021-05-21T22:20:57Z | W62: 43342 | Y62: development
A63: MDEwOlJlcG9zaXRvcnkxMDc3Mjg4Njc= | B63: pre_deploy_checker | C63: Invoca | H63: A tool that verifies all commits in a branch have corresponding JIRA tickets | J63: https://github.com/Invoca/pre_deploy_checker | K63: ---- | L63: Ruby | M63: Ruby/JavaScript/HTML/Shell/Dockerfile/SCSS | N63: 2017-10-20T21:37:01Z | O63: 2021-05-21T17:41:32Z | P63: 129 | Q63: 21 | R63: 1 | U63: 265 | V63: 2021-05-21T17:41:30Z | W63: 42700 | Y63: development
A64: MDEwOlJlcG9zaXRvcnk2NjQ3NjYxOA== | B64: glimr-api-client | C64: ministryofjustice | H64: An API client for integrating with the GLiMR case management system. | J64: https://github.com/ministryofjustice/glimr-api-client | K64: MIT License | L64: Ruby | M64: Ruby | N64: 2016-08-24T15:35:01Z | O64: 2021-05-21T13:49:09Z | P64: 68 | Q64: 24 | S64: 1 | U64: 118 | V64: 2021-05-21T13:49:06Z | W64: 42606 | Y64: development
A65: MDEwOlJlcG9zaXRvcnkzNjYyNzkxNDk= | B65: rails_api_curriculum | C65: morioka1206 | J65: https://github.com/morioka1206/rails_api_curriculum | K65: ---- | L65: Ruby | M65: Ruby/JavaScript/CSS/HTML/Shell/Yacc/SCSS | N65: 2021-05-11T06:30:03Z | O65: 2021-05-21T07:06:20Z | P65: 1 | Q65: 1 | U65: 31 | V65: 2021-05-21T07:06:17Z | W65: 44327
A66: MDEwOlJlcG9zaXRvcnkzNjkzOTUwODQ= | B66: sampleapp-rails5.2.5 | C66: nakachan1994 | J66: https://github.com/nakachan1994/sampleapp-rails5.2.5 | K66: ---- | L66: Ruby | M66: Ruby/JavaScript/CSS/HTML | N66: 2021-05-21T02:45:55Z | O66: 2021-05-21T02:50:08Z | P66: 1 | Q66: 1 | U66: 1 | V66: 2021-05-21T02:44:05Z
A67: MDEwOlJlcG9zaXRvcnkzNjkzMzY2NTE= | B67: curly-fortnight | C67: ErinClaudio | D67: Erin Claudio | J67: https://github.com/ErinClaudio/curly-fortnight | K67: ---- | L67: Ruby | M67: Ruby/JavaScript/CSS/HTML | N67: 2021-05-20T20:59:45Z | O67: 2021-05-20T21:02:09Z | P67: 1 | Q67: 1 | U67: 6 | V67: 2021-05-20T20:59:17Z | W67: 44337
A68: MDEwOlJlcG9zaXRvcnkzNDY3OTk0MTI= | B68: fluffy-octo-pancake | C68: ErinClaudio | D68: Erin Claudio | H68: A simple rails API tutorial | J68: https://github.com/ErinClaudio/fluffy-octo-pancake | K68: ---- | L68: Ruby | M68: Ruby/JavaScript/CSS/HTML | N68: 2021-03-11T18:28:55Z | O68: 2021-05-20T21:00:41Z | P68: 1 | Q68: 1 | U68: 6 | V68: 2021-05-20T20:59:17Z | Y68: teaching
A69: MDEwOlJlcG9zaXRvcnkyMzE3MTEyMzc= | B69: rails | C69: sugiyama404 | H69: srart rails to AWS | J69: https://github.com/sugiyama404/rails | K69: ---- | L69: Ruby | M69: Ruby/Dockerfile/JavaScript/CSS/HTML/CoffeeScript/Shell | N69: 2020-01-04T05:01:05Z | O69: 2021-05-20T14:20:35Z | P69: 1 | Q69: 1 | U69: 172 | V69: 2021-05-20T14:20:33Z | W69: 43834
A70: MDEwOlJlcG9zaXRvcnkxNDM5MDgzMTI= | B70: heimdallr-viz | C70: araneforseti | D70: Sarah | H70: Ruby gem for aiding visual regression | J70: https://github.com/araneforseti/heimdallr-viz | K70: MIT License | L70: Ruby | M70: Ruby | N70: 2018-08-07T17:50:20Z | O70: 2021-05-18T14:46:33Z | P70: 2 | Q70: 1 | U70: 50 | V70: 2021-05-18T14:46:29Z | W70: 43319 | Y70: development
A71: MDEwOlJlcG9zaXRvcnk3MDYxMTk5NQ== | B71: tax-tribunals-downloader | C71: ministryofjustice | J71: https://github.com/ministryofjustice/tax-tribunals-downloader | K71: MIT License | L71: CSS | M71: Ruby/JavaScript/CSS/Shell/Gherkin/Dockerfile | N71: 2016-10-11T16:14:23Z | O71: 2021-05-18T10:16:52Z | P71: 70 | Q71: 24 | S71: 1 | T71: 2 | U71: 74 | V71: 2021-05-18T10:16:49Z | W71: 42654 | Y71: development
A72: MDEwOlJlcG9zaXRvcnk2ODI5ODY0Mg== | B72: mojfile-uploader | C72: ministryofjustice | H72: MoJ File Uploader API application | J72: https://github.com/ministryofjustice/mojfile-uploader | K72: MIT License | L72: JavaScript | M72: Ruby/Shell/CSS/JavaScript/Dockerfile/Haml | N72: 2016-09-15T13:57:01Z | O72: 2021-05-18T10:14:48Z | P72: 70 | Q72: 26 | R72: 4 | S72: 2 | T72: 1 | U72: 141 | V72: 2021-05-18T10:14:45Z | W72: 42628 | Y72: development
A73: MDEwOlJlcG9zaXRvcnk5MjkzNDU5 | B73: unparser | C73: mbj | D73: Markus Schirp | E73: Master of Disaster. | F73: /proc/self | G73: /dev/urandom | H73: Turn Ruby AST into semantically equivalent Ruby source | I73: ruby/parser/unparser/ruby-syntax | J73: https://github.com/mbj/unparser | K73: MIT License | L73: Ruby | M73: Ruby/Shell | N73: 2013-04-08T09:54:20Z | O73: 2021-06-17T23:51:56Z | P73: 4 | Q73: 11 | R73: 251 | S73: 48 | T73: 50 | U73: 1030 | V73: 2021-05-17T11:46:08Z | Y73: development
A74: MDEwOlJlcG9zaXRvcnkyMDQ3MjQ0MDI= | B74: mprelude-rb | C74: mbj | D74: Markus Schirp | E74: Master of Disaster. | F74: /proc/self | G74: /dev/urandom | J74: https://github.com/mbj/mprelude-rb | K74: MIT License | L74: Ruby | M74: Ruby | N74: 2019-08-27T14:44:04Z | O74: 2021-05-17T11:45:55Z | P74: 3 | Q74: 5 | R74: 7 | U74: 54 | V74: 2021-05-17T11:45:52Z | W74: 43704
A75: MDEwOlJlcG9zaXRvcnkzNjc4NzcxNzc= | B75: api | C75: nishikouichirou | J75: https://github.com/nishikouichirou/api | K75: ---- | L75: Ruby | M75: Ruby/JavaScript/CoffeeScript/CSS/SCSS/HTML | N75: 2021-05-16T12:42:14Z | O75: 2021-06-07T08:01:00Z | P75: 1 | Q75: 1 | U75: 7 | V75: 2021-05-17T09:14:49Z | W75: 44332
A76: MDEwOlJlcG9zaXRvcnkzMDk0MTE5ODY= | B76: rails_new_io | C76: miatrinity | D76: Mia Sinek & Trinity Takei | E76: We are an indie maker couple currently living in sunny Valencia, Spain üá™üá∏. | G76: Valencia, Spain | H76: railsnew.io is an app to create and verify new rails applications using an intuitive UI. | I76: rails | J76: https://github.com/miatrinity/rails_new_io | K76: ---- | L76: Ruby | M76: Ruby/JavaScript/CSS/HTML/SCSS | N76: 2020-11-02T15:27:00Z | O76: 2021-05-16T01:06:46Z | P76: 1 | Q76: 1 | R76: 4 | S76: 1 | U76: 283 | V76: 2021-05-16T01:06:43Z | W76: 44124 | Y76: development
A77: MDEwOlJlcG9zaXRvcnkxNjE5MzIzMzE= | B77: DesiLopers | C77: nori3506 | D77: Nori | E77: I am an experienced Ruby, Ruby on Rails Developer.\r\nNot only Backend, but also React.js and Riot.js are my favorite as Frontend skills | G77: Canada Vancouver | H77: DesiLopers app | J77: https://github.com/nori3506/DesiLopers | K77: ---- | L77: Ruby | M77: Ruby/JavaScript/CSS/HTML/Vue/Dockerfile/SCSS | N77: 2018-12-15T18:18:25Z | O77: 2021-05-15T06:57:31Z | P77: 1 | U77: 660 | V77: 2021-05-15T06:57:17Z | W77: 43449
A78: MDEwOlJlcG9zaXRvcnkzNjM5NzA5NTU= | B78: Twitter-redesign | C78: RailonA | D78: Railon Acosta | E78: Full-stack developer with knowledge in HTML | CSS | JavaScript | Ruby | Looking for new opportunities | F78: Freelance Full-stack Developer | G78: New York | H78: A clone of Twitter web app made in Rails. | J78: https://github.com/RailonA/Twitter-redesign | K78: ---- | L78: Ruby | M78: Ruby/JavaScript/HTML/SCSS | N78: 2021-05-03T15:13:09Z | O78: 2021-06-15T23:30:23Z | P78: 1 | Q78: 1 | R78: 2 | U78: 54 | V78: 2021-05-14T19:31:44Z | W78: 44319 | Y78: development
A79: MDEwOlJlcG9zaXRvcnkzNTM1MzIxODA= | B79: Rails-insta_clone_app | C79: tatsuki-okuda | J79: https://github.com/tatsuki-okuda/Rails-insta_clone_app | K79: ---- | L79: Ruby | M79: Ruby/JavaScript/HTML/Haml/SCSS/Shell/Roff | N79: 2021-04-01T01:01:17Z | O79: 2021-05-14T12:17:18Z | P79: 1 | Q79: 1 | T79: 25 | U79: 81 | V79: 2021-05-14T12:17:15Z | W79: 44287
A80: MDEwOlJlcG9zaXRvcnkzNjQxMDI3NzY= | B80: gvl_romance | C80: miquitruli | J80: https://github.com/miquitruli/gvl_romance | K80: MIT License | L80: Ruby | M80: Ruby/Shell | N80: 2021-05-04T00:59:41Z | O80: 2021-05-12T22:45:40Z | P80: 1 | Q80: 1 | U80: 17 | V80: 2021-05-12T22:45:38Z | W80: 44320 | Y80: development
A81: MDEwOlJlcG9zaXRvcnkyMDQxMTA0NTQ= | B81: Tourly | C81: ityusuke | D81: k.yusuke | J81: https://github.com/ityusuke/Tourly | K81: ---- | L81: JavaScript | M81: Ruby/CSS/Roff/HTML/JavaScript/DIGITAL Command Language/CoffeeScript | N81: 2019-08-24T04:57:19Z | O81: 2021-05-12T04:26:44Z | P81: 1 | Q81: 1 | T81: 21 | U81: 124 | V81: 2021-05-12T04:26:42Z | W81: 43681 | Y81: teaching
A82: MDEwOlJlcG9zaXRvcnkzNjI3NzI3OTY= | B82: introduction_project_bachelor | C82: LeonardoAdriano | J82: https://github.com/LeonardoAdriano/introduction_project_bachelor | K82: ---- | L82: Ruby | M82: Ruby/JavaScript/CSS/SCSS/HTML/Shell/Roff | N82: 2021-04-29T10:06:37Z | O82: 2021-05-11T13:37:57Z | P82: 1 | Q82: 1 | R82: 1 | S82: 1 | U82: 11 | V82: 2021-05-11T13:36:28Z | W82: 44315
A83: MDEwOlJlcG9zaXRvcnkzMzc5MTI1NjI= | B83: furima-32405 | C83: shrine-dragon | F83: Êó•Êú¨„Éë„Éà„É≠„Éº„É´ÊµúÊùæÂñ∂Ê•≠ÊâÄ | G83: ÈùôÂ≤°ÁúåÊµúÊùæÂ∏Ç | J83: https://github.com/shrine-dragon/furima-32405 | K83: ---- | L83: Ruby | M83: Ruby/JavaScript/CSS/HTML/SCSS | N83: 2021-02-11T02:42:02Z | O83: 2021-05-10T21:45:50Z | P83: 1 | Q83: 1 | T83: 1 | U83: 246 | V83: 2021-05-10T21:45:43Z | W83: 44238 | Y83: teaching
A84: MDEwOlJlcG9zaXRvcnkyMTUyMTU3NjU= | B84: git_eventorg | C84: Taiji-tech | D84: Taiji | H84: Event Organizer„ÅÆ„É¨„Éù„Ç∏„Éà„É™„ÄÄÔºà2019Âπ¥10Êúà15Êó•„ÄúÔºâ | J84: https://github.com/Taiji-tech/git_eventorg | K84: ---- | L84: HTML | M84: Ruby/JavaScript/CoffeeScript/HTML/SCSS/CSS/Shell | N84: 2019-10-15T05:41:46Z | O84: 2021-05-09T11:06:18Z | P84: 1 | Q84: 1 | S84: 1 | U84: 218 | V84: 2021-05-09T11:06:16Z | W84: 43753
A85: MDEwOlJlcG9zaXRvcnkzMjMyODQzNTc= | B85: tatoever | C85: enuii3 | D85: enuii3 | J85: https://github.com/enuii3/tatoever | K85: ---- | L85: Ruby | M85: Ruby/JavaScript/HTML/SCSS | N85: 2020-12-21T09:09:31Z | O85: 2021-05-08T13:03:27Z | P85: 1 | Q85: 1 | T85: 4 | U85: 26 | V85: 2021-05-08T13:03:24Z | W85: 44186
A86: MDEwOlJlcG9zaXRvcnkzNjA4OTA4NzM= | B86: WhoisDonlee.github.io | C86: WhoisDonlee | D86: Dennis Doll√©e | E86: Bioinformatics student at University of Applied Sciences Leiden.\r\n | F86: @ErasmusMC-Bioinformatics | G86: Rotterdam, The Netherlands | H86: WhoisDonlee.github.io | J86: https://github.com/WhoisDonlee/WhoisDonlee.github.io | K86: Creative Commons Zero v1.0 Universal | L86: SCSS | M86: Ruby/HTML/SCSS/JavaScript/Shell | N86: 2021-04-23T13:19:56Z | O86: 2021-05-07T14:07:31Z | P86: 1 | Q86: 1 | U86: 10 | V86: 2021-05-07T14:07:20Z | X86: A | Y86: development
A87: MDEwOlJlcG9zaXRvcnkyOTEwNTc3NjI= | B87: runeterra_cards | C87: zofrex | D87: James 'zofrex' Sanderson | G87: London, UK | H87: Library for decoding Legends of Runeterra deck codes & loading Runeterra Data Dragon metadata | I87: runeterra-deck-codes/runeterra/legends-of-runeterra/hacktoberfest | J87: https://github.com/zofrex/runeterra_cards | K87: MIT License | L87: Ruby | M87: Ruby | N87: 2020-08-28T13:47:01Z | O87: 2021-05-05T07:37:22Z | P87: 1 | Q87: 1 | R87: 3 | S87: 1 | T87: 3 | U87: 93 | V87: 2021-05-05T07:37:13Z | W87: 44058 | Y87: development
A88: MDEwOlJlcG9zaXRvcnkzMzkzNzQxMTI= | B88: portfolio | C88: GakuMatsuya | D88: GakuMatsuya | J88: https://github.com/GakuMatsuya/portfolio | K88: ---- | L88: Ruby | M88: Ruby/JavaScript/HTML/CoffeeScript/SCSS | N88: 2021-02-16T11:18:59Z | O88: 2021-05-05T02:07:29Z | P88: 1 | Q88: 1 | U88: 597 | V88: 2021-05-05T02:07:15Z | W88: 44244 | Y88: teaching
A89: MDEwOlJlcG9zaXRvcnkzNjM0NTc2Nzk= | B89: case-mutant | C89: pawelpacana | D89: Pawe≈Ç Pacana | E89: Holistic Developer at @arkency. Lately into Domain-Driven Design, Feature Toggles and frontend apps with Elm. I dig legacy Rails codebases üòÖ | F89: Arkency | G89: Wroc≈Çaw, PL | J89: https://github.com/pawelpacana/case-mutant | K89: ---- | L89: Ruby | M89: Ruby | N89: 2021-05-01T16:35:19Z | O89: 2021-05-04T23:05:18Z | P89: 1 | Q89: 1 | T89: 1 | U89: 6 | V89: 2021-05-04T23:04:55Z | W89: 44320 | X89: I
A90: MDEwOlJlcG9zaXRvcnkzNTg1MTY4Mzk= | B90: Todo_Rails | C90: nloc7770 | D90: L·ªôc nguy·ªÖn | E90: Learning new languages and technologies is what I am passionate about. | G90: Bu√¥n ma thu·ªôt | H90: A todo app using Ruby on rails + postgresql | I90: ruby-on-rails/html-css-javascript/postgresql | J90: https://github.com/nloc7770/Todo_Rails | K90: ---- | L90: Ruby | M90: Ruby/JavaScript/CSS/HTML/SCSS | N90: 2021-04-16T07:41:04Z | O90: 2021-05-04T08:03:20Z | P90: 1 | Q90: 1 | U90: 5 | V90: 2021-05-04T08:01:27Z | W90: 44302
A91: MDEwOlJlcG9zaXRvcnkzMDYzMjk1NTc= | B91: golfscore | C91: tomo-IR | J91: https://github.com/tomo-IR/golfscore | K91: ---- | L91: Ruby | M91: Ruby/JavaScript/SCSS/HTML/Vue/Dockerfile | N91: 2020-10-22T12:27:35Z | O91: 2021-05-03T22:30:13Z | P91: 1 | Q91: 1 | R91: 1 | T91: 11 | U91: 290 | V91: 2021-05-03T22:30:03Z | W91: 44126 | Y91: teaching
A92: MDEwOlJlcG9zaXRvcnk2NTA1NDg3OA== | B92: optionparser-generator | C92: madblobfish | H92: Generates OptionParser using an OpenStruct | I92: command-line-parser/rubygem/option-parser/hacktoberfest | J92: https://github.com/madblobfish/optionparser-generator | K92: GNU Affero General Public License v3.0 | L92: Ruby | M92: Ruby/Makefile | N92: 2016-08-05T23:19:44Z | O92: 2021-05-03T16:48:49Z | P92: 1 | T92: 2 | U92: 79 | V92: 2021-05-03T16:48:56Z | W92: 42587 | Y92: development
A93: MDEwOlJlcG9zaXRvcnkzNjM5NjMyNDU= | B93: saveflap | C93: dieng-devops | J93: https://github.com/dieng-devops/saveflap | K93: ---- | L93: Ruby | M93: Ruby/Dockerfile/JavaScript/CoffeeScript/CSS/Haml/HTML | N93: 2021-05-03T14:47:44Z | O93: 2021-05-03T14:50:24Z | P93: 1 | Q93: 1 | U93: 252 | V93: 2021-05-03T14:45:17Z | W93: 43063
A94: MDEwOlJlcG9zaXRvcnkzNTgyOTU1NDA= | B94: ror-social-scaffold | C94: RailonA | D94: Railon Acosta | E94: Full-stack developer with knowledge in HTML | CSS | JavaScript | Ruby | Looking for new opportunities | F94: Freelance Full-stack Developer | G94: New York | H94: This repo includes the initial code for a social media app. Its purpose is to be a starting point for Microverse students. | J94: https://github.com/RailonA/ror-social-scaffold | K94: ---- | L94: Ruby | M94: Ruby/JavaScript/CSS/SCSS/HTML | N94: 2021-04-15T14:50:35Z | O94: 2021-06-15T23:30:24Z | P94: 1 | Q94: 1 | R94: 2 | U94: 62 | V94: 2021-05-02T13:35:58Z | W94: 44301 | X94: I | Y94: teaching
A95: MDEwOlJlcG9zaXRvcnkxMzgyMjYyMDI= | B95: jekyll-latex-block | C95: t-richards | D95: Tom Richards | E95: Independent security researcher, software engineer, and Linux enthusiast. | G95: Tennessee, USA | H95: A plugin for Jekyll that uses KaTeX to render LaTeX. | J95: https://github.com/t-richards/jekyll-latex-block | K95: MIT License | L95: Ruby | M95: Ruby/Shell | N95: 2018-06-21T22:02:37Z | O95: 2021-04-30T01:51:28Z | P95: 1 | Q95: 1 | U95: 50 | V95: 2021-04-30T01:51:25Z | W95: 43272 | Y95: development
A96: MDEwOlJlcG9zaXRvcnkyNzk2MjgxMTg= | B96: pool_site_app | C96: okmtz | E96: Yuto Okamoto | G96: Japan/Fukuoka | J96: https://github.com/okmtz/pool_site_app | K96: ---- | L96: Ruby | M96: Dockerfile/Ruby/JavaScript/HTML/Shell/SCSS | N96: 2020-07-14T15:47:43Z | O96: 2021-04-29T05:15:57Z | P96: 1 | U96: 95 | V96: 2021-04-29T05:15:53Z | W96: 44026
A97: MDEwOlJlcG9zaXRvcnk3NjIxNDY5OQ== | B97: jekyll-google-tag-manager | C97: t-richards | D97: Tom Richards | E97: Independent security researcher, software engineer, and Linux enthusiast. | G97: Tennessee, USA | H97: GTM plugin for Jekyll. | J97: https://github.com/t-richards/jekyll-google-tag-manager | K97: MIT License | L97: Ruby | M97: Ruby/Shell/HTML | N97: 2016-12-12T02:20:55Z | O97: 2021-04-29T04:02:36Z | P97: 1 | Q97: 1 | R97: 11 | T97: 4 | U97: 40 | V97: 2021-04-29T04:02:33Z | W97: 42716 | Y97: development
A98: MDEwOlJlcG9zaXRvcnkyOTEwODY4NjE= | B98: blogapp-takumi | C98: takumi555 | J98: https://github.com/takumi555/blogapp-takumi | K98: ---- | L98: Ruby | M98: Ruby/JavaScript/HTML/SCSS/Haml | N98: 2020-08-28T15:53:22Z | O98: 2021-04-28T15:08:51Z | P98: 1 | Q98: 1 | U98: 72 | V98: 2021-04-28T15:08:33Z | W98: 44071
A99: MDEwOlJlcG9zaXRvcnkzNDQ0NzEzNTI= | B99: PF_World_tactics_app | C99: milan2229 | D99: yuuya | G99: Gunma, Japan | H99: PF„Ç¢„Éó„É™„ÄéWorldTactics„Äè„ÅÆ„É™„Éù„Ç∏„Éà„É™„Åß„Åô„ÄÇ | I99: rspec/ec2/ajax/ruby | J99: https://github.com/milan2229/PF_World_tactics_app | K99: ---- | L99: Ruby | M99: Ruby/JavaScript/HTML/CoffeeScript/SCSS | N99: 2021-03-04T12:45:06Z | O99: 2021-05-01T13:08:31Z | P99: 1 | Q99: 1 | U99: 203 | V99: 2021-04-26T14:51:03Z | W99: 44259 | Y99: teaching
A100: MDEwOlJlcG9zaXRvcnkyNzE1MjIyNjc= | B100: Ruralia-Decidim | C100: Metatavu | J100: https://github.com/Metatavu/Ruralia-Decidim | K100: GNU Affero General Public License v3.0 | L100: Ruby | M100: Dockerfile/Ruby/JavaScript/CSS/HTML/Shell/SCSS | N100: 2020-06-11T10:52:55Z | O100: 2021-04-23T12:09:15Z | P100: 16 | Q100: 4 | R100: 1 | T100: 3 | U100: 105 | V100: 2021-04-23T12:09:11Z | W100: 43993 | Y100: development
...

Sheet mutmut
A1: repositoryId | B1: repositoryName | C1: ownerLogin | D1: ownerName | E1: ownerBio | F1: ownerCompany | G1: ownerLocation | H1: repositoryDescription | I1: topics | J1: url | K1: license | L1: primaryLanguage | M1: allLanguages | N1: repositoryCreationDate | O1: repositoryLastUpdate | P1: contributors | Q1: watchers | R1: starts | S1: forks | T1: issues | U1: commits | V1: lastCommit | W1: firstCommit | X1: Academia/Industry/Public | Y1: Category
A2: MDEwOlJlcG9zaXRvcnkzMjc3MTQ0NDA= | B2: cookiecutter-cruft-poetry-tox-pre-commit-ci-cd-instance | C2: TeoZosa | D2: Teofilo Zosa | E2: Likes: coding, cats, and coding cats. | F2: SonoSim | G2: San Francisco, CA | J2: https://github.com/TeoZosa/cookiecutter-cruft-poetry-tox-pre-commit-ci-cd-instance | K2: Apache License 2.0 | L2: Makefile | M2: Makefile/Python/Jupyter Notebook/Dockerfile/Shell | N2: 2021-01-07T20:10:55Z | O2: 2021-06-18T13:35:02Z | P2: 2 | Q2: 1 | U2: 323 | V2: 2021-06-18T13:34:57Z | W2: 44203 | X2: I | Y2: development
A3: MDEwOlJlcG9zaXRvcnkzMjczODUxMzI= | B3: cookiecutter-cruft-poetry-tox-pre-commit-ci-cd | C3: TeoZosa | D3: Teofilo Zosa | E3: Likes: coding, cats, and coding cats. | F3: SonoSim | G3: San Francisco, CA | H3: DevSecOps-centric Cookiecutter template for Python packages and/or projects | J3: https://github.com/TeoZosa/cookiecutter-cruft-poetry-tox-pre-commit-ci-cd | K3: Apache License 2.0 | L3: Python | M3: Shell/Makefile/Python/Jupyter Notebook/Dockerfile | N3: 2021-01-06T17:36:26Z | O3: 2021-06-18T13:29:11Z | P3: 1 | Q3: 1 | R3: 1 | U3: 809 | V3: 2021-06-18T13:29:08Z | W3: 44201 | X3: I | Y3: development
A4: MDEwOlJlcG9zaXRvcnkzNjM3NTY1NjU= | B4: simple-atm-controller | C4: TeoZosa | D4: Teofilo Zosa | E4: Likes: coding, cats, and coding cats. | F4: SonoSim | G4: San Francisco, CA | J4: https://github.com/TeoZosa/simple-atm-controller | K4: Apache License 2.0 | L4: Makefile | M4: Makefile/Python | N4: 2021-05-02T21:47:43Z | O4: 2021-06-18T13:27:27Z | P4: 1 | Q4: 1 | U4: 78 | V4: 2021-06-18T13:27:24Z | W4: 44318 | X4: I | Y4: development
A5: MDEwOlJlcG9zaXRvcnkzMDM1NjU0Nzk= | B5: structlog-sentry-logger | C5: TeoZosa | D5: Teofilo Zosa | E5: Likes: coding, cats, and coding cats. | F5: SonoSim | G5: San Francisco, CA | H5: A multi-purpose, pre-configured, performance-optimized structlog logger with (optional) Sentry integration via structlog-sentry | I5: logging/sentry/structlog/structured-logging | J5: https://github.com/TeoZosa/structlog-sentry-logger | K5: Apache License 2.0 | L5: Python | M5: Makefile/Python | N5: 2020-10-13T02:25:01Z | O5: 2021-06-18T13:21:55Z | P5: 1 | Q5: 1 | R5: 1 | U5: 617 | V5: 2021-06-18T13:21:52Z | W5: 44097 | X5: I | Y5: development
A6: MDEwOlJlcG9zaXRvcnkxMzcyMjQ0MDE= | B6: mbtest | C6: brunns | D6: Simon Brunning | E6: Father. Nerd. Pythonista. Agileista. Guardian reader. Secularist. Rationalist and empiricist. Comedy groupie. Good hugger. Music lover. Radio 4. \r\n\r\n@brunns | F6: @ThoughtWorksInc | G6: London | H6: Opinionated Python wrapper & utils for the Mountebank over the wire test double tool | J6: https://github.com/brunns/mbtest | K6: MIT License | L6: Python | M6: Python/Makefile | N6: 2018-06-13T14:07:52Z | O6: 2021-06-17T12:26:55Z | P6: 1 | Q6: 1 | R6: 23 | S6: 11 | T6: 18 | U6: 405 | V6: 2021-06-17T12:26:45Z | W6: 43264
A7: MDEwOlJlcG9zaXRvcnkxMTI5MjU2MDE= | B7: edapy | C7: MartinThoma | D7: Martin Thoma | E7: IT Consultant in Data Science, Machine Learning and Python. | G7: Munich | H7: Exploratory Data Analysis with Python | I7: python/python-3/python-3-5/eda/exploratory-data-analysis/csv/pandas/pdf/data-science/data-analysis | J7: https://github.com/MartinThoma/edapy | K7: MIT License | L7: Python | M7: Python/Makefile | N7: 2017-12-03T12:22:53Z | O7: 2021-06-15T21:49:11Z | P7: 1 | Q7: 1 | R7: 15 | S7: 2 | T7: 5 | U7: 62 | V7: 2021-06-15T21:49:08Z | W7: 43072 | X7: I | Y7: development
A8: MDEwOlJlcG9zaXRvcnkzNTA4OTU4NDE= | B8: stellar_occultations | C8: ferwazz | E8: I'm Astrophysicist and Data Scientist!\r\n | F8: Grupo de Ecología y Conservación de Islas, A.C. | G8: Ensenada | J8: https://github.com/ferwazz/stellar_occultations | K8: GNU Affero General Public License v3.0 | L8: C | M8: Dockerfile/Makefile/C/MATLAB/Python | N8: 2021-03-24T00:20:10Z | O8: 2021-06-15T03:51:05Z | P8: 1 | Q8: 1 | U8: 52 | V8: 2021-06-15T03:50:53Z | W8: 44279 | X8: P
A9: MDEwOlJlcG9zaXRvcnkzNjk1MDE5MTU= | B9: clean_enoa | C9: nepito | F9: Conservación de Islas | G9: Ensenada, México | J9: https://github.com/nepito/clean_enoa | K9: GNU Affero General Public License v3.0 | L9: ---- | N9: 2021-05-21T10:42:03Z | O9: 2021-06-05T05:29:12Z | P9: 4 | Q9: 2 | R9: 1 | U9: 82 | V9: 2021-06-14T14:57:52Z | W9: 44337 | X9: P | Y9: development
A10: MDEwOlJlcG9zaXRvcnkzNzY3NDE2Mjk= | B10: PdMaintainer | C10: avigdev | H10: Predictive maintenance | J10: https://github.com/avigdev/PdMaintainer | K10: Other | L10: Makefile | M10: Makefile/Python | N10: 2021-06-14T07:36:29Z | O10: 2021-06-14T09:16:21Z | P10: 1 | Q10: 1 | U10: 7 | V10: 2021-06-14T09:16:14Z | W10: 44361
A11: MDEwOlJlcG9zaXRvcnkyMjg0NTI1Nzg= | B11: tinvest | C11: daxartio | D11: Danil Akhtarov | E11: Software Engineer | F11: TINKOFF | G11: Russia | H11: Тинькофф Инвестиции, tinkoff, python, aiohttp, requests, pydantic | I11: tinkoff-invest/tinkoff-sdk/tinkoff/python/asyncio/investing/openapi/pypi/sdk | J11: https://github.com/daxartio/tinvest | K11: MIT License | L11: Python | M11: Makefile/Python | N11: 2019-12-16T18:45:33Z | O11: 2021-06-20T14:00:15Z | P11: 1 | Q11: 13 | R11: 150 | S11: 24 | T11: 43 | U11: 159 | V11: 2021-06-12T09:33:01Z | W11: 43817 | X11: I | Y11: development
A12: MDEwOlJlcG9zaXRvcnkzMzE2OTI3NTE= | B12: ejemplo_para_martha | C12: IslasGECI | J12: https://github.com/IslasGECI/ejemplo_para_martha | K12: ---- | L12: TeX | M12: Dockerfile/Makefile/TeX/Python | N12: 2021-01-21T16:52:18Z | O12: 2021-06-11T21:55:33Z | P12: 6 | Q12: 1 | S12: 1 | U12: 141 | V12: 2021-06-11T21:55:30Z | W12: 44217 | X12: P
A13: MDEwOlJlcG9zaXRvcnkzMDg0Mjg1OTM= | B13: package-template | C13: daxartio | D13: Danil Akhtarov | E13: Software Engineer | F13: TINKOFF | G13: Russia | J13: https://github.com/daxartio/package-template | K13: MIT License | L13: Makefile | M13: Makefile/Python | N13: 2020-10-29T19:24:49Z | O13: 2021-06-10T19:36:21Z | P13: 1 | Q13: 1 | U13: 16 | V13: 2021-06-10T19:36:13Z | W13: 44133 | X13: I
A14: MDEwOlJlcG9zaXRvcnkzNzUwODU0OTI= | B14: variable-length-quantity | C14: nzmognzmp | J14: https://github.com/nzmognzmp/variable-length-quantity | K14: ---- | L14: Python | M14: Python/Makefile | N14: 2021-06-08T17:04:00Z | O14: 2021-06-08T17:14:36Z | P14: 2 | Q14: 1 | U14: 2 | V14: 2021-06-08T17:14:30Z | W14: 44355
A15: MDEwOlJlcG9zaXRvcnkyMDA5MTA0OTk= | B15: tablero_api | C15: IslasGECI | J15: https://github.com/IslasGECI/tablero_api | K15: ---- | L15: Python | M15: Dockerfile/Makefile/Python | N15: 2019-08-06T19:16:30Z | O15: 2021-06-04T21:53:50Z | P15: 5 | Q15: 2 | T15: 2 | U15: 112 | V15: 2021-06-04T21:52:15Z | W15: 43662 | X15: P | Y15: research
A16: MDEwOlJlcG9zaXRvcnkzNDkzNzI4NzA= | B16: zero-2-hero-python-flask-microservice | C16: abhisheksr01 | D16: Abhishek Singh Rajput | F16: Armakuni | G16: London | H16: This is repository will contain a very basic flask get API & deploy it to the EKS flavour of Kubernetes using Concourse Pipeline. | I16: flask/concourse-pipeline/kubernetes/python/bdd/tdd/behave/pytest/python-unittest/python-behave | J16: https://github.com/abhisheksr01/zero-2-hero-python-flask-microservice | K16: MIT License | L16: Python | M16: Gherkin/Python/Makefile/Dockerfile/Shell/Mustache/JavaScript | N16: 2021-03-19T09:47:01Z | O16: 2021-06-04T14:53:30Z | P16: 1 | Q16: 1 | R16: 2 | S16: 4 | U16: 34 | V16: 2021-06-04T14:53:20Z | W16: 44274 | X16: I | Y16: teaching
A17: MDEwOlJlcG9zaXRvcnkxMzEzODQwNzI= | B17: mpu | C17: MartinThoma | D17: Martin Thoma | E17: IT Consultant in Data Science, Machine Learning and Python. | G17: Munich | H17: Martins Python Utilities - Stuff that comes in Handy | I17: python/python3/utility/utility-library/python-3-6/python-3-7/python-3-8 | J17: https://github.com/MartinThoma/mpu | K17: MIT License | L17: Python | M17: Makefile/Python/Shell | N17: 2018-04-28T07:17:23Z | O17: 2021-06-03T10:48:56Z | P17: 1 | Q17: 4 | R17: 35 | S17: 6 | T17: 67 | U17: 280 | V17: 2021-06-03T10:48:52Z | W17: 43218 | X17: I
A18: MDEwOlJlcG9zaXRvcnkxMDI4OTI3NTA= | B18: clana | C18: MartinThoma | D18: Martin Thoma | E18: IT Consultant in Data Science, Machine Learning and Python. | G18: Munich | H18: CLANA is a toolkit for classifier analysis. | I18: machine-learning/mit-license/classification/python/python-3/python-3-5/analysis | J18: https://github.com/MartinThoma/clana | K18: MIT License | L18: Python | M18: Python/Makefile/HTML | N18: 2017-09-08T18:32:53Z | O18: 2021-06-16T11:54:48Z | P18: 1 | Q18: 2 | R18: 24 | S18: 3 | T18: 6 | U18: 114 | V18: 2021-06-03T10:45:09Z | W18: 42986 | X18: I | Y18: development
A19: MDEwOlJlcG9zaXRvcnk3OTMxMjk2NA== | B19: HASY | C19: MartinThoma | D19: Martin Thoma | E19: IT Consultant in Data Science, Machine Learning and Python. | G19: Munich | H19: HASY dataset | I19: machine-learning/dataset/ocr/science/optical-character-recognition/symbols | J19: https://github.com/MartinThoma/HASY | K19: ---- | L19: Python | M19: Python/Makefile | N19: 2017-01-18T07:04:01Z | O19: 2021-06-03T10:44:54Z | P19: 1 | Q19: 3 | R19: 27 | S19: 9 | T19: 18 | U19: 145 | V19: 2021-06-03T10:44:50Z | W19: 42753 | X19: I | Y19: research
A20: MDEwOlJlcG9zaXRvcnkyODAyOTM5NTI= | B20: nerd | C20: IslasGECI | H20: Numerical Estimation of Rodenticide Density | J20: https://github.com/IslasGECI/nerd | K20: GNU Affero General Public License v3.0 | L20: Python | M20: Dockerfile/Makefile/Python | N20: 2020-07-17T01:10:21Z | O20: 2021-05-31T18:12:53Z | P20: 6 | Q20: 1 | T20: 4 | U20: 102 | V20: 2021-05-31T18:12:41Z | W20: 44029 | X20: P | Y20: research
A21: MDEwOlJlcG9zaXRvcnkzNDM1OTE2MDc= | B21: anty-if-python | C21: izabelakowal | D21: Izabela Kowal | G21: Krakow / Poland | H21: Gilded Rose kata done with Python + mutation tests | J21: https://github.com/izabelakowal/anty-if-python | K21: MIT License | L21: Python | M21: Python/Makefile | N21: 2021-03-01T23:58:57Z | O21: 2021-05-22T21:39:49Z | P21: 1 | Q21: 1 | U21: 78 | V21: 2021-05-22T21:39:47Z | W21: 44254 | Y21: teaching
A22: MDEwOlJlcG9zaXRvcnkyNjYyMDg3OTU= | B22: kanban_tools | C22: IslasGECI | H22: Herramientas para el corte semanal | J22: https://github.com/IslasGECI/kanban_tools | K22: GNU Affero General Public License v3.0 | L22: Python | M22: Dockerfile/Makefile/Python | N22: 2020-05-22T21:14:29Z | O22: 2021-05-21T21:18:16Z | P22: 5 | Q22: 1 | T22: 3 | U22: 55 | V22: 2021-05-21T21:18:08Z | W22: 43973 | X22: P
A23: MDEwOlJlcG9zaXRvcnkxOTk3MTcxNjg= | B23: distdens | C23: IslasGECI | H23: Proporciona herramientas para generar mapas de densidad y calcular cantidad de parejas reproductoras a partir de muestreos | J23: https://github.com/IslasGECI/distdens | K23: GNU Affero General Public License v3.0 | L23: Python | M23: Python/Dockerfile/Makefile | N23: 2019-07-30T19:46:57Z | O23: 2021-05-17T22:07:44Z | P23: 6 | Q23: 1 | U23: 113 | V23: 2021-05-17T22:07:28Z | W23: 43676 | X23: P | Y23: development
A24: MDEwOlJlcG9zaXRvcnk0OTM5MDc2 | B24: algorithms | C24: MartinThoma | D24: Martin Thoma | E24: IT Consultant in Data Science, Machine Learning and Python. | G24: Munich | H24: This repository is for learning and understanding how algorithms work. | I24: algorithms/examples/python/algorithm/cpp/javascript/java/pdf | J24: https://github.com/MartinThoma/algorithms | K24: MIT License | L24: Python | M24: Python/Java/JavaScript/Makefile/C++/R/TeX | N24: 2012-07-07T16:07:23Z | O24: 2021-05-14T17:06:49Z | P24: 1 | Q24: 14 | R24: 192 | S24: 102 | T24: 3 | U24: 551 | V24: 2021-05-14T17:06:45Z | W24: 41097 | X24: I | Y24: learning
A25: MDEwOlJlcG9zaXRvcnkxNzQ1MzIxNTQ= | B25: cog | C25: nedbat | D25: Ned Batchelder | G25: Boston | H25: Cog: A content generator for executing Python snippets in source files. | J25: https://github.com/nedbat/cog | K25: MIT License | L25: Python | M25: Makefile/Python | N25: 2019-03-08T12:14:00Z | O25: 2021-05-18T23:31:40Z | P25: 1 | Q25: 8 | R25: 89 | S25: 10 | T25: 11 | U25: 176 | V25: 2021-05-14T01:15:53Z | W25: 39953 | X25: I | Y25: development
A26: MDEwOlJlcG9zaXRvcnkzMTIzODIzMDU= | B26: termynal | C26: daxartio | D26: Danil Akhtarov | E26: Software Engineer | F26: TINKOFF | G26: Russia | I26: python/mkdocs/markdown/termynal | J26: https://github.com/daxartio/termynal | K26: MIT License | L26: JavaScript | M26: Makefile/CSS/JavaScript/Python | N26: 2020-11-12T19:59:40Z | O26: 2021-05-14T08:29:55Z | P26: 1 | Q26: 1 | R26: 5 | U26: 5 | V26: 2021-05-13T21:24:02Z | W26: 44149 | X26: I
A27: MDEwOlJlcG9zaXRvcnkyOTY5MTM3NDE= | B27: flake8-simplify | C27: MartinThoma | D27: Martin Thoma | E27: IT Consultant in Data Science, Machine Learning and Python. | G27: Munich | H27: ❄ A flake8 plugin that helps you to simplify code | I27: flake8/flake8-plugin/flake8-extensions/python/python3/python-style/linter/code-quality | J27: https://github.com/MartinThoma/flake8-simplify | K27: MIT License | L27: Python | M27: Makefile/Python/Shell | N27: 2020-09-19T16:59:41Z | O27: 2021-06-18T08:18:43Z | P27: 1 | Q27: 2 | R27: 39 | S27: 4 | T27: 44 | U27: 58 | V27: 2021-05-13T20:18:33Z | W27: 44093 | X27: I | Y27: development
A28: MDEwOlJlcG9zaXRvcnkyNDE3MDU5MzU= | B28: gatos | C28: IslasGECI | J28: https://github.com/IslasGECI/gatos | K28: GNU Affero General Public License v3.0 | L28: Jupyter Notebook | M28: Dockerfile/Makefile/R/Python/Jupyter Notebook/HTML/TeX | N28: 2020-02-19T19:25:47Z | O28: 2021-04-27T22:02:42Z | P28: 5 | Q28: 1 | T28: 2 | U28: 139 | V28: 2021-04-27T22:02:24Z | W28: 43745 | X28: P
A29: MDEwOlJlcG9zaXRvcnkzNTEyOTIxNzE= | B29: pythontex_tools | C29: IslasGECI | J29: https://github.com/IslasGECI/pythontex_tools | K29: GNU Affero General Public License v3.0 | L29: Python | M29: Dockerfile/Makefile/Python | N29: 2021-03-25T03:02:20Z | O29: 2021-04-26T17:20:55Z | P29: 5 | Q29: 1 | T29: 1 | U29: 35 | V29: 2021-04-26T17:20:47Z | W29: 44280 | X29: P | Y29: development
A30: MDEwOlJlcG9zaXRvcnkyMzU0NjcxNTE= | B30: cormorant_population_growth | C30: IslasGECI | J30: https://github.com/IslasGECI/cormorant_population_growth | K30: GNU Affero General Public License v3.0 | L30: TeX | M30: Dockerfile/Makefile/TeX/Python/Shell | N30: 2020-01-22T00:15:40Z | O30: 2021-04-21T22:58:29Z | P30: 5 | Q30: 1 | T30: 1 | U30: 190 | V30: 2021-04-21T22:24:22Z | W30: 43852 | X30: P | Y30: research
A31: MDEwOlJlcG9zaXRvcnkyNzU5NDA0MTQ= | B31: metadata_tools | C31: IslasGECI | J31: https://github.com/IslasGECI/metadata_tools | K31: GNU Affero General Public License v3.0 | L31: Python | M31: Dockerfile/Makefile/Python | N31: 2020-06-29T22:33:39Z | O31: 2021-04-21T17:48:26Z | P31: 6 | Q31: 1 | T31: 10 | U31: 133 | V31: 2021-04-21T17:45:32Z | W31: 44011 | X31: P
A32: MDEwOlJlcG9zaXRvcnkxNTQ4MTMyMzQ= | B32: legacy-training-python | C32: CodiumTeam | H32: Katas for the Codium \Working with legacy code\" training in python" | J32: https://github.com/CodiumTeam/legacy-training-python | K32: ---- | L32: Python | M32: Python/CSS/Makefile/Dockerfile/Shell/Batchfile | N32: 2018-10-26T09:50:07Z | O32: 2021-04-13T08:21:48Z | P32: 5 | Q32: 3 | R32: 4 | S32: 1 | U32: 83 | V32: 2021-04-13T08:21:36Z | W32: 43399 | Y32: teaching
A33: MDEwOlJlcG9zaXRvcnkxODgxMjUwMzY= | B33: descarga_datos | C33: IslasGECI | H33: Repositorio que contiene la CLI para descargar datos especificados en analyses.json | J33: https://github.com/IslasGECI/descarga_datos | K33: GNU Affero General Public License v3.0 | L33: Python | M33: Python/Dockerfile/Makefile | N33: 2019-05-22T23:01:57Z | O33: 2021-04-09T18:35:27Z | P33: 5 | Q33: 2 | T33: 6 | U33: 133 | V33: 2021-04-09T18:35:09Z | W33: 43607 | X33: P
A34: MDEwOlJlcG9zaXRvcnkxMTUyMjIwMjk= | B34: vakt | C34: kolotaev | D34: Egor Kolotaev | F34: SugarCRM | G34: Minsk | H34: Attribute-based access control (ABAC) SDK for Python | I34: acl/abac/security/policy-management/python/authorization/access-control/authz/permissions/iam-policy | J34: https://github.com/kolotaev/vakt | K34: Apache License 2.0 | L34: Python | M34: Python/Makefile | N34: 2017-12-23T21:10:41Z | O34: 2021-06-17T05:42:51Z | P34: 1 | Q34: 4 | R34: 108 | S34: 14 | T34: 22 | U34: 682 | V34: 2021-04-09T06:50:48Z | W34: 43092 | X34: I | Y34: development
A35: MDEwOlJlcG9zaXRvcnkyNzE2MTM1NDc= | B35: geci_distance | C35: IslasGECI | J35: https://github.com/IslasGECI/geci_distance | K35: GNU Affero General Public License v3.0 | L35: Python | M35: Dockerfile/Makefile/Python | N35: 2020-06-11T18:00:18Z | O35: 2021-04-07T20:40:44Z | P35: 5 | Q35: 1 | T35: 2 | U35: 57 | V35: 2021-04-07T20:40:41Z | W35: 43993 | X35: P
A36: MDEwOlJlcG9zaXRvcnkyNjU2ODQ4ODE= | B36: analytictools | C36: IslasGECI | H36: Herramientas de análisis en Python | J36: https://github.com/IslasGECI/analytictools | K36: GNU Affero General Public License v3.0 | L36: Python | M36: Dockerfile/Makefile/Python | N36: 2020-05-20T20:59:35Z | O36: 2021-04-07T18:08:22Z | P36: 5 | Q36: 1 | T36: 3 | U36: 32 | V36: 2021-04-07T18:08:08Z | W36: 43971 | X36: P
A37: MDEwOlJlcG9zaXRvcnkxMTY1NTYzNTY= | B37: lidtk | C37: MartinThoma | D37: Martin Thoma | E37: IT Consultant in Data Science, Machine Learning and Python. | G37: Munich | H37: Language Identification Toolkit | I37: language-identification/python-3/python-3-5/mit-license/language-identification-toolkit/machine-learning/nlp/nlp-machine-learning | J37: https://github.com/MartinThoma/lidtk | K37: MIT License | L37: Python | M37: Python/Makefile | N37: 2018-01-07T10:27:30Z | O37: 2021-05-31T19:46:26Z | P37: 1 | Q37: 1 | R37: 13 | S37: 7 | U37: 58 | V37: 2021-03-22T21:22:44Z | W37: 43107 | X37: I | Y37: development
A38: MDEwOlJlcG9zaXRvcnkyNjQ3MzkwNTM= | B38: peon | C38: roch1990 | D38: Eugene Gildin | E38: Chief maintenance engineer | F38: Gazprombank | G38: Russia, Yekaterinburg | H38: Python \Elegant Object\" Naive linter. " | I38: linter/python/elegantobjects/in-development | J38: https://github.com/roch1990/peon | K38: MIT License | L38: Python | M38: Python/Makefile | N38: 2020-05-17T19:15:06Z | O38: 2021-03-10T21:24:03Z | P38: 1 | Q38: 1 | R38: 23 | T38: 9 | U38: 80 | V38: 2021-03-10T21:24:00Z | W38: 43968 | X38: I | Y38: development
A39: MDEwOlJlcG9zaXRvcnkzNDM3ODk4ODY= | B39: ECL-pyrobustness | C39: merce-fra | J39: https://github.com/merce-fra/ECL-pyrobustness | K39: GNU General Public License v3.0 | L39: Python | M39: Makefile/Python | N39: 2021-03-02T13:48:53Z | O39: 2021-03-10T14:55:15Z | P39: 7 | Q39: 2 | U39: 3 | V39: 2021-03-10T14:55:13Z | W39: 44257 | X39: I | Y39: research
A40: MDEwOlJlcG9zaXRvcnkxNDMyODcwNjU= | B40: brunns-matchers | C40: brunns | D40: Simon Brunning | E40: Father. Nerd. Pythonista. Agileista. Guardian reader. Secularist. Rationalist and empiricist. Comedy groupie. Good hugger. Music lover. Radio 4. \r\n\r\n@brunns | F40: @ThoughtWorksInc | G40: London | H40: Custom PyHamcrest matchers | J40: https://github.com/brunns/brunns-matchers | K40: MIT License | L40: Python | M40: Makefile/Python | N40: 2018-08-02T11:42:12Z | O40: 2021-03-07T16:25:06Z | P40: 1 | Q40: 2 | R40: 1 | T40: 2 | U40: 218 | V40: 2021-03-07T16:25:00Z | W40: 43314 | X40: I | Y40: development
A41: MDEwOlJlcG9zaXRvcnkzNDE4OTUwMjQ= | B41: sliceable-matrix | C41: wpbindt | D41: Wessel Bindt | G41: Amsterdam | H41: Small utility class that provides fast slicing for matrices (modeled as lists of lists) by never actually throwing away any contents. | J41: https://github.com/wpbindt/sliceable-matrix | K41: ---- | L41: Python | M41: Python/Makefile | N41: 2021-02-24T12:34:29Z | O41: 2021-03-12T16:55:32Z | P41: 1 | Q41: 1 | U41: 35 | V41: 2021-02-28T22:51:14Z | W41: 44251
A42: MDEwOlJlcG9zaXRvcnk3ODU0OTQ4OA== | B42: formica | C42: theserverlessway | H42: Simple Tool to deploy Cloudformation Templates | I42: cloudformation/infrastructure/aws/automation | J42: https://github.com/theserverlessway/formica | K42: MIT License | L42: Python | M42: Python/Makefile/Dockerfile/Shell | N42: 2017-01-10T16:01:53Z | O42: 2021-06-04T03:47:13Z | P42: 1 | Q42: 6 | R42: 58 | S42: 8 | T42: 57 | U42: 480 | V42: 2021-02-17T16:56:43Z | W42: 42745 | Y42: development
A43: MDEwOlJlcG9zaXRvcnkyNzQzMzI4MjE= | B43: HCLcat | C43: ferwazz | E43: I'm Astrophysicist and Data Scientist!\r\n | F43: Grupo de Ecología y Conservación de Islas, A.C. | G43: Ensenada | H43: High Cadence Light curves analytic tools in Python | J43: https://github.com/ferwazz/HCLcat | K43: GNU Affero General Public License v3.0 | L43: Jupyter Notebook | M43: Dockerfile/Python/Makefile/Jupyter Notebook | N43: 2020-06-23T07:00:41Z | O43: 2021-02-15T07:42:45Z | P43: 3 | Q43: 2 | T43: 1 | U43: 9 | V43: 2021-02-15T07:42:37Z | W43: 44005 | X43: P | Y43: development
A44: MDEwOlJlcG9zaXRvcnkyOTMyMjAxNDU= | B44: dpsbin | C44: hmusgrave | D44: Hans Musgrave | H44: Compute exact DPS for turn-based games | J44: https://github.com/hmusgrave/dpsbin | K44: GNU Affero General Public License v3.0 | L44: Python | M44: Makefile/Python | N44: 2020-09-06T06:48:09Z | O44: 2021-02-07T19:06:02Z | P44: 1 | Q44: 1 | R44: 1 | T44: 1 | U44: 12 | V44: 2021-02-07T19:05:59Z | W44: 44080 | Y44: development
A45: MDEwOlJlcG9zaXRvcnkzMjUwNjY3Njk= | B45: vakt | C45: chuxuantinh | D45: Chu Xuân Tình | E45: Phone: +84.933911039\r\nEmail: 1870583@hcmut.edu.vn\r\n | G45: Ha Noi | J45: https://github.com/chuxuantinh/vakt | K45: Apache License 2.0 | L45: Python | M45: Makefile/Python | N45: 2020-12-28T16:54:39Z | O45: 2020-12-28T16:54:51Z | P45: 1 | Q45: 1 | U45: 1 | V45: 2020-12-28T16:54:33Z | W45: 44193 | X45: A | Y45: development
A46: MDEwOlJlcG9zaXRvcnkyNzgyNjE1NDM= | B46: eradication_success_assessment | C46: IslasGECI | J46: https://github.com/IslasGECI/eradication_success_assessment | K46: ---- | L46: Python | M46: Dockerfile/Makefile/Python | N46: 2020-07-09T04:20:51Z | O46: 2021-05-14T19:10:23Z | P46: 5 | Q46: 1 | T46: 4 | U46: 43 | V46: 2020-12-03T22:57:51Z | W46: 44021 | X46: P
A47: MDEwOlJlcG9zaXRvcnkzMTUzODkyNTc= | B47: mutation_lab | C47: eadium | D47: Artem | G47: Moscow | J47: https://github.com/eadium/mutation_lab | K47: ---- | L47: Python | M47: Makefile/Python/Shell | N47: 2020-11-23T17:23:32Z | O47: 2020-11-23T22:26:04Z | P47: 1 | Q47: 1 | U47: 13 | V47: 2020-11-23T22:25:55Z | W47: 44150 | X47: A | Y47: teaching
A48: MDEwOlJlcG9zaXRvcnkzMTI2OTg4OTY= | B48: Algoritmo_Kata | C48: jesus1497 | D48: Jesús Miguel Armenta Garzón | E48: BS in Computer Science. I'm interested in software development and the field of artificial intelligence, especially machine learning and computer vision. | G48: México | J48: https://github.com/jesus1497/Algoritmo_Kata | K48: GNU Affero General Public License v3.0 | L48: Python | M48: Dockerfile/Makefile/Python | N48: 2020-11-13T22:36:56Z | O48: 2020-11-13T22:54:52Z | P48: 1 | Q48: 1 | U48: 1 | V48: 2020-11-13T22:53:53Z | W48: 44148 | X48: A | Y48: teaching
A49: MDEwOlJlcG9zaXRvcnkyNDY4ODc5MDE= | B49: mean_differences_mc | C49: IslasGECI | J49: https://github.com/IslasGECI/mean_differences_mc | K49: GNU Affero General Public License v3.0 | L49: Python | M49: Dockerfile/Makefile/Python | N49: 2020-03-12T17:01:08Z | O49: 2020-10-20T19:59:23Z | P49: 5 | Q49: 1 | T49: 1 | U49: 99 | V49: 2020-10-20T19:59:11Z | W49: 43902 | X49: P
A50: MDEwOlJlcG9zaXRvcnkyODcxMTcxODA= | B50: software-testing | C50: rafaelleinio | D50: Rafael Leiniö | E50: Data Enginer | Data Platform | Machine Learn Platform | MLOps | F50: @mercadolibre | G50: São Paulo - Brazil | H50: Repository for the projects of the 2020 Software Testing class at the Federal University of São Paulo (UNIFESP) | J50: https://github.com/rafaelleinio/software-testing | K50: MIT License | L50: Python | M50: Makefile/Python | N50: 2020-08-12T21:17:02Z | O50: 2021-02-28T02:12:35Z | P50: 1 | Q50: 1 | R50: 1 | U50: 13 | V50: 2020-10-05T01:49:12Z | W50: 44055 | X50: I | Y50: teaching
A51: MDEwOlJlcG9zaXRvcnkyMzY1NzI2MjQ= | B51: dummy-transformations.py | C51: IslasGECI | J51: https://github.com/IslasGECI/dummy-transformations.py | K51: GNU Affero General Public License v3.0 | L51: Makefile | M51: Dockerfile/Makefile/Python | N51: 2020-01-27T19:18:00Z | O51: 2020-10-01T20:40:55Z | P51: 5 | Q51: 1 | U51: 36 | V51: 2020-10-01T20:40:38Z | W51: 43857 | X51: P
A52: MDEwOlJlcG9zaXRvcnkyOTc3NDMwNjg= | B52: check-pip-compile | C52: MartinThoma | D52: Martin Thoma | E52: IT Consultant in Data Science, Machine Learning and Python. | G52: Munich | H52: Check if pip-compile needs to be run | I52: pip-compile/pre-commit/pre-commit-hook/python-dependencies | J52: https://github.com/MartinThoma/check-pip-compile | K52: ---- | L52: Python | M52: Makefile/Python | N52: 2020-09-22T18:52:28Z | O52: 2021-04-05T16:46:27Z | P52: 1 | Q52: 2 | R52: 2 | T52: 1 | U52: 4 | V52: 2020-09-22T21:30:29Z | W52: 44096 | X52: I | Y52: development
A53: MDEwOlJlcG9zaXRvcnkyMDQ1ODM4MjY= | B53: tamanio-poblacional-aves-marinas | C53: IslasGECI | H53: Mapa de burbujas de Aves Marinas | J53: https://github.com/IslasGECI/tamanio-poblacional-aves-marinas | K53: GNU Affero General Public License v3.0 | L53: JavaScript | M53: Dockerfile/Makefile/Go/Python/CSS/HTML/JavaScript | N53: 2019-08-27T00:14:41Z | O53: 2020-12-16T18:22:21Z | P53: 6 | Q53: 2 | T53: 11 | U53: 153 | V53: 2020-09-02T17:39:00Z | W53: 43698 | X53: P | Y53: research
A54: MDEwOlJlcG9zaXRvcnkyOTA0Mjk2MDY= | B54: ML_Stuff | C54: saneravi | D54: Ravi Kumar Sanjay Sane | E54: MTech in Signal Processing and Machine Learning from IIT Guwahati, \r\n(Past Exp: Electrical & Instrumentation Engineer) | F54: IIT Guwahati | G54: India | J54: https://github.com/saneravi/ML_Stuff | K54: MIT License | L54: Python | M54: Python/Dockerfile/Makefile/HTML/C++/PLpgSQL/Shell | N54: 2020-08-26T07:40:51Z | O54: 2020-08-26T07:41:50Z | P54: 1 | Q54: 1 | U54: 533 | V54: 2020-08-23T17:38:09Z | W54: 41097 | X54: A | Y54: learning
A55: MDEwOlJlcG9zaXRvcnkyODc1ODY1NjE= | B55: cookiecutter-hex-sql-api | C55: guiyllw | D55: Guilherme Vasconellos | F55: Guilherme Vasconcellos | G55: São Paulo - BR | J55: https://github.com/guiyllw/cookiecutter-hex-sql-api | K55: ---- | L55: Python | M55: Makefile/Python | N55: 2020-08-14T17:19:17Z | O55: 2020-08-14T17:19:42Z | P55: 1 | Q55: 1 | U55: 1 | V55: 2020-08-14T17:18:48Z | W55: 44057

Sheet mutpy
A1: repositoryId | B1: repositoryName | C1: ownerLogin | D1: ownerName | E1: ownerBio | F1: ownerCompany | G1: ownerLocation | H1: repositoryDescription | I1: topics | J1: url | K1: license | L1: primaryLanguage | M1: allLanguages | N1: repositoryCreationDate | O1: repositoryLastUpdate | P1: contributors | Q1: watchers | R1: starts | S1: forks | T1: issues | U1: commits | V1: lastCommit | W1: firstCommit | X1: Academia/Industry/Public | Y1: Category
A2: MDEwOlJlcG9zaXRvcnkxMDk5MDEzODA= | B2: typedpy | C2: loyada | H2: Type-safe, strict Python. Works well with standard Python | J2: https://github.com/loyada/typedpy | K2: MIT License | L2: Python | M2: Python/Batchfile | N2: 2017-11-07T23:05:01Z | O2: 2021-06-16T03:05:30Z | P2: 1 | Q2: 1 | R2: 5 | S2: 3 | T2: 80 | U2: 444 | V2: 2021-06-16T03:04:18Z | W2: 43046 | Y2: development
A3: MDEwOlJlcG9zaXRvcnkxODAzMjA4MA== | B3: vimrc | C3: ruchee | D3: Ruchee | E3: Web Programmer | G3: China | H3: Ruchee's Vim Config Files | I3: vim/golang/php/python/ruby/typescript | J3: https://github.com/ruchee/vimrc | K3: MIT License | L3: Vim script | M3: Ruby/Shell/CSS/Makefile/Erlang/JavaScript/Python | N3: 2014-03-23T11:42:48Z | O3: 2021-06-19T04:02:03Z | P3: 1 | Q3: 42 | R3: 394 | S3: 173 | T3: 47 | U3: 759 | V3: 2021-06-16T01:52:18Z | W3: 41721 | Y3: development
A4: MDEwOlJlcG9zaXRvcnkxMjc0MDIwMjM= | B4: spans | C4: AaronRobson | D4: Aaron Robson | E4: A software developer in the Cambridge area with interest in multiple programming languages and techniques. | F4: @Citrix | G4: Cambridge, UK | H4: Printing page spans 1,2,3 to 1-3. | I4: spans/printer/python/range | J4: https://github.com/AaronRobson/spans | K4: GNU General Public License v3.0 | L4: Python | M4: Python/Makefile | N4: 2018-03-30T08:20:51Z | O4: 2021-05-15T00:31:31Z | P4: 1 | Q4: 1 | U4: 60 | V4: 2021-05-15T00:31:27Z | W4: 43189 | X4: I | Y4: development
A5: MDEwOlJlcG9zaXRvcnkzNTYyOTQxODc= | B5: ST_SYS | C5: ennokuyt | H5: Software Testing - SYS Assignment - Lego robot controller | J5: https://github.com/ennokuyt/ST_SYS | K5: ---- | L5: MATLAB | M5: MATLAB/Python/M/Objective-C | N5: 2021-04-09T14:12:47Z | O5: 2021-05-01T07:53:22Z | P5: 5 | Q5: 1 | U5: 64 | V5: 2021-05-01T07:53:13Z | W5: 44295 | Y5: development
A6: MDEwOlJlcG9zaXRvcnkxMjA2NzI5 | B6: autopep8 | C6: hhatto | D6: Hideo Hattori | F6: Freelance | G6: Hyogo, Japan | H6: A tool that automatically formats Python code to conform to the PEP 8 style guide. | I6: python/formatter/pep8/codeformatter | J6: https://github.com/hhatto/autopep8 | K6: MIT License | L6: Python | M6: Shell/Python/Makefile | N6: 2010-12-29T20:08:51Z | O6: 2021-06-20T14:00:43Z | P6: 3 | Q6: 63 | R6: 3799 | S6: 246 | T6: 419 | U6: 2702 | V6: 2021-04-30T06:04:29Z | W6: 40541 | X6: I | Y6: development
A7: MDEwOlJlcG9zaXRvcnkzNjExNjg1MjY= | B7: Handson02 | C7: Andre0x1 | J7: https://github.com/Andre0x1/Handson02 | K7: ---- | L7: Python | M7: Python/JavaScript/HTML/CSS/SCSS/PowerShell/Batchfile | N7: 2021-04-24T13:26:40Z | O7: 2021-04-24T13:44:00Z | P7: 1 | Q7: 1 | U7: 2 | V7: 2021-04-24T13:43:56Z | W7: 44310
A8: MDEwOlJlcG9zaXRvcnkzNTk2MjM2NTQ= | B8: Cifra_Cesar | C8: joscelino | D8: J.Oliveira | E8: Administrador de Empresas, entusiasta em Blockchain, Mercado de Capitais, Matemática Aplicada, Big Data e Inteligencia Artificial . | G8: Sao Paulo, Brazil | H8: [Criptografia] Cifra de Cesar desenvolvida em Python | J8: https://github.com/joscelino/Cifra_Cesar | K8: ---- | L8: Python | M8: Python | N8: 2021-04-19T23:16:57Z | O8: 2021-04-21T22:12:27Z | P8: 1 | Q8: 1 | U8: 10 | V8: 2021-04-21T22:11:23Z | W8: 44305 | Y8: development
A9: MDEwOlJlcG9zaXRvcnkzMjc5MzEyMg== | B9: dotvim | C9: lofic | D9: Louis Coilliot | H9: My custom vim configuration, selection of plugins and color scheme. | J9: https://github.com/lofic/dotvim | K9: ---- | L9: Vim script | M9: Shell/Ruby/TeX/Python/Makefile/Erlang/JavaScript | N9: 2015-03-24T10:58:00Z | O9: 2021-03-23T12:35:26Z | P9: 1 | Q9: 1 | R9: 1 | S9: 2 | U9: 3 | V9: 2021-03-23T12:35:06Z | W9: 44249 | Y9: development
A10: MDEwOlJlcG9zaXRvcnkzNDc1NjQ4MzY= | B10: linux | C10: davoudarsalani | D10: Davoud Arsalani | E10: Arch Linux + AwesomeWM | J10: https://github.com/davoudarsalani/linux | K10: ---- | L10: Python | M10: Shell/Lua/CSS/Python/Vim Snippet/Vim script/Makefile | N10: 2021-03-14T06:46:35Z | O10: 2021-03-14T06:47:34Z | P10: 1 | Q10: 1 | U10: 1 | V10: 2021-03-14T06:44:35Z | W10: 44269
A11: MDEwOlJlcG9zaXRvcnkzNDI1NjE3MTI= | B11: square | C11: Genetical | J11: https://github.com/Genetical/square | K11: ---- | L11: Python | M11: Python | N11: 2021-02-26T11:56:18Z | O11: 2021-03-13T22:01:40Z | P11: 1 | Q11: 1 | U11: 20 | V11: 2021-03-13T22:01:37Z | W11: 44253 | Y11: development
A12: MDEwOlJlcG9zaXRvcnkyNTk3NjQwMDg= | B12: bitesofpy | C12: dcribb19 | D12: Daniel Cribb | H12: PyBites with codechalleng.es | J12: https://github.com/dcribb19/bitesofpy | K12: ---- | L12: HTML | M12: HTML/Python/Jupyter Notebook | N12: 2020-04-28T22:16:38Z | O12: 2021-02-12T01:20:37Z | P12: 1 | Q12: 1 | R12: 1 | U12: 428 | V12: 2021-02-12T01:20:30Z | W12: 43949 | Y12: development
A13: MDEwOlJlcG9zaXRvcnkxMzMyOTE2NTg= | B13: config | C13: fjzhou | D13: FJ.Zhou | G13: Ningbo, China | H13: Configuration files | J13: https://github.com/fjzhou/config | K13: ---- | L13: Vim script | M13: Vim script/Makefile/QMake/C/C++/TeX/Shell | N13: 2018-05-14T01:55:21Z | O13: 2021-02-09T08:41:20Z | P13: 1 | Q13: 1 | U13: 54 | V13: 2021-02-09T08:40:43Z | W13: 42714
A14: MDEwOlJlcG9zaXRvcnkzMzA5NzExOTE= | B14: zsh-vim-config | C14: nmaiti | D14: Nabendu Maiti | G14: Bangalore | J14: https://github.com/nmaiti/zsh-vim-config | K14: MIT License | L14: Python | M14: Shell/Vim script/PostScript/Python/Roff/Makefile/PowerShell | N14: 2021-01-19T12:23:29Z | O14: 2021-03-14T00:48:05Z | P14: 1 | Q14: 1 | U14: 8 | V14: 2021-01-30T06:49:05Z | W14: 44215 | Y14: development
A15: MDEwOlJlcG9zaXRvcnkzMjcyODIyMzg= | B15: spf13-vim-verilog-green | C15: qianlong-zhang | D15: Qianlong Zhang | E15: Ph.D in Computer Architecture | H15: Strongest vim with verilog support and no need to access internet when install | J15: https://github.com/qianlong-zhang/spf13-vim-verilog-green | K15: ---- | L15: Vim script | M15: Vim script/PHP/Makefile/HTML/PowerShell/Shell/Vim Snippet | N15: 2021-01-06T10:51:30Z | O15: 2021-01-06T11:02:35Z | P15: 1 | Q15: 1 | U15: 4 | V15: 2021-01-06T11:02:32Z | W15: 44202 | X15: A | Y15: development
A16: MDEwOlJlcG9zaXRvcnk0NDU4MDI1 | B16: docformatter | C16: myint | D16: Steven Myint | E16: Mars rover flight software developer | G16: Pasadena, CA, USA | H16: Formats docstrings to follow PEP 257 | I16: python/formatter/docstring | J16: https://github.com/myint/docformatter | K16: MIT License | L16: Python | M16: Makefile/Python | N16: 2012-05-26T21:40:48Z | O16: 2021-06-08T20:34:03Z | P16: 1 | Q16: 10 | R16: 214 | S16: 32 | T16: 42 | U16: 441 | V16: 2020-12-27T18:10:35Z | W16: 41055 | Y16: development
A17: MDEwOlJlcG9zaXRvcnk3MzM1NDUw | B17: autoflake | C17: myint | D17: Steven Myint | E17: Mars rover flight software developer | G17: Pasadena, CA, USA | H17: Removes unused imports and unused variables as reported by pyflakes | I17: python/formatter/linter/pyflakes | J17: https://github.com/myint/autoflake | K17: MIT License | L17: Python | M17: Makefile/Python | N17: 2012-12-27T03:40:17Z | O17: 2021-06-21T01:41:53Z | P17: 1 | Q17: 8 | R17: 394 | S17: 46 | T17: 56 | U17: 439 | V17: 2020-12-27T17:36:40Z | W17: 41269 | X17: I | Y17: development
A18: MDEwOlJlcG9zaXRvcnkzMTUzODkyNTc= | B18: mutation_lab | C18: eadium | D18: Artem | G18: Moscow | J18: https://github.com/eadium/mutation_lab | K18: ---- | L18: Python | M18: Makefile/Python/Shell | N18: 2020-11-23T17:23:32Z | O18: 2020-11-23T22:26:04Z | P18: 1 | Q18: 1 | U18: 13 | V18: 2020-11-23T22:25:55Z | W18: 44150 | Y18: teaching
A19: MDEwOlJlcG9zaXRvcnkzMDkxNzc5NzA= | B19: vim_config | C19: sardanabhav | D19: Bhav Sardana | H19: My VIM configs | J19: https://github.com/sardanabhav/vim_config | K19: ---- | L19: Python | M19: Vim script/Python/PowerShell/Makefile/Batchfile/Shell/HTML | N19: 2020-11-01T20:04:14Z | O19: 2020-11-01T20:28:30Z | P19: 1 | Q19: 1 | U19: 5 | V19: 2020-11-01T20:28:07Z | W19: 44136
A20: MDEwOlJlcG9zaXRvcnkzMDg5MDQ3NzA= | B20: teste-mutacao | C20: matusilva | D20: Matheus Silva | E20: Graduando em Análise e Desenvolvimento de Sistemas - IFRN | G20: Natal, Brazil | H20: programa python que recebe os valores dos 3 lados de um triângulo e classifica-o como equilátero, escaleno ou isósceles | J20: https://github.com/matusilva/teste-mutacao | K20: ---- | L20: Python | M20: Python/HTML/PowerShell/Batchfile | N20: 2020-10-31T14:52:33Z | O20: 2020-10-31T14:57:34Z | P20: 1 | Q20: 1 | U20: 2 | V20: 2020-10-31T14:57:31Z | W20: 44135 | X20: A | Y20: teaching
A21: MDEwOlJlcG9zaXRvcnk3MjkxODEx | B21: eradicate | C21: myint | D21: Steven Myint | E21: Mars rover flight software developer | G21: Pasadena, CA, USA | H21: Removes commented-out code from Python files | J21: https://github.com/myint/eradicate | K21: ---- | L21: Python | M21: Makefile/Python | N21: 2012-12-23T04:39:48Z | O21: 2021-06-10T16:00:11Z | P21: 2 | Q21: 4 | R21: 114 | S21: 19 | T21: 17 | U21: 164 | V21: 2020-10-01T09:23:01Z | W21: 41266 | X21: I | Y21: development
A22: MDEwOlJlcG9zaXRvcnkyNTE0ODUwOTA= | B22: dotfiles | C22: Abskpro | D22: Abhishek Karmacharya | J22: https://github.com/Abskpro/dotfiles | K22: ---- | L22: Vim script | M22: Vim script/Shell/JavaScript/Batchfile/TypeScript/Makefile/PostScript | N22: 2020-03-31T02:55:02Z | O22: 2020-08-23T01:50:41Z | P22: 1 | Q22: 1 | U22: 10 | V22: 2020-08-23T01:50:31Z | W22: 43921 | Y22: development
A23: MDEwOlJlcG9zaXRvcnkyNDQyNDcxODQ= | B23: pipeline_aws_custom | C23: clodonil | D23: Clodonil Honorio Trigo | F23: nisled | G23: Brasil | H23: Pipeline Customizadas para AWS | J23: https://github.com/clodonil/pipeline_aws_custom | K23: Apache License 2.0 | L23: Python | M23: Python/Dockerfile/Makefile | N23: 2020-03-02T00:33:46Z | O23: 2020-07-22T17:33:31Z | P23: 1 | Q23: 1 | U23: 38 | V23: 2020-07-22T17:32:58Z | W23: 43892 | X23: I | Y23: development
A24: MDEwOlJlcG9zaXRvcnkyODEwNzg1MjE= | B24: sysconfig | C24: hkdb | D24: hkdb | H24: Automate basic shell and vim configurations | J24: https://github.com/hkdb/sysconfig | K24: MIT License | L24: Python | M24: Shell/Vim script/Python/Makefile/Dockerfile/Go/Ruby | N24: 2020-07-20T09:52:47Z | O24: 2021-01-30T18:16:59Z | P24: 1 | Q24: 1 | R24: 7 | S24: 1 | U24: 9 | V24: 2020-07-21T10:36:44Z | W24: 44032 | Y24: development
A25: MDEwOlJlcG9zaXRvcnkyNzQ5OTcyNzc= | B25: vimrc-spf13 | C25: rnrbarbosa | D25: Roberto Barbosa | G25: Switzerland | J25: https://github.com/rnrbarbosa/vimrc-spf13 | K25: ---- | L25: Vim script | M25: Vim script/Shell/Batchfile/PHP/Ruby/Makefile/HTML | N25: 2020-06-25T19:20:40Z | O25: 2020-06-25T19:21:28Z | P25: 1 | Q25: 1 | U25: 2 | V25: 2020-06-25T19:19:10Z | W25: 44007

Sheet pit
A1: repositoryId | B1: repositoryName | C1: ownerLogin | D1: ownerName | E1: ownerBio | F1: ownerCompany | G1: ownerLocation | H1: topics | I1: repositoryDescription | J1: url | K1: license | L1: primaryLanguage | M1: allLanguages | N1: repositoryCreationDate | O1: repositoryLastUpdate | P1: contributors | Q1: watchers | R1: starts | S1: forks | T1: issues | U1: commits | V1: lastCommit | W1: firstCommit | X1: Academia/Industry/Public | Y1: Category
A2: MDEwOlJlcG9zaXRvcnkxMTM0NjU1Nzg= | B2: document-management-store-app | C2: hmcts | H2: document-management/java/spring-boot/docker/application | I2: Spring Boot Application to store Documents | J2: https://github.com/hmcts/document-management-store-app | K2: MIT License | L2: Java | M2: Shell/Java/Groovy/HCL/Dockerfile/Rich Text Format | N2: 2017-12-07T15:11:57Z | O2: 2021-06-22T10:01:58Z | P2: 418 | Q2: 71 | R2: 22 | S2: 22 | T2: 9 | U2: 1881 | V2: 2021-06-22T10:01:54Z | W2: 43082 | X2: P | Y2: development
A3: MDEwOlJlcG9zaXRvcnkyODU1MjQ5MDM= | B3: rd-location-ref-data-load | C3: hmcts | J3: https://github.com/hmcts/rd-location-ref-data-load | K3: MIT License | L3: Java | M3: Dockerfile/Groovy/Shell/HCL/Java | N3: 2020-08-06T09:08:35Z | O3: 2021-06-22T09:56:39Z | P3: 418 | Q3: 7 | S3: 1 | U3: 243 | V3: 2021-06-22T09:56:33Z | W3: 44049 | X3: P | Y3: development
A4: MDEwOlJlcG9zaXRvcnkxMjUyMDEyNDA= | B4: katas | C4: mottieraurelien | D4: Aurélien Mottier | I4: KATA et prises en main de technologies. | J4: https://github.com/mottieraurelien/katas | K4: ---- | L4: Java | M4: Java/Gherkin | N4: 2018-03-14T11:18:19Z | O4: 2021-06-22T09:45:31Z | P4: 1 | U4: 54 | V4: 2021-06-22T09:45:24Z | W4: 43680 | Y4: learning
A5: MDEwOlJlcG9zaXRvcnkxMDI3MjUxODg= | B5: sscs-tribunals-case-api | C5: hmcts | J5: https://github.com/hmcts/sscs-tribunals-case-api | K5: MIT License | L5: Java | M5: Java/Groovy/HCL/Dockerfile/Shell/HTML | N5: 2017-09-07T10:42:01Z | O5: 2021-06-22T09:39:52Z | P5: 418 | Q5: 20 | R5: 2 | S5: 2 | T5: 4 | U5: 3994 | V5: 2021-06-22T09:39:48Z | W5: 42985 | X5: P | Y5: development
A6: MDEwOlJlcG9zaXRvcnkxMzkxMjY0NDg= | B6: div-case-data-formatter | C6: hmcts | I6: Divorce Case Data Formatter converts Front End Session Data to CCD data format | J6: https://github.com/hmcts/div-case-data-formatter | K6: MIT License | L6: Java | M6: Groovy/HCL/Java/Dockerfile | N6: 2018-06-29T08:59:02Z | O6: 2021-06-22T09:00:05Z | P6: 418 | Q6: 28 | R6: 1 | S6: 1 | U6: 443 | V6: 2021-06-22T09:00:00Z | W6: 43280 | X6: P | Y6: development
A7: MDEwOlJlcG9zaXRvcnkxMjE3NDQ0Nzk= | B7: div-evidence-management-client-api | C7: hmcts | I7: The Evidence Management Client API is responsible for providing an interface between the Divorce services and the HMCTS Document Management Service | J7: https://github.com/hmcts/div-evidence-management-client-api | K7: MIT License | L7: Java | M7: Shell/Java/Groovy/HCL/Dockerfile | N7: 2018-02-16T11:40:40Z | O7: 2021-06-22T08:59:55Z | P7: 418 | Q7: 28 | S7: 3 | U7: 341 | V7: 2021-06-22T08:59:51Z | W7: 43160 | X7: P | Y7: development
A8: MDEwOlJlcG9zaXRvcnkxMzU1NjUxODg= | B8: div-case-maintenance-service | C8: hmcts | I8: Divorce Case Maintainance Service | J8: https://github.com/hmcts/div-case-maintenance-service | K8: MIT License | L8: Java | M8: Groovy/HCL/Java/Dockerfile/Shell | N8: 2018-05-31T09:52:09Z | O8: 2021-06-22T08:59:49Z | P8: 418 | Q8: 31 | R8: 2 | S8: 1 | T8: 1 | U8: 370 | V8: 2021-06-22T08:59:45Z | W8: 43251 | X8: P | Y8: development
A9: MDEwOlJlcG9zaXRvcnkxNTU3MDY3NTI= | B9: finrem-evidence-management-client-api | C9: hmcts | I9: The Evidence Management Client API provides an interface between the Financial Remedy services and the HMCTS Document Management Store API | J9: https://github.com/hmcts/finrem-evidence-management-client-api | K9: MIT License | L9: Java | M9: Dockerfile/Groovy/Shell/HCL/Java | N9: 2018-11-01T11:44:33Z | O9: 2021-06-22T08:59:42Z | P9: 418 | Q9: 81 | S9: 2 | U9: 221 | V9: 2021-06-22T08:59:38Z | W9: 43405 | X9: P | Y9: development
A10: MDEwOlJlcG9zaXRvcnkxNTQyOTcxMjM= | B10: finrem-notification-service | C10: hmcts | I10: This service allows Financial Remedy to trigger email notifications by with notify.gov.uk | J10: https://github.com/hmcts/finrem-notification-service | K10: MIT License | L10: Java | M10: Dockerfile/Groovy/HCL/Java/Shell | N10: 2018-10-23T09:05:48Z | O10: 2021-06-22T08:59:28Z | P10: 418 | Q10: 17 | S10: 1 | U10: 274 | V10: 2021-06-22T08:59:24Z | W10: 43396 | X10: P | Y10: development
A11: MDEwOlJlcG9zaXRvcnkzNjM1ODA3NTQ= | B11: jbse-pitest-integration | C11: CS453-Team-Project | J11: https://github.com/CS453-Team-Project/jbse-pitest-integration | K11: ---- | L11: Java | M11: Java/Dockerfile/Shell | N11: 2021-05-02T06:15:46Z | O11: 2021-06-22T08:59:26Z | P11: 4 | U11: 80 | V11: 2021-06-22T08:59:23Z | Y11: teaching
A12: MDEwOlJlcG9zaXRvcnkxMzIxNDc0Mjk= | B12: idam-web-public | C12: hmcts | I12: Web Public Application for Reform IdAM (Strategic) | J12: https://github.com/hmcts/idam-web-public | K12: MIT License | L12: Java | M12: Java/JavaScript/CSS/Groovy/HCL/Shell/Dockerfile | N12: 2018-05-04T14:01:25Z | O12: 2021-06-22T08:45:28Z | P12: 418 | Q12: 5 | S12: 3 | U12: 655 | V12: 2021-06-22T08:45:01Z | W12: 43224 | X12: P | Y12: development
A13: MDEwOlJlcG9zaXRvcnkxNTQzMDMyNjk= | B13: finrem-document-generator-client | C13: hmcts | I13: Financial Remedy Document Generator Client API | J13: https://github.com/hmcts/finrem-document-generator-client | K13: MIT License | L13: Java | M13: Java/Dockerfile/Groovy/HCL/Shell | N13: 2018-10-23T09:47:57Z | O13: 2021-06-22T08:42:16Z | P13: 418 | Q13: 31 | S13: 2 | U13: 529 | V13: 2021-06-22T08:42:12Z | W13: 43396 | X13: P | Y13: development
A14: MDEwOlJlcG9zaXRvcnkxNDgzNjUyNQ== | B14: katas | C14: paucls | D14: Paulo Clavijo | E14: twitter: pclavijo | F14: Dell-EMC | G14: Ireland | I14: Code Katas | J14: https://github.com/paucls/katas | K14: ---- | L14: Java | M14: JavaScript/CSS/HTML/Java/Scala/Makefile/TypeScript | N14: 2013-12-01T09:48:37Z | O14: 2021-06-22T08:30:29Z | P14: 1 | Q14: 1 | U14: 1070 | V14: 2021-06-22T08:30:16Z | W14: 41609 | X14: I | Y14: learning
A15: MDEwOlJlcG9zaXRvcnk4MDIzMjk2OQ== | B15: ExternalAlarmClock | C15: mleegwt | D15: Michiel Leegwater | G15: The Netherlands | H15: java8/jna/rpi-gpio/jetty-server/android-app/gradle/alarmclock/kotlin/rpi/dropwizard | J15: https://github.com/mleegwt/ExternalAlarmClock | K15: ---- | L15: Kotlin | M15: Java/Kotlin | N15: 2017-01-27T18:13:12Z | O15: 2021-06-22T07:37:22Z | P15: 1 | Q15: 2 | S15: 2 | U15: 633 | V15: 2021-06-22T07:37:18Z | W15: 42762 | Y15: development
A16: MDEwOlJlcG9zaXRvcnkyODU2MTkyNjc= | B16: TARDISBenchmarks-junitcontest | C16: MatteoModonato | D16: Matteo Modonato | J16: https://github.com/MatteoModonato/TARDISBenchmarks-junitcontest | K16: ---- | L16: Shell | M16: Shell/Java | N16: 2020-08-06T16:29:30Z | O16: 2021-06-22T07:27:20Z | P16: 1 | Q16: 1 | U16: 61 | V16: 2021-06-22T07:26:57Z | W16: 44049
A17: MDEwOlJlcG9zaXRvcnk5MzI2ODA0MQ== | B17: fernet-java8 | C17: l0s | D17: Carlos Macasaet | E17: Engineering Manager | F17: @edmunds | G17: Santa Monica, CA | H17: fernet/cryptography/authentication/authorization/encryption | I17: Java 8 implementation of the Fernet Specification | J17: https://github.com/l0s/fernet-java8 | K17: Apache License 2.0 | L17: Java | M17: Java | N17: 2017-06-03T18:54:02Z | O17: 2021-06-22T05:34:17Z | P17: 1 | Q17: 3 | R17: 24 | S17: 7 | T17: 15 | U17: 803 | V17: 2021-06-22T05:34:14Z | W17: 42889 | X17: I | Y17: development
A18: MDEwOlJlcG9zaXRvcnkxMjQ5OTI1MQ== | B18: checkstyle | C18: checkstyle | H18: java/static-code-analysis/command-line-tool/static-analysis/code-quality | I18: Checkstyle is a development tool to help programmers write Java code that adheres to a coding standard. By default it supports the Google Java Style Guide and Sun Code Conventions, but is highly configurable. It can be invoked with an ANT task and a command line program. | J18: https://github.com/checkstyle/checkstyle | K18: Other | L18: Java | M18: Shell/Java/CSS/JavaScript/GAP/Batchfile/Perl | N18: 2013-08-31T02:05:05Z | O18: 2021-06-22T05:25:57Z | P18: 12 | Q18: 225 | R18: 6072 | S18: 7894 | T18: 3894 | U18: 10327 | V18: 2021-06-22T05:25:51Z | W18: 42583 | X18: P | Y18: development
A19: MDEwOlJlcG9zaXRvcnkxMDM4MTU2MjI= | B19: mon | C19: kemitix | D19: Paul Campbell | E19: Java Developer in Dundee | F19: @cloudsoft | G19: Scotland | I19: TypeAlias, Result and Maybe for Java | J19: https://github.com/kemitix/mon | K19: Other | L19: Java | M19: Java/Groovy | N19: 2017-09-17T08:55:50Z | O19: 2021-06-22T05:17:17Z | P19: 1 | T19: 1 | U19: 398 | V19: 2021-06-22T05:17:14Z | W19: 42994 | X19: I | Y19: development
A20: MDEwOlJlcG9zaXRvcnkzMDA4NzIxODE= | B20: modern-java-practices | C20: binkley | D20: B. K. Oxley (binkley) | E20: I'm currently a ThoughtWorker. In the past, I've worked for Macquarie, JPMorgan, Virtudyne, and Enron. | F20: ThoughtWorks | G20: Houston, TX | I20: Modern Java/JVM Build Practices | J20: https://github.com/binkley/modern-java-practices | K20: The Unlicense | L20: HTML | M20: Java/Shell/Batchfile/HTML/JavaScript | N20: 2020-10-03T12:11:42Z | O20: 2021-06-21T23:48:31Z | P20: 3 | Q20: 7 | R20: 183 | S20: 17 | T20: 12 | U20: 578 | V20: 2021-06-21T23:48:22Z | W20: 44089 | X20: I | Y20: teaching
A21: MDEwOlJlcG9zaXRvcnkyMDU4ODM5MzA= | B21: news | C21: exoplatform | I21: news addon | J21: https://github.com/exoplatform/news | K21: GNU General Public License v3.0 | L21: Java | M21: Java/Vue/JavaScript/CSS/HTML/Less | N21: 2019-09-02T15:17:47Z | O21: 2021-06-21T20:14:24Z | P21: 43 | Q21: 19 | R21: 1 | S21: 2 | U21: 341 | V21: 2021-06-21T20:14:21Z | X21: I | Y21: development
A22: MDEwOlJlcG9zaXRvcnk0MTE5MzExMg== | B22: JAVA | C22: saurabhpro | D22: Saurabh Kumar | H22: java/java11/oop-principles/oops-in-java/design-patterns/solid-principles/java16 | I22: Java Complete | J22: https://github.com/saurabhpro/JAVA | K22: ---- | L22: Java | M22: Java/HTML/Rich Text Format/Mustache | N22: 2015-08-22T05:52:59Z | O22: 2021-06-21T20:03:51Z | P22: 1 | Q22: 1 | T22: 1 | U22: 332 | V22: 2021-06-21T20:03:47Z | W22: 42238 | Y22: development
A23: MDEwOlJlcG9zaXRvcnkxNDk3Mzg1MTE= | B23: em-annotation-api | C23: hmcts | J23: https://github.com/hmcts/em-annotation-api | K23: MIT License | L23: Java | M23: Dockerfile/Groovy/HCL/Shell/Java | N23: 2018-09-21T09:04:34Z | O23: 2021-06-21T17:51:24Z | P23: 418 | Q23: 18 | R23: 3 | S23: 2 | T23: 11 | U23: 1421 | V23: 2021-06-21T17:51:21Z | W23: 43364 | X23: P | Y23: development
A24: MDEwOlJlcG9zaXRvcnkzMzYzMjExOTY= | B24: em-hrs-ingestor | C24: hmcts | I24: Ingestion component for CVP Bulk Import Project | J24: https://github.com/hmcts/em-hrs-ingestor | K24: MIT License | L24: Java | M24: Shell/Dockerfile/Groovy/HCL/Java/Makefile | N24: 2021-02-05T16:08:43Z | O24: 2021-06-21T17:45:32Z | P24: 418 | Q24: 6 | S24: 1 | T24: 2 | U24: 428 | V24: 2021-06-21T17:45:23Z | W24: 44232 | X24: P | Y24: development
A25: MDEwOlJlcG9zaXRvcnkxNjU2NzYwNDQ= | B25: finrem-payment-service | C25: hmcts | I25: Financial Remedy Payment Service API | J25: https://github.com/hmcts/finrem-payment-service | K25: MIT License | L25: Java | M25: Dockerfile/Groovy/HCL/Java/Shell | N25: 2019-01-14T14:31:52Z | O25: 2021-06-21T17:36:17Z | P25: 418 | Q25: 82 | S25: 1 | U25: 344 | V25: 2021-06-21T17:36:13Z | W25: 43479 | X25: P | Y25: development
A26: MDEwOlJlcG9zaXRvcnkxNTY2MDY0NDM= | B26: fastfilter_java | C26: FastFilter | I26: Fast Approximate Membership Filters (Java) | J26: https://github.com/FastFilter/fastfilter_java | K26: Apache License 2.0 | L26: Java | M26: Java | N26: 2018-11-07T20:49:37Z | O26: 2021-06-21T16:04:59Z | P26: 3 | Q26: 16 | R26: 160 | S26: 16 | T26: 19 | U26: 100 | V26: 2021-06-21T16:04:51Z | W26: 43411 | X26: A | Y26: research
A27: MDEwOlJlcG9zaXRvcnk4NjE0OQ== | B27: fitnesse | C27: unclebob | D27: Robert C. Martin | E27: Uncle Bob. Author of Clean Code. | F27: Uncle Bob Consulting LLC. | G27: Gurnee, IL | I27: FitNesse -- The Acceptance Test Wiki | J27: https://github.com/unclebob/fitnesse | K27: Other | L27: Java | M27: HTML/JavaScript/CSS/Java/Groovy | N27: 2008-12-06T19:38:59Z | O27: 2021-06-21T15:48:58Z | P27: 7 | Q27: 157 | R27: 1677 | S27: 661 | T27: 695 | U27: 5884 | V27: 2021-06-21T15:48:43Z | W27: 38437 | Y27: development
A28: MDEwOlJlcG9zaXRvcnkyMjMzOTYzNDE= | B28: rd-judicial-data-load | C28: hmcts | I28: Judicial Data Loading, AV check, validating and loading the data from files | J28: https://github.com/hmcts/rd-judicial-data-load | K28: MIT License | L28: Java | M28: Dockerfile/Groovy/Shell/HCL/Java | N28: 2019-11-22T12:14:58Z | O28: 2021-06-21T15:48:11Z | P28: 418 | Q28: 9 | S28: 2 | U28: 143 | V28: 2021-06-21T15:48:08Z | W28: 43791 | X28: P | Y28: development
A29: MDEwOlJlcG9zaXRvcnkzMjMzMTc0ODk= | B29: em-hrs-api | C29: hmcts | I29: Hearing Recording Service | J29: https://github.com/hmcts/em-hrs-api | K29: MIT License | L29: Java | M29: Shell/Dockerfile/Groovy/HCL/Java/Makefile | N29: 2020-12-21T11:33:33Z | O29: 2021-06-21T15:34:17Z | P29: 418 | Q29: 6 | R29: 1 | S29: 1 | T29: 1 | U29: 886 | V29: 2021-06-21T15:34:14Z | W29: 44186 | X29: P | Y29: development
A30: MDEwOlJlcG9zaXRvcnkxNjAxODA2ODg= | B30: ia-case-notifications-api | C30: hmcts | I30: Immigration & Asylum case notifications API | J30: https://github.com/hmcts/ia-case-notifications-api | K30: MIT License | L30: Java | M30: Dockerfile/Groovy/Shell/HCL/Java | N30: 2018-12-03T11:29:43Z | O30: 2021-06-21T15:20:46Z | P30: 418 | Q30: 14 | R30: 2 | S30: 1 | U30: 339 | V30: 2021-06-21T15:20:42Z | W30: 43437 | X30: P | Y30: development
A31: MDEwOlJlcG9zaXRvcnkxMjUzNTUyNjI= | B31: ccd-user-profile-api | C31: hmcts | H31: hmcts-ccd | I31: User preferences for CCD UI | J31: https://github.com/hmcts/ccd-user-profile-api | K31: MIT License | L31: Java | M31: Shell/Java/Groovy/HCL/Dockerfile/Gherkin | N31: 2018-03-15T11:09:36Z | O31: 2021-06-21T15:15:05Z | P31: 418 | Q31: 31 | R31: 3 | S31: 3 | T31: 1 | U31: 1318 | V31: 2021-06-21T15:15:01Z | W31: 43178 | X31: P | Y31: development
A32: MDEwOlJlcG9zaXRvcnkxNDMyNzc1Mg== | B32: yaal_examples | C32: Aleks-Ya | D32: Aleksey Yablokov | F32: EPAM | G32: Saint-Petersburg | I32: yaal_examples | J32: https://github.com/Aleks-Ya/yaal_examples | K32: ---- | L32: Java | M32: Shell/Java/HTML/Groovy/PLSQL/JavaScript/CSS | N32: 2013-11-12T09:26:08Z | O32: 2021-06-21T14:56:24Z | P32: 1 | Q32: 1 | R32: 2 | S32: 2 | U32: 3128 | V32: 2021-06-21T13:47:56Z | W32: 41590 | X32: I
A33: MDEwOlJlcG9zaXRvcnkzNjIyMDI3MTY= | B33: tdd_workshop | C33: starvis | G33: Austria | J33: https://github.com/starvis/tdd_workshop | K33: ---- | L33: Java | M33: Java | N33: 2021-04-27T17:51:51Z | O33: 2021-06-21T13:24:59Z | P33: 3 | Q33: 2 | U33: 14 | V33: 2021-06-21T13:24:49Z | Y33: teaching
A34: MDEwOlJlcG9zaXRvcnkyNzI0NDcwODY= | B34: am-org-role-mapping-service | C34: hmcts | J34: https://github.com/hmcts/am-org-role-mapping-service | K34: MIT License | L34: Java | M34: Dockerfile/Groovy/Shell/HCL/Java/Gherkin | N34: 2020-06-15T13:31:52Z | O34: 2021-06-21T12:31:09Z | P34: 418 | Q34: 6 | R34: 1 | S34: 1 | T34: 1 | U34: 1103 | V34: 2021-06-21T12:31:07Z | W34: 43997 | X34: P | Y34: development
A35: MDEwOlJlcG9zaXRvcnkyNjQ5MTE0Njg= | B35: am-role-assignment-service | C35: hmcts | J35: https://github.com/hmcts/am-role-assignment-service | K35: MIT License | L35: Java | M35: Dockerfile/Groovy/Shell/HCL/Java/Gherkin | N35: 2020-05-18T10:55:59Z | O35: 2021-06-21T12:25:38Z | P35: 418 | Q35: 7 | S35: 1 | T35: 1 | U35: 3143 | V35: 2021-06-21T12:25:35Z | W35: 43969 | X35: P | Y35: development
A36: MDEwOlJlcG9zaXRvcnkzNjAwNjM1OTI= | B36: quickhacks-source | C36: albertattard | D36: Albert Attard | E36: A passionate Java developer with great leadership traits | F36: ThoughtWorks | G36: Köln | I36: Quickhacks | J36: https://github.com/albertattard/quickhacks-source | K36: Apache License 2.0 | L36: SCSS | M36: HTML/Ruby/SCSS/JavaScript/Shell/HCL/Dockerfile | N36: 2021-04-21T06:59:29Z | O36: 2021-06-21T12:23:52Z | P36: 1 | Q36: 1 | U36: 127 | V36: 2021-06-21T12:23:43Z | X36: I | Y36: development
A37: MDEwOlJlcG9zaXRvcnkyODkwNjMwMTg= | B37: zeebe-cluster-testbench | C37: zeebe-io | I37: Test bench to run tests against a Zeebe cluster | J37: https://github.com/zeebe-io/zeebe-cluster-testbench | K37: Apache License 2.0 | L37: Java | M37: Shell/Java/Dockerfile/Kotlin | N37: 2020-08-20T17:03:51Z | O37: 2021-06-21T12:16:32Z | P37: 59 | Q37: 3 | R37: 3 | S37: 4 | T37: 110 | U37: 651 | V37: 2021-06-21T12:13:55Z | X37: I | Y37: development
A38: MDEwOlJlcG9zaXRvcnk5NTk0NjA2Mw== | B38: test-runner | C38: STAMP-project | H38: testing/test-automation/test-runner/junit/mockito/inria/h2020 | I38: framework to run JUnit tests in a new JVM | J38: https://github.com/STAMP-project/test-runner | K38: GNU General Public License v3.0 | L38: Java | M38: Java/Shell | N38: 2017-07-01T06:17:07Z | O38: 2021-06-21T09:04:30Z | P38: 41 | Q38: 5 | R38: 6 | S38: 7 | T38: 19 | U38: 218 | V38: 2021-06-21T09:04:27Z | W38: 42917 | X38: A | Y38: research
A39: MDEwOlJlcG9zaXRvcnkxMzQ5MDEwNjQ= | B39: smallrye-fault-tolerance | C39: smallrye | I39: SmallRye implementation of MicroProfile Fault Tolerance: annotation-based timeouts, circuit breakers, fallbacks and more | J39: https://github.com/smallrye/smallrye-fault-tolerance | K39: Apache License 2.0 | L39: Java | M39: Java | N39: 2018-05-25T20:19:12Z | O39: 2021-06-21T08:59:42Z | P39: 32 | Q39: 6 | R39: 23 | S39: 22 | T39: 99 | U39: 722 | V39: 2021-06-21T08:59:39Z | X39: P | Y39: development
A40: MDEwOlJlcG9zaXRvcnkyOTAyMDAyMzM= | B40: wa-task-management-api | C40: hmcts | I40: Work Allocation Task management api | J40: https://github.com/hmcts/wa-task-management-api | K40: MIT License | L40: Java | M40: Dockerfile/Groovy/Shell/HCL/Java | N40: 2020-08-25T11:46:33Z | O40: 2021-06-21T08:22:20Z | P40: 418 | Q40: 9 | S40: 1 | U40: 200 | V40: 2021-06-21T08:22:17Z | W40: 44068 | X40: P | Y40: development
A41: MDEwOlJlcG9zaXRvcnkyMTQ1MzU0NDI= | B41: MobileRT | C41: TiagoMSSantos | D41: Tiago Santos | E41: Software Engineer @ Feedzai.\r\n\r\nProficient with C/C++ and also Java. Interested in high performance computing and big data problems. | F41: Feedzai | H41: android/cpp/mobile/portable/raytracing/multiplatform | I41: A multi platform C++ CPU progressive Ray Tracer. | J41: https://github.com/TiagoMSSantos/MobileRT | K41: GNU Affero General Public License v3.0 | L41: C++ | M41: Awk/Shell/Gnuplot/CMake/C++/GLSL/Java | N41: 2019-10-11T22:01:02Z | O41: 2021-06-21T07:43:49Z | P41: 1 | Q41: 2 | R41: 2 | S41: 2 | U41: 757 | V41: 2021-06-21T07:43:45Z | W41: 43749 | X41: I | Y41: development
A42: MDEwOlJlcG9zaXRvcnkxNjE2NTkyMDU= | B42: em-stitching-api | C42: hmcts | J42: https://github.com/hmcts/em-stitching-api | K42: MIT License | L42: Java | M42: Dockerfile/Groovy/Shell/HCL/Java/Rich Text Format | N42: 2018-12-13T15:35:53Z | O42: 2021-06-21T06:40:06Z | P42: 418 | Q42: 23 | R42: 4 | S42: 2 | T42: 10 | U42: 1270 | V42: 2021-06-21T06:40:01Z | W42: 43447 | X42: P | Y42: development
A43: MDEwOlJlcG9zaXRvcnkzMzkzOTk5NjI= | B43: FEUP-MIEIC | C43: Jumaruba | D43: Juliane Marubayashi | E43: Informatic and computer engineering student at FEUP. | G43: Portugal - Porto | H43: cgra/feup/mieic-feup/mieic/feup-cgra/feup-aeda/aeda/feup-cal/feup-lpoo/lpoo | I43: This is a repository containing a collections of solved exercises and projects done at FEUP in the MIEIC course. | J43: https://github.com/Jumaruba/FEUP-MIEIC | K43: ---- | L43: HTML | M43: CMake/HTML/CSS/JavaScript/Makefile/C++/C | N43: 2021-02-16T13:01:30Z | O43: 2021-06-20T09:50:16Z | P43: 1 | Q43: 1 | U43: 43 | V43: 2021-06-20T09:50:02Z | X43: A | Y43: teaching
A44: MDEwOlJlcG9zaXRvcnkxOTc4NTIwMjM= | B44: Multitier | C44: agustin-golmar | D44: Agustín | E44: \A patín viejo... a patín.\"" | H44: template | I44: A template for multitiered applications. | J44: https://github.com/agustin-golmar/Multitier | K44: MIT License | L44: Java | M44: Java/Shell/Dockerfile | N44: 2019-07-19T22:53:14Z | O44: 2021-06-20T09:12:45Z | P44: 1 | S44: 1 | U44: 476 | V44: 2021-06-20T09:12:42Z | W44: 43667 | Y44: development
A45: MDEwOlJlcG9zaXRvcnkxNzk5NDA1NDM= | B45: LearnJava | C45: Fernal73 | D45: Linus Fernandes | E45: Looking for a full-time role. | F45: NA | G45: Mumbai | J45: https://github.com/Fernal73/LearnJava | K45: ---- | L45: Java | M45: Java/Shell/XSLT/C++/HTML/ANTLR/Python | N45: 2019-04-07T08:58:36Z | O45: 2021-06-20T08:03:33Z | P45: 1 | Q45: 1 | R45: 3 | T45: 2 | U45: 2999 | V45: 2021-06-20T08:03:11Z | W45: 43554 | Y45: learning
A46: MDEwOlJlcG9zaXRvcnkxNDg2MzExNg== | B46: blog-bitix | C46: picodotdev | D46: pico.dev | E46: Ingeniero de software. I ♥ Java, GNU/Linux and libre software. | H46: blog-bitix/linux/gnu-linux/gnu/java/tapestry5/javascript | I46: Blog sobre al lenguaje de programación Java y la distribución GNU/Linux que uso habitualmente, Arch Linux, lo que aprendo sobre el software libre, la programación web y otros temas relacionados con la tecnología y la informática. El contenido puede contener trazas de asuntos fuera de tema. | J46: https://github.com/picodotdev/blog-bitix | K46: Other | L46: Java | M46: HTML/CSS/JavaScript/Shell/Java/Groovy/TeX | N46: 2013-12-02T13:33:58Z | O46: 2021-06-20T00:41:16Z | P46: 1 | Q46: 1 | R46: 3 | S46: 2 | U46: 1530 | V46: 2021-06-20T00:40:44Z | W46: 42610 | Y46: teaching
A47: MDEwOlJlcG9zaXRvcnkyMzM4MTg1MzE= | B47: ccd-case-document-am-api | C47: hmcts | I47: This micro service will host the endpoints which will check the Access Control while uploading/downloading documents from Document Store via CCD. | J47: https://github.com/hmcts/ccd-case-document-am-api | K47: MIT License | L47: Java | M47: Dockerfile/Groovy/Shell/HCL/Java/Gherkin | N47: 2020-01-14T10:43:22Z | O47: 2021-06-19T15:06:20Z | P47: 418 | Q47: 12 | R47: 3 | S47: 1 | T47: 2 | U47: 1574 | V47: 2021-06-19T15:06:16Z | W47: 43844 | X47: P | Y47: development
A48: MDEwOlJlcG9zaXRvcnkxMjUzNTUzODg= | B48: ccd-definition-store-api | C48: hmcts | H48: hmcts-ccd | J48: https://github.com/hmcts/ccd-definition-store-api | K48: MIT License | L48: Java | M48: Java/Shell/Groovy/HCL/Dockerfile/Gherkin | N48: 2018-03-15T11:10:38Z | O48: 2021-06-19T15:03:14Z | P48: 418 | Q48: 33 | R48: 5 | S48: 5 | U48: 3458 | V48: 2021-06-19T15:03:10Z | W48: 43186 | X48: P | Y48: development
A49: MDEwOlJlcG9zaXRvcnkyNTAyOTMyMTk= | B49: java-dependencies | C49: Hofls | H49: java/spring/spring-boot/gradle | I49: Java + dependencies | J49: https://github.com/Hofls/java-dependencies | K49: ---- | L49: Java | M49: Java/Shell/Scala/HTML | N49: 2020-03-26T15:14:42Z | O49: 2021-06-19T14:11:27Z | P49: 1 | Q49: 1 | U49: 196 | V49: 2021-06-19T14:11:17Z | W49: 43916 | Y49: development
A50: MDEwOlJlcG9zaXRvcnkxNjIwOTA0Mg== | B50: blog-ejemplos | C50: picodotdev | D50: pico.dev | E50: Ingeniero de software. I ♥ Java, GNU/Linux and libre software. | H50: java/javascript/tapestry/blog-bitix/gnu-linux | I50: Ejemplos y código de las herramientas que he explicado en el blog | J50: https://github.com/picodotdev/blog-ejemplos | K50: The Unlicense | L50: JavaScript | M50: JavaScript/Java/CSS/HTML/Shell/Thrift/Groovy | N50: 2014-01-24T15:55:53Z | O50: 2021-06-18T23:24:26Z | P50: 1 | Q50: 15 | R50: 56 | S50: 148 | U50: 399 | V50: 2021-06-18T23:23:20Z | W50: 41663 | Y50: teaching
A51: MDEwOlJlcG9zaXRvcnk2MjkwOTAzNg== | B51: sandbox | C51: ericminio | D51: Eric Mignot | J51: https://github.com/ericminio/sandbox | K51: MIT License | L51: Java | M51: Java/HTML | N51: 2016-07-08T18:27:59Z | O51: 2021-06-21T18:56:24Z | P51: 1 | U51: 228 | V51: 2021-06-18T20:27:58Z | W51: 42559
A52: MDEwOlJlcG9zaXRvcnk3MjM1MjU4MQ== | B52: AdventOfCode | C52: JazzFiend | J52: https://github.com/JazzFiend/AdventOfCode | K52: ---- | L52: JavaScript | M52: JavaScript/Python/Java/Objective-C/Clojure/Ruby | N52: 2016-10-30T13:56:44Z | O52: 2021-06-18T16:49:20Z | P52: 1 | Q52: 1 | U52: 114 | V52: 2021-06-18T16:48:57Z | W52: 42673
A53: MDEwOlJlcG9zaXRvcnkzMzM4NjUxNTQ= | B53: spring-pet-clinic-azure | C53: TobyNijman | D53: Toby Nijman | J53: https://github.com/TobyNijman/spring-pet-clinic-azure | K53: ---- | L53: Java | M53: Java/Less/HTML/Smarty | N53: 2021-01-28T19:04:12Z | O53: 2021-06-18T15:01:11Z | P53: 1 | Q53: 2 | U53: 144 | V53: 2021-06-18T15:01:02Z
A54: MDEwOlJlcG9zaXRvcnk3NzQ5MjA3Mg== | B54: trellis | C54: trellis-ldp | H54: ldp/rdf/linked-data/trellisldp/rest-api/microprofile | I54: Trellis is a platform for building scalable Linked Data applications | J54: https://github.com/trellis-ldp/trellis | K54: Apache License 2.0 | L54: Java | M54: Shell/Java/Mustache | N54: 2016-12-28T01:05:25Z | O54: 2021-06-18T14:51:46Z | P54: 7 | Q54: 10 | R54: 77 | S54: 18 | T54: 413 | U54: 2295 | V54: 2021-06-18T14:51:43Z | X54: P | Y54: development
A55: MDEwOlJlcG9zaXRvcnkxNzQ1NTA1ODY= | B55: rd-professional-api | C55: hmcts | I55: Professional reference data service | J55: https://github.com/hmcts/rd-professional-api | K55: MIT License | L55: Java | M55: Dockerfile/Shell/HCL/Java/Groovy | N55: 2019-03-08T14:20:19Z | O55: 2021-06-18T12:46:33Z | P55: 418 | Q55: 10 | R55: 3 | S55: 13 | U55: 307 | V55: 2021-06-18T12:46:30Z | W55: 43510 | X55: P | Y55: development
A56: MDEwOlJlcG9zaXRvcnkxNDMyNzA3Nzg= | B56: ia-case-api | C56: hmcts | I56: Immigration & Asylum case API | J56: https://github.com/hmcts/ia-case-api | K56: MIT License | L56: Java | M56: Dockerfile/Groovy/Shell/HCL/Java/JavaScript | N56: 2018-08-02T09:11:26Z | O56: 2021-06-18T12:42:57Z | P56: 418 | Q56: 15 | R56: 3 | S56: 3 | U56: 574 | V56: 2021-06-18T12:42:53Z | W56: 43314 | X56: P | Y56: development
A57: MDEwOlJlcG9zaXRvcnkxNjg2OTUxNTE= | B57: em-ccd-orchestrator | C57: hmcts | I57: Orchestrator service that will facilitate interactions between CCD, the bundling stitching service, and any services using bundling. | J57: https://github.com/hmcts/em-ccd-orchestrator | K57: MIT License | L57: Java | M57: Dockerfile/Groovy/Shell/HCL/Java | N57: 2019-02-01T12:36:24Z | O57: 2021-06-18T12:01:49Z | P57: 418 | Q57: 29 | R57: 3 | S57: 4 | T57: 10 | U57: 1303 | V57: 2021-06-18T12:01:45Z | W57: 43497 | X57: P | Y57: development
A58: MDEwOlJlcG9zaXRvcnkxNDk2MDQ0NDc= | B58: sscs-bulk-scan | C58: hmcts | I58: Bulk scanning component for SSCS | J58: https://github.com/hmcts/sscs-bulk-scan | K58: MIT License | L58: Java | M58: Dockerfile/Groovy/Shell/HCL/Java | N58: 2018-09-20T12:16:46Z | O58: 2021-06-18T10:56:03Z | P58: 418 | Q58: 25 | R58: 1 | S58: 4 | T58: 1 | U58: 1437 | V58: 2021-06-18T10:56:00Z | W58: 43363 | X58: P | Y58: development
A59: MDEwOlJlcG9zaXRvcnkxMTM0NzA4ODY= | B59: ccpay-payment-app | C59: hmcts | J59: https://github.com/hmcts/ccpay-payment-app | K59: ---- | L59: Java | M59: Java/Python/Shell/Groovy/HCL/Dockerfile/Roff | N59: 2017-12-07T15:59:52Z | O59: 2021-06-18T10:43:35Z | P59: 418 | Q59: 35 | R59: 3 | S59: 6 | T59: 1 | U59: 3558 | V59: 2021-06-18T10:43:30Z | W59: 42614 | X59: P | Y59: development
A60: MDEwOlJlcG9zaXRvcnk2MzA4MTM0OQ== | B60: OpenPDF | C60: LibrePDF | H60: pdf/pdf-generation/java/itext/openpdf/hacktoberfest | I60: OpenPDF is a free Java library for creating and editing PDF files with a LGPL and MPL open source license. OpenPDF is based on a fork of iText. We welcome contributions from other developers. Please feel free to submit pull-requests and bugreports to this GitHub repository. ⛺ | J60: https://github.com/LibrePDF/OpenPDF | K60: Other | L60: Java | M60: Java/HTML | N60: 2016-07-11T15:50:34Z | O60: 2021-06-22T00:39:26Z | P60: 6 | Q60: 67 | R60: 1987 | S60: 289 | T60: 260 | U60: 1095 | V60: 2021-06-18T09:33:50Z | W60: 40420 | X60: P | Y60: development
A61: MDEwOlJlcG9zaXRvcnkyNTQzMTA2Njc= | B61: Cling-application | C61: STAMP-project | I61: This repository contains the replication package for the application of Cling (automated class integration testing tool) and EvoSuite (automated unit testing tool) on 140 pairs of classes from five different open-source projects. | J61: https://github.com/STAMP-project/Cling-application | K61: ---- | L61: ---- | N61: 2020-04-09T08:11:35Z | O61: 2021-06-18T08:39:31Z | P61: 41 | Q61: 13 | S61: 1 | T61: 1 | U61: 80 | V61: 2021-06-18T08:39:22Z | W61: 43930 | X61: A | Y61: research
A62: MDEwOlJlcG9zaXRvcnkyMjk2ODU2ODg= | B62: jenkins-telegram-chatops | C62: MikeSafonov | H62: java-11/jenkins/telegram/chatops/spring-boot | I62: Telegram bot for running Jenkins jobs | J62: https://github.com/MikeSafonov/jenkins-telegram-chatops | K62: MIT License | L62: Java | M62: Java | N62: 2019-12-23T05:51:09Z | O62: 2021-06-18T07:28:54Z | P62: 1 | Q62: 1 | R62: 2 | T62: 1 | U62: 138 | V62: 2021-06-18T07:28:46Z | W62: 43822 | Y62: development
A63: MDEwOlJlcG9zaXRvcnk0NzU2MzA3Mg== | B63: refinedstorage | C63: refinedmods | H63: minecraft/mod/minecraft-mod/refinedstorage | I63: An elegant solution to your hoarding problem | J63: https://github.com/refinedmods/refinedstorage | K63: MIT License | L63: Java | M63: Java/Shell | N63: 2015-12-07T16:05:16Z | O63: 2021-06-18T05:41:22Z | P63: 2 | Q63: 26 | R63: 238 | S63: 151 | T63: 2710 | U63: 3753 | V63: 2021-06-18T05:41:18Z | X63: P | Y63: development
A64: MDEwOlJlcG9zaXRvcnkyMzUxODE3NzI= | B64: lp4k | C64: vrudas | D64: vrudas | E64: Intellij IDEA and Kotlin fan. | F64: SPD-Ukraine | G64: Ukraine | I64: Simple API to interact with a Novation Launchpad S (Mini MK3 in future) device. Also provides a web-based emulator. | J64: https://github.com/vrudas/lp4k | K64: Apache License 2.0 | L64: Kotlin | M64: JavaScript/HTML/Kotlin | N64: 2020-01-20T19:29:20Z | O64: 2021-06-17T22:15:29Z | P64: 1 | Q64: 1 | T64: 11 | U64: 242 | V64: 2021-06-17T22:15:26Z | W64: 42009 | X64: I | Y64: development
A65: MDEwOlJlcG9zaXRvcnkzMDg2NjUxOTk= | B65: ia-task-configuration | C65: hmcts | J65: https://github.com/hmcts/ia-task-configuration | K65: MIT License | L65: Java | M65: Shell/Dockerfile/Groovy/HCL/Java | N65: 2020-10-30T15:08:19Z | O65: 2021-06-17T14:35:01Z | P65: 418 | Q65: 10 | S65: 2 | U65: 65 | V65: 2021-06-17T14:34:58Z | W65: 44134 | X65: P | Y65: development
A66: MDEwOlJlcG9zaXRvcnkzMDk0MTQwMDA= | B66: wa-standalone-task-bpmn | C66: hmcts | J66: https://github.com/hmcts/wa-standalone-task-bpmn | K66: MIT License | L66: Java | M66: Shell/Dockerfile/Groovy/HCL/Java | N66: 2020-11-02T15:34:27Z | O66: 2021-06-17T13:27:59Z | P66: 418 | Q66: 10 | S66: 1 | U66: 88 | V66: 2021-06-17T13:27:56Z | W66: 44137 | X66: P | Y66: development
A67: MDEwOlJlcG9zaXRvcnkzNjk0MzE3MjQ= | B67: workshop-PL | C67: melaniegrotti | J67: https://github.com/melaniegrotti/workshop-PL | K67: ---- | L67: Java | M67: Java | N67: 2021-05-21T06:10:59Z | O67: 2021-06-17T12:48:34Z | P67: 1 | Q67: 1 | U67: 45 | V67: 2021-06-17T12:48:32Z | W67: 44313 | Y67: teaching
A68: MDEwOlJlcG9zaXRvcnkxMjgzODgzMTc= | B68: probate-back-office | C68: hmcts | J68: https://github.com/hmcts/probate-back-office | K68: MIT License | L68: Java | M68: Shell/Java/HTML/Groovy/HCL/Dockerfile/JavaScript | N68: 2018-04-06T11:50:57Z | O68: 2021-06-17T12:13:25Z | P68: 418 | Q68: 86 | R68: 3 | S68: 6 | U68: 4844 | V68: 2021-06-17T12:13:21Z | W68: 43198 | X68: P | Y68: development
A69: MDEwOlJlcG9zaXRvcnkxNDI1ODQxOTM= | B69: div-case-orchestration-service | C69: hmcts | H69: divorce | I69: Divorce service to handle case orchestration between our other microservices | J69: https://github.com/hmcts/div-case-orchestration-service | K69: MIT License | L69: Java | M69: Dockerfile/Groovy/HCL/Java/Shell | N69: 2018-07-27T14:00:58Z | O69: 2021-06-17T12:09:01Z | P69: 418 | Q69: 56 | R69: 6 | S69: 2 | T69: 1 | U69: 1192 | V69: 2021-06-17T12:08:53Z | W69: 43312 | X69: P | Y69: development
A70: MDEwOlJlcG9zaXRvcnkyMDYwOTY5MjQ= | B70: rd-judicial-api | C70: hmcts | I70: Judicial reference data service | J70: https://github.com/hmcts/rd-judicial-api | K70: MIT License | L70: Java | M70: Dockerfile/Groovy/Shell/HCL/Java | N70: 2019-09-03T14:25:23Z | O70: 2021-06-17T11:59:50Z | P70: 418 | Q70: 14 | S70: 1 | U70: 179 | V70: 2021-06-17T11:59:47Z | W70: 43711 | X70: P | Y70: development
A71: MDEwOlJlcG9zaXRvcnkzNTcyMDkxODA= | B71: ia-case-access-api | C71: hmcts | J71: https://github.com/hmcts/ia-case-access-api | K71: MIT License | L71: Java | M71: Shell/Dockerfile/Groovy/HCL/Java | N71: 2021-04-12T13:42:41Z | O71: 2021-06-17T11:36:18Z | P71: 418 | Q71: 16 | S71: 1 | U71: 15 | V71: 2021-06-17T11:36:14Z | W71: 44298 | X71: P | Y71: development
A72: MDEwOlJlcG9zaXRvcnkyODkyNDgyMjE= | B72: rd-location-ref-api | C72: hmcts | J72: https://github.com/hmcts/rd-location-ref-api | K72: MIT License | L72: Java | M72: Dockerfile/Groovy/Shell/HCL/Java | N72: 2020-08-21T11:01:45Z | O72: 2021-06-17T10:33:17Z | P72: 418 | Q72: 7 | S72: 2 | U72: 317 | V72: 2021-06-17T10:33:13Z | W72: 44064 | X72: P | Y72: development
A73: MDEwOlJlcG9zaXRvcnkyODI5MTY4MDg= | B73: rd-caseworker-ref-api | C73: hmcts | J73: https://github.com/hmcts/rd-caseworker-ref-api | K73: MIT License | L73: Java | M73: Dockerfile/Groovy/Shell/HCL/Java/PLSQL | N73: 2020-07-27T14:09:19Z | O73: 2021-06-17T10:33:05Z | P73: 418 | Q73: 7 | R73: 1 | S73: 1 | U73: 1171 | V73: 2021-06-17T10:33:02Z | W73: 44039 | X73: P | Y73: development
